Workbook

Sheet PLAN DE NECESIDADES
B2: CLASIFICADOR POR OBJETO DEL GASTO | F2: NOMBRE CUENTA
B3: A-02-02-01-002-007 | F3: ARTÍCULOS TEXTILES (EXCEPTO PRENDAS DE VESTIR)
B4: ÍTEM | C4: CÓDIGO DANE | D4: DESCRIPCIÓN DEL BIEN Y/O SERVICIO | E4: UNIDAD MEDIDA | F4: EXISTENCIAS (STOCK - INVENTARIOS) | G4: NECESIDAD | H4: UNSPSC (CCE) | I4: CÓDIGO MATERIAL SAP | J4: CÓDIGO OTAN - NOC
B5: 1 | C5: 2791301 | D5: PARCHE DE IDENTIFICACIÓN PERSONAL: ESPECIFICACIONES TÉCNICAS DE ACUERDO NORMA TÉCNICA KIT DE DOTACIÓN NO. NTMD-0356 - A2 | E5: UNIDAD | F5: 0 | G5: 1 | H5: 11161701 | I5: 1047066 | J5: SIN CREAR
B6: 2 | C6: 2791301 | D6: PARCHE DE EJÉRCITO: ESPECIFICACIONES TÉCNICAS DE ACUERDO A LA NORMA TÉCNICA KIT DE DOTACIÓN. NO. NTMD-0356 - A2. | E6: UNIDAD | F6: 0 | G6: 1 | H6: 11161701 | I6: 1898472 | J6: SIN CREAR
B7: 3 | C7: 2791301 | D7: PARCHES DE LA UNIDAD SUPERIOR Y SUBALTERNA: ESPECIFICACIONES TÉCNICAS DE ACUERDO A LA NORMA TÉCNICA KIT DE DOTACIÓN N°. NTMD-0356 - A2. | E7: UNIDAD | F7: 0 | G7: 1 | H7: 11161701 | I7: 1343999 | J7: SIN CREAR
B8: 4 | C8: 2791301 | D8: BANDERA DE IDENTIFICACIÓN COLOMBIA: PARA UNIFORME DE COMBATE CAMUFLADO TIPO SELVA "CAMALEÓN" ESPECIFICACIONES TÉCNICAS DE ACUERDO AL BOLETÍN N°.001 ESTANDARIZACIÓN DE LA BANDERA DE IDENTIFICACIÓN EMPLEADA EN EL UNIFORME Nº4 Y 4A DEL PATRÓN DE CAMUFLAJE TERRESTRE "CAMALEÓN". | E8: UNIDAD | F8: 0 | G8: 1 | H8: 11161701 | I8: 1347326 | J8: SIN CREAR
B9: 5 | C9: 2791301 | D9: PARCHE PARA IDENTIFICACIÓN GRUPO SANGUÍNEO: ESPECIFICACIONES TÉCNICAS DE ACUERDO A LA NORMA TÉCNICA KIT DE DOTACIÓN N°. NTMD-0356 - A2. | E9: UNIDAD | F9: 0 | G9: 1 | H9: 11161701 | I9: 1143174 | J9: SIN CREAR
B10: 6 | C10: 2791301 | D10: INSIGNIA DEL GRADO SOLDADO: ESPECIFICACIONES TÉCNICAS DE ACUERDO A LA NORMA TÉCNICA KIT DE DOTACIÓN N°. NTMD-0356 - A2. | E10: JUEGO | F10: 0 | G10: 1 | H10: 11161701 | I10: 1047424 | J10: SIN CREAR
B11: 7 | C11: 2791301 | D11: BRAZALETES TÁCTICOS X JUEGO DE 4: ESPECIFICACIONES TÉCNICAS DE ACUERDO A LA NORMA TÉCNICA KIT DE DOTACIÓN N°. NTMD-0356 - A2. | E11: JUEGO | F11: 0 | G11: 1 | H11: 11161701 | I11: 1248964 | J11: 8455-80-0011302
B12: 8 | C12: 2791301 | D12: OJOS DE GATO: ESPECIFICACIONES TÉCNICAS DE ACUERDO A LA NORMA TÉCNICA KIT DE DOTACIÓN N°. NTMD-0356 - A2. | E12: UNIDAD | F12: 0 | G12: 1 | H12: 11161701 | I12: 1082391 | J12: SIN CREAR
B13: 9 | C13: 2792201 | D13: LIGAS PARA BOTA MANGA PANTALÓN CAMUFLADO: ESPECIFICACIONES TÉCNICAS DE ACUERDO A LA NORMA TÉCNICA KIT DE DOTACIÓN N°. NTMD-0356 - A2. | E13: PAR | F13: 0 | G13: 1 | H13: 53102509 | I13: 1127360 | J13: 8440-80-0011394
B14: 10 | C14: 2712007 | D14: PAÑUELO: ESPECIFICACIONES TÉCNICAS DE ACUERDO A LA NORMA TÉCNICA KIT DE DOTACIÓN N°. NTMD-0356 - A2. | E14: UNIDAD | F14: 0 | G14: 1 | H14: 53102512 | I14: 1316012 | J14: 8440-80-0011303
B15: 11 | C15: 2799701 | D15: BOLSO PARA ÚTILES DE ASEO: ESPECIFICACIONES TÉCNICAS DE ACUERDO A LA NORMA TÉCNICA KIT DE DOTACIÓN N°. NTMD-0356 - A2. | E15: UNIDAD | F15: 0 | G15: 1 | H15: 53121503 | I15: 1082376 | J15: SIN CREAR
B16: 12 | C16: 2732099 | D16: MALLA PARA CABELLO COLOR NEGRO DE ACUERDO A ESPECIFICACIONES TÉCNICAS JEMPP-CEDE4-DIETE-ET-04937/INT-0 | E16: UNIDAD | F16: 0 | G16: 1 | H16: 53102513 | I16: 1893958 | J16: SIN CREAR
B18: CLASIFICADOR POR OBJETO DEL GASTO | F18: NOMBRE CUENTA
B19: A-02-02-01-002-008 | F19: DOTACIÓN (PRENDAS DE VESTIR Y CALZADO)
B20: ÍTEM | C20: CÓDIGO DANE | D20: DESCRIPCIÓN DEL BIEN Y/O SERVICIO | E20: UNIDAD MEDIDA | F20: EXISTENCIAS (STOCK - INVENTARIOS) | G20: NECESIDAD | H20: UNSPSC (CCE) | I20: CÓDIGO MATERIAL SAP | J20: CÓDIGO OTAN - NOC
B21: 13 | C21: 2821001 | D21: CALCETÍN COLOR BLANCO PARA DEPORTES: EL CALCETÍN DEBE SER ELABORADO EN POLIAMIDA CON TEJIDO ACANALADO 3X1 PARA LA PARTE DE LA CAÑA Y PARA EL PIE, CON UN TEJIDO TIPO TERRY EN EL INTERIOR Y PUEDE SER EN FIBRA ANTIBACTERIAL DESDE LA PARTE ALTA DEL TALÓN, LA PLANTA DEL PIE, LA PUNTERA Y SU ANILLO. EL CALCETÍN LLEVA UNA BANDA ELÁSTICA TEJIDA EN EL CONTORNO DEL ARCO DE LA PLANTA Y EMPEINE PARA EVITAR QUE EL CALCETÍN SE DESLICE, ESPECIFICACIONES SEGÚN NORMA TÉCNICA NO. NTMD-0356 A2 DE ACUERDO A ÍTEM 3.1.2.7 | E21: PAR | F21: 0 | G21: 1 | H21: 53102402 | I21: 1495276 | J21: SIN CREAR
B22: 14 | C22: 2823601 | D22: UNIFORME DE DEPORTES COMPLETO (CAMISETA Y PANTALONETA): DE ACUERDO A NORMA TÉCNICA NO. NTMD-0356 A2 DE ACUERDO A ÍTEM 3.1.2.7 FIGURA ILUSTRATIVA 37 | E22: UNIDAD | F22: 0 | G22: 1 | H22: 53102700 | I22: 1329412 | J22: SIN CREAR
B23: 15 | C23: 2819003 | D23: CHANCLAS PARA BAÑO: PUEDEN ESTAR FABRICADAS EN CAUCHO, PVC (POLÍMERO DE CLORURO DE VINILO) O EN EVA (ETILENVINILACETATO), EN UNA SOLO PIEZA POR PROCESO DE INYECCIÓN CON MATERIALES NO RECICLADOS Y QUE NO GENEREN ALERGIAS O CUALQUIER OTRO TIPO DE ENFERMEDAD AL USUARIO POR SU USO NORMAL, SEGÚN NORMA TÉCNICA NO. NTMD-0356 A2 ÍTEM 3.1.1.20 | E23: PAR | F23: 0 | G23: 1 | H23: 53111800 | I23: 1296725 | J23: SIN CREAR
B24: 16 | C24: 2823603 | D24: BICICLETERO NEGRO CORTO: DE ACUERDO A ESPECIFICACIONES TÉCNICAS ESPECIFICACIONES TÉCNICAS NO JEMPP-CEDE4-DIETE-ET05595/INT-0 | E24: UNIDAD | F24: 0 | G24: 1 | H24: 53101500 | I24: 1893955 | J24: SIN CREAR
B25: 17 | C25: 2822401 | D25: JUEGO DE ROPA INTERIOR (TOP-CACHETERO) DE ACUERDO A ESPECIFICACIONES TÉCNICAS N° JEMPP-CEDE4-DIETE-ET05573/INT-01 | E25: UNIDAD | F25: 0 | G25: 1 | H25: 53102300 | I25: 1702099 | J25: SIN CREAR
B27: CLASIFICADOR POR OBJETO DEL GASTO | F27: NOMBRE CUENTA
B28: A-02-02-01-003-002 | F28: PASTA O PULPA, PAPEL Y PRODUCTOS DE PAPEL; IMPRESOS Y ARTÍCULOS SIMILARES
B29: ÍTEM | C29: CÓDIGO DANE | D29: DESCRIPCIÓN DEL BIEN Y/O SERVICIO | E29: UNIDAD MEDIDA | F29: EXISTENCIAS (STOCK - INVENTARIOS) | G29: NECESIDAD | H29: UNSPSC (CCE) | I29: CÓDIGO MATERIAL SAP | J29: CÓDIGO OTAN - NOC
B30: 18 | C30: 3270109 | D30: CUADERNO PARA ESCRITURA: DEBE SER COSIDO, GRAPADO O ARGOLLADO CON PASTA PLASTIFICADA DURA O BLANDA DE MÍNIMO 100 HOJAS DE COLOR BLANCO, ESPECIFICACIONES SEGÚN NORMA TÉCNICA N°. NTMD-0356 A2 ÍTEM 3.1.1.18 | E30: UNIDAD | F30: 0 | G30: 1 | H30: 14111514 | I30: 1277866 | J30: 7530-80-0011305
B31: 19 | C31: 3219302 | D31: PAPEL HIGIÉNICO TRIPLE HOJA: PRESENTACIÓN DE ROLLO TRIPLE HOJA CON UNA LONGITUD MÍNIMA DE 35 METROS, COLOR BLANCO, ABSORBENTE, RESISTENTE, SUAVE Y EMPACADO INDIVIDUALMENTE DE TAL MANERA QUE SUS CONDICIONES NO SE AFECTEN HASTA LLEGAR AL USUARIO FINA ESPECIFICACIONES SEGÚN NORMA TÉCNICA NO. NTMD-0356 A2 ÍTEM 3.1.1.10 | E31: UNIDAD | F31: 0 | G31: 1 | H31: 14111704 | I31: 1632379 | J31: 8540-80-0011398
B32: 20 | C32: 3219308 | D32: TOALLAS HIGIÉNICAS MUJER CON ALAS: ESPECIFICACIONES DE ACUERDO A NTC-3604 | E32: PAQUETE | F32: 0 | G32: 1 | H32: 52121700 | I32: 1476323 | J32: SIN CREAR
B34: CLASIFICADOR POR OBJETO DEL GASTO | F34: NOMBRE CUENTA
B35: A-02-02-01-003-005 | F35: OTROS PRODUCTOS QUÍMICOS; FIBRAS ARTIFICIALES (O FIBRAS INDUSTRIALES HECHAS POR EL HOMBRE)
B36: ÍTEM | C36: CÓDIGO DANE | D36: DESCRIPCIÓN DEL BIEN Y/O SERVICIO | E36: UNIDAD MEDIDA | F36: EXISTENCIAS (STOCK - INVENTARIOS) | G36: NECESIDAD | H36: UNSPSC (CCE) | I36: CÓDIGO MATERIAL SAP | J36: CÓDIGO OTAN - NOC
B37: 21 | C37: 3533301 | D37: BETÚN: NEGRO 125 GRAMOS ESPECIFICACIONES SEGÚN NORMA TÉCNICA NO. NTMD-0356 A2 ÍTEM 3.1.1.14 | E37: UNIDAD | F37: 0 | G37: 1 | H37: 47131809 | I37: 1048274 | J37: SIN CREAR
B38: 22 | C38: 3532315 | D38: TALCOS PARA PIES : DE 85 GRAMOS ESPECIFICACIONES SEGÚN NORMA TÉCNICA NO. NTMD-0356 A2 ÍTEM 3.1.1.6 | E38: UNIDAD | F38: 0 | G38: 1 | H38: 53131614 | I38: 1291103 | J38: 8510-80-0011397
B39: 23 | C39: 3532308 | D39: CREMA DENTAL: DE 100 ML ESPECIFICACIONES SEGÚN NORMA TÉCNICA NO. NTMD-0356 A2 ÍTEM 3.1.1.3 | E39: UNIDAD | F39: 0 | G39: 1 | H39: 53131502 | I39: 1013968 | J39: 8520-80-0011399
B40: 24 | C40: 3532324 | D40: DESODORANTE ANTITRASPIRANTE: ESPECIFICACIONES TÉCNICAS DE ACUERDO A LA NORMA TÉCNICA KIT DE DOTACIÓN NO. NTMD-0356 A2 ÍTEM 3.1.1.7 | E40: UNIDAD | F40: 0 | G40: 1 | H40: 53131606 | I40: 1013944 | J40: 8510-80-0011400
B41: 25 | C41: 3532324 | D41: DESODORANTE ANTITRANSPIRANTE PARA MUJER: DE 80 GRAMOS, ESPECIFICACIONES SEGÚN NORMA TÉCNICA NO. NTMD-0356 A2 ÍTEM 3.1.1.7 | E41: UNIDAD | F41: 0 | G41: 1 | H41: 53131606 | I41: 1476318 | J41: 8510-80-0011400
B42: 26 | C42: 3532105 | D42: JABÓN DE BAÑO ANTIBACTERIAL 130 GRAMOS: ESPECIFICACIONES SEGÚN NORMA TÉCNICA NO. NTMD-0356 A2 ÍTEM 3.1.1.8 | E42: UNIDAD | F42: 0 | G42: 1 | H42: 53131608 | I42: 1013955 | J42: 8520-80-0011401
B43: 27 | C43: 3532101 | D43: JABÓN PARA LAVAR ROPA: DE 300 GRAMOS, ESPECIFICACIONES SEGÚN NORMA TÉCNICA NO. NTMD-0356 A2 ÍTEM 3.1.1.13 | E43: UNIDAD | F43: 0 | G43: 1 | H43: 47131811 | I43: 1298675 | J43: 7930-80-0011405
B45: CLASIFICADOR POR OBJETO DEL GASTO | F45: NOMBRE CUENTA
B46: A-02-02-01-003-006 | F46: PRODUCTOS DE CAUCHO Y PLÁSTICO
B47: ÍTEM | C47: CÓDIGO DANE | D47: DESCRIPCIÓN DEL BIEN Y/O SERVICIO | E47: UNIDAD MEDIDA | F47: EXISTENCIAS (STOCK - INVENTARIOS) | G47: NECESIDAD | H47: UNSPSC (CCE) | I47: CÓDIGO MATERIAL SAP | J47: CÓDIGO OTAN - NOC
B48: 28 | C48: 3699056 | D48: PROTECTORES AUDITIVOS: DEBEN SER PRES MOLDEADOS DE TIPO TAPÓN, SE DEBEN AJUSTAR AL CANAL AUDITIVO DE CASI TODAS LAS PERSONAS. DEBEN LLEVAR TRIPLE REBORDE CON DISEÑO DE FÁCIL INSERCIÓN: ESPECIFICACIONES SEGÚN NORMA TÉCNICA NO. NTMD-0356 A2 ÍTEM 3.1.1.1 | E48: UNIDAD | F48: 0 | G48: 1 | H48: 46181902 | I48: 1447319 | J48: 6515-80-0011408
B49: 29 | C49: 3694006 | D49: JABONERA: PLÁSTICA CAPACIDAD JABÓN 130 GRAMOS ESPECIFICACIONES SEGÚN NORMA TÉCNICA NO. NTMD-0356 A2 ÍTEM 3.1.1.9 | E49: UNIDAD | F49: 0 | G49: 1 | H49: 30181601 | I49: 1082381 | J49: 8530-80-0011402
B50: 30 | C50: 3649006 | D50: PORTA CEPILLO DE DIENTES: ELABORADO EN PLÁSTICO ESPECIFICACIONES SEGÚN NORMA TÉCNICA NO. NTMD-0356 A2 ÍTEM 3.1.1.11 | E50: UNIDAD | F50: 0 | G50: 1 | H50: 53121800 | I50: 1330024 | J50: 4510-80-0011407
B52: CLASIFICADOR POR OBJETO DEL GASTO | F52: NOMBRE CUENTA
B53: A-02-02-01-003-008 | F53: OTROS BIENES TRANSPORTABLES N.C.P.
B54: ÍTEM | C54: CÓDIGO DANE | D54: DESCRIPCIÓN DEL BIEN Y/O SERVICIO | E54: UNIDAD MEDIDA | F54: EXISTENCIAS (STOCK - INVENTARIOS) | G54: NECESIDAD | H54: UNSPSC (CCE) | I54: CÓDIGO MATERIAL SAP | J54: CÓDIGO OTAN - NOC
B55: 31 | C55: 3899307 | D55: CEPILLO DENTAL (DUREZA CERDAS MEDIA O SUAVE): DEBE ESTAR CONFORMADO POR UNA CABEZA QUE CONTENGA CONJUNTOS DE PENACHOS COMPUESTOS POR CERDAS UNIDAS FUERTEMENTE Y UN MANGO PARA SER OPERADO MANUALMENTE. SUS SUPERFICIES DEBEN TENER APARIENCIA UNIFORME ESPECIFICACIONES SEGÚN NORMA TÉCNICA N°. NTMD-0356 A2 ÍTEM 3.1.1.2 | E55: UNIDAD | F55: 0 | G55: 1 | H55: 53131503 | I55: 1349993 | J55: 8530-80-0011406
B56: 32 | C56: 3899402 | D56: PEINILLA: (LARGO: 120 MM ± 5 MM; ALTO: 28 MM ± 5 MM), ESPECIFICACIONES SEGÚN NORMA TÉCNICA NO. NTMD-0356 A2 ÍTEM 3.1.1.12 | E56: UNIDAD | F56: 0 | G56: 1 | H56: 53131604 | I56: 1082385 | J56: 8530-80-0011404
B57: 33 | C57: 3899306 | D57: CEPILLOS GRANDE Y PEQUEÑO PARA BRILLAR CALZADO: DEBE ESTAR CONFORMADO POR UN MANGO Y UNA BASE, SOBRE LA CUAL SE FIJAN LAS CERDAS, APTOS PARA LIMPIAR, LAVAR, BRILLAR O BARRER, ESPECIFICACIONES SEGÚN NORMA TÉCNICA NO. NTMD-0356 A2 ÍTEM 3.1.1.16 | E57: UNIDAD | F57: 0 | G57: 1 | H57: 27113000 | I57: 1017232 | J57: 7920-80-0011395
B58: 34 | C58: 3891103 | D58: LAPICERO: (14 CM DE LONGITUD Y 7 MM DE DIÁMETRO), ESPECIFICACIONES SEGÚN NORMA TÉCNICA NO. NTMD-0356 A2 ÍTEM 3.1.1.19 | E58: UNIDAD | F58: 0 | G58: 1 | H58: 44121701 | I58: 1749319 | J58: SIN CREAR
B60: CLASIFICADOR POR OBJETO DEL GASTO | F60: NOMBRE CUENTA
B61: A-02-02-01-004-002 | F61: PRODUCTOS METÁLICOS ELABORADOS (EXCEPTO MAQUINARIA Y EQUIPO)
B62: ÍTEM | C62: CÓDIGO DANE | D62: DESCRIPCIÓN DEL BIEN Y/O SERVICIO | E62: UNIDAD MEDIDA | F62: EXISTENCIAS (STOCK - INVENTARIOS) | G62: NECESIDAD | H62: UNSPSC (CCE) | I62: CÓDIGO MATERIAL SAP | J62: CÓDIGO OTAN - NOC
B63: 35 | C63: 4291403 | D63: MAQUINA PARA AFEITAR: DESECHABLE, MÍNIMO TRIPLE HOJA, DEBE TENER BANDA LUBRICANTE ESPECIFICACIONES SEGÚN NORMA TÉCNICA NO. NTMD-0356 A2 ÍTEM 3.1.1.4 | E63: UNIDAD | F63: 0 | G63: 1 | H63: 53131603 | I63: 1266905 | J63: SIN CREAR
B64: 36 | C64: 4299206 | D64: CANDADO: AALTO 60 MM ± 5 MM ANCHO 35 MM ± 5 MM, ESPECIFICACIONES SEGÚN NORMA TÉCNICA NO. NTMD-0356 A2 ÍTEM 3.1.1.15 | E64: UNIDAD | F64: 0 | G64: 1 | H64: 46171501 | I64: 1448704 | J64: 5340-80-0011396
B65: 37 | C65: 4291502 | D65: CORTA UÑAS: 80 MM DE LONGITUD ESPECIFICACIONES SEGÚN NORMA TÉCNICA NO. NTMD-0356 A2 ÍTEM 3.1.1.17 | E65: UNIDAD | F65: 0 | G65: 1 | H65: 53131621 | I65: 1315903 | J65: 8530-80-0011403
B66: 38 | C66: 4299904 | D66: PLACAS DE IDENTIFICACIÓN: DEBE CONTAR CON UN ESPESOR DE 1 MM. LOS EXTREMOS SERÁN EN SEMICÍRCULO Y UNO DE ELLOS TENDRÁ UNA PERFORACIÓN DE 4 MM ±0.5 MMDE DIÁMETRO PARA LAS CADENAS. LA CADENA LARGA TENDRÁ UNA LONGITUD DE 630MM ± 10MM, Y LA CORTA, 100 MM ± 5 MM., ESPECIFICACIONES SEGÚN NORMA TÉCNICA NO. NTMD-0356 A2 ÍTEMS 3.1.2.3 | E66: JUEGO | F66: 0 | G66: 1 | H66: 60101717 | I66: 1108870 | J66: 8465-80-0011304

Sheet PRESUPUESTO CONSOLIDADO
B2: ARTICULO PRESUPUESTAL (SIIF NACIÓN) | C2: RECURSO | D2: DESCRIPCIÓN DEL RUBRO | E2: VALOR APROXIMADO DE LA NECESIDAD | F2: PRESUPUESTO A UTILIZAR | G2: SALDO
B3: =PRESUPUESTO!B51 -> A-02-02-01-002-007 | C3: =PRESUPUESTO!C51 -> 10 | D3: =PRESUPUESTO!D51 -> ARTÍCULOS TEXTILES (EXCEPTO PRENDAS DE VESTIR) | E3: =PRESUPUESTO!G66 -> 1.4926446e+08 | F3: =PRESUPUESTO!H66 -> 0 | G3: =PRESUPUESTO!I66 -> 0
B4: =PRESUPUESTO!B69 -> A-02-02-01-002-008 | C4: =PRESUPUESTO!C69 -> 10 | D4: =PRESUPUESTO!D69 -> DOTACIÓN (PRENDAS DE VESTIR Y CALZADO) | E4: =PRESUPUESTO!G84 -> 1.1017241e+08 | F4: =PRESUPUESTO!H84 -> 0 | G4: =PRESUPUESTO!I84 -> 0
B5: =PRESUPUESTO!B87 -> A-02-02-01-003-002 | C5: =PRESUPUESTO!C87 -> 10 | D5: =PRESUPUESTO!D87 -> PASTA O PULPA, PAPEL Y PRODUCTOS DE PAPEL; IMPRESOS Y ARTÍCULOS SIMILARES | E5: =PRESUPUESTO!G102 -> 17181908 | F5: =PRESUPUESTO!H102 -> 0 | G5: =PRESUPUESTO!I102 -> 0
B6: =PRESUPUESTO!B105 -> A-02-02-01-003-005 | C6: =PRESUPUESTO!C105 -> 10 | D6: =PRESUPUESTO!D105 -> OTROS PRODUCTOS QUÍMICOS; FIBRAS ARTIFICIALES (O FIBRAS INDUSTRIALES HECHAS POR EL HOMBRE) | E6: =PRESUPUESTO!G120 -> 76633232 | F6: =PRESUPUESTO!H120 -> 0 | G6: =PRESUPUESTO!I120 -> 0
B7: =PRESUPUESTO!B123 -> A-02-02-01-003-006 | C7: =PRESUPUESTO!C123 -> 10 | D7: =PRESUPUESTO!D123 -> PRODUCTOS DE CAUCHO Y PLÁSTICO | E7: =PRESUPUESTO!G138 -> 10678304 | F7: =PRESUPUESTO!H138 -> 0 | G7: =PRESUPUESTO!I138 -> 0
B8: =PRESUPUESTO!B141 -> A-02-02-01-003-008 | C8: =PRESUPUESTO!C141 -> 10 | D8: =PRESUPUESTO!D141 -> OTROS BIENES TRANSPORTABLES N.C.P. | E8: =PRESUPUESTO!G156 -> 21384272 | F8: =PRESUPUESTO!H156 -> 0 | G8: =PRESUPUESTO!I156 -> 0
B9: =PRESUPUESTO!B159 -> A-02-02-01-004-002 | C9: =PRESUPUESTO!C159 -> 10 | D9: =PRESUPUESTO!D159 -> PRODUCTOS METÁLICOS ELABORADOS (EXCEPTO MAQUINARIA Y EQUIPO) | E9: =PRESUPUESTO!G174 -> 51156664 | F9: =PRESUPUESTO!H174 -> 0 | G9: =PRESUPUESTO!I174 -> 0
B10: TOTAL | E10: =SUM(E3:E9) -> 4.3647124e+08 | F10: =SUM(F3:F9) -> 0 | G10: =SUM(G3:G9) -> 0
O57: =SUMIFS(PRESUPUESTO!$G$87:$G$101,PRESUPUESTO!$E$87:$E$101,MÍNIMAS!AD3) -> 451638.72 | S57: =SUMIFS(PRESUPUESTO!$G$87:$G$101,PRESUPUESTO!$E$87:$E$101,MÍNIMAS!AH3) -> 1420371.1 | W57: =SUMIFS(PRESUPUESTO!$G$87:$G$101,PRESUPUESTO!$E$87:$E$101,MÍNIMAS!AL3) -> 1826191.4 | AA57: =SUMIFS(PRESUPUESTO!$G$87:$G$101,PRESUPUESTO!$E$87:$E$101,MÍNIMAS!AP3) -> 1420371.1 | AB57: =SUMIFS(PRESUPUESTO!$G$87:$G$101,PRESUPUESTO!$E$87:$E$101,MÍNIMAS!AQ3) -> 0 | AC57: =SUMIFS(PRESUPUESTO!$G$87:$G$101,PRESUPUESTO!$E$87:$E$101,MÍNIMAS!AR3) -> 0 | AD57: =SUMIFS(PRESUPUESTO!$G$87:$G$101,PRESUPUESTO!$E$87:$E$101,MÍNIMAS!AS3) -> 0 | AE57: =SUMIFS(PRESUPUESTO!$G$87:$G$101,PRESUPUESTO!$E$87:$E$101,MÍNIMAS!AT3) -> 1623281.2 | AI57: =SUMIFS(PRESUPUESTO!$G$87:$G$101,PRESUPUESTO!$E$87:$E$101,MÍNIMAS!AX3) -> 1623281.2 | AJ57: =SUMIFS(PRESUPUESTO!$G$87:$G$101,PRESUPUESTO!$E$87:$E$101,MÍNIMAS!AY3) -> 0 | AK57: =SUMIFS(PRESUPUESTO!$G$87:$G$101,PRESUPUESTO!$E$87:$E$101,MÍNIMAS!AZ3) -> 0 | AL57: =SUMIFS(PRESUPUESTO!$G$87:$G$101,PRESUPUESTO!$E$87:$E$101,MÍNIMAS!BA3) -> 0 | AM57: =SUMIFS(PRESUPUESTO!$G$87:$G$101,PRESUPUESTO!$E$87:$E$101,MÍNIMAS!BB3) -> 1826191.4 | AN57: =SUMIFS(PRESUPUESTO!$G$87:$G$101,PRESUPUESTO!$E$87:$E$101,MÍNIMAS!BC3) -> 0 | AO57: =SUMIFS(PRESUPUESTO!$G$87:$G$101,PRESUPUESTO!$E$87:$E$101,MÍNIMAS!BD3) -> 0 | AP57: =SUMIFS(PRESUPUESTO!$G$87:$G$101,PRESUPUESTO!$E$87:$E$101,MÍNIMAS!BE3) -> 0 | ... BV57: =SUMIFS(PRESUPUESTO!$G$87:$G$101,PRESUPUESTO!$E$87:$E$101,MÍNIMAS!CK3) -> 0 | BW57: =SUMIFS(PRESUPUESTO!$G:$G,PRESUPUESTO!$E:$E,MÍNIMAS!#REF!,PRESUPUESTO!$A:$A,1) -> 0 | BX57: =SUMIFS(PRESUPUESTO!$G$87:$G$101,PRESUPUESTO!$E$87:$E$101,MÍNIMAS!#REF!) -> 0 | BY57: =SUMIFS(PRESUPUESTO!$G$87:$G$101,PRESUPUESTO!$E$87:$E$101,MÍNIMAS!#REF!) -> 0 | BZ57: =SUMIFS(PRESUPUESTO!$G$87:$G$101,PRESUPUESTO!$E$87:$E$101,MÍNIMAS!#REF!) -> 0 | CA57: =SUMIFS(PRESUPUESTO!$G$87:$G$101,PRESUPUESTO!$E$87:$E$101,MÍNIMAS!#REF!) -> 0 | CB57: =SUMIFS(PRESUPUESTO!$G$87:$G$101,PRESUPUESTO!$E$87:$E$101,MÍNIMAS!#REF!) -> 0 | CC57: =SUMIFS(PRESUPUESTO!$G$87:$G$101,PRESUPUESTO!$E$87:$E$101,MÍNIMAS!#REF!) -> 0 | CD57: =SUMIFS(PRESUPUESTO!$G$87:$G$101,PRESUPUESTO!$E$87:$E$101,MÍNIMAS!#REF!) -> 0 | CE57: =SUMIFS(PRESUPUESTO!$G$87:$G$101,PRESUPUESTO!$E$87:$E$101,MÍNIMAS!#REF!) -> 0 | ... DV57: =SUMIFS(PRESUPUESTO!$G$87:$G$101,PRESUPUESTO!$E$87:$E$101,MÍNIMAS!#REF!) -> 0
A65: 1
A66: 1
A67: 1
A68: 1
A69: 1
A70: 1
A71: 1
A72: 1
A73: 1
A74: 1
A75: 1
A76: 1
... A92: 1

Sheet PRESUPUESTO
B2: UNIDAD | C2: 2° Contingente | D2: 3° Contingente | E2: 4° Contingente | F2: TOTAL | H2: UNIDAD | I2: KIT FEMENINO | J2: KIT MASCULINO | K2: TOTAL
B3: BAABS3 | C3: 31 | D3: 20 | E3: 18 | F3: =SUM(C3:E3) -> 69 | H3: BAABS3 | I3: 0 | J3: 69 | K3: =SUM(I3+J3) -> 69
B4: BAACA10 | C4: 93 | D4: 62 | E4: 62 | F4: =SUM(C4:E4) -> 217 | H4: BAACA10 | I4: 0 | J4: 217 | K4: =SUM(I4+J4) -> 217
B5: BAACA2 | C5: 93 | D5: 62 | E5: 124 | F5: =SUM(C5:E5) -> 279 | H5: BAACA2 | I5: 0 | J5: 279 | K5: =SUM(I5+J5) -> 279
B6: BAADA1 | C6: 93 | D6: 62 | E6: 62 | F6: =SUM(C6:E6) -> 217 | H6: BAADA1 | I6: 0 | J6: 217 | K6: =SUM(I6+J6) -> 217
B7: BAEEV2 | C7: 62 | D7: 62 | E7: 124 | F7: =SUM(C7:E7) -> 248 | H7: BAEEV2 | I7: 0 | J7: 248 | K7: =SUM(I7+J7) -> 248
B8: BAEEV3 | C8: 93 | D8: 93 | E8: 62 | F8: =SUM(C8:E8) -> 248 | H8: BAEEV3 | I8: 0 | J8: 248 | K8: =SUM(I8+J8) -> 248
B9: BAMMA7 | C9: 93 | D9: 124 | E9: 62 | F9: =SUM(C9:E9) -> 279 | H9: BAMMA7 | I9: 0 | J9: 279 | K9: =SUM(I9+J9) -> 279
B10: BASPC10 | C10: 0 | D10: 62 | E10: 63 | F10: =SUM(C10:E10) -> 125 | H10: BASPC10 | I10: 62 | J10: 63 | K10: =SUM(I10+J10) -> 125
B11: BASAC | C11: 0 | D11: 62 | E11: 0 | F11: =SUM(C11:E11) -> 62 | H11: BASAC | I11: 0 | J11: 62 | K11: =SUM(I11+J11) -> 62
B12: BICAR | C12: 93 | D12: 93 | E12: 93 | F12: =SUM(C12:E12) -> 279 | H12: BICAR | I12: 0 | J12: 279 | K12: =SUM(I12+J12) -> 279
B13: BIMOC70 | C13: 62 | D13: 62 | E13: 62 | F13: =SUM(C13:E13) -> 186 | H13: BIMOC70 | I13: 0 | J13: 186 | K13: =SUM(I13+J13) -> 186
B14: BITER10 | C14: 0 | D14: 16 | E14: 16 | F14: =SUM(C14:E14) -> 32 | H14: BITER10 | I14: 0 | J14: 32 | K14: =SUM(I14+J14) -> 32
... B17: GMRON | C17: 62 | D17: 62 | E17: 62 | F17: =SUM(C17:E17) -> 186 | H17: GMRON | I17: 0 | J17: 186 | K17: =SUM(I17+J17) -> 186
B18: TOTAL | C18: =SUM(C3:C17) -> 841 | D18: =SUM(D3:D17) -> 908 | E18: =SUM(E3:E17) -> 876 | F18: =SUM(C18:E18) -> 2625 | H18: TOTAL | I18: =SUM(I3:I17) -> 62 | J18: =SUM(J3:J17) -> 2563 | K18: =SUM(I18+J18) -> 2625
B20: KIT DE DOTACIÓN PARA SOLDADOS
B21: ARTICULO PRESUPUESTAL (SIIF NACIÓN) | C21: RECURSO | D21: DESCRIPCIÓN DEL RUBRO | E21: UNIDAD BENEFICIADA | F21: PORCENTAJE | G21: VALOR POR ARTÍCULO PRESUPUESTAL
B22: A-02-02-01-002-007 | C22: 10 | D22: ARTÍCULOS TEXTILES (EXCEPTO PRENDAS DE VESTIR) | E22: BR10 - FUTAM -BRLOG3 | F22: =G22*100%/#REF! -> #REF! | G22: =+K75 -> 0
B23: A-02-02-01-002-008 | D23: DOTACIÓN (PRENDAS DE VESTIR Y CALZADO) | E23: BR10 - FUTAM -BRLOG3 | F23: =G23*100%/#REF! -> #REF! | G23: =+#REF! -> #REF!
B24: A-02-02-01-003-002 | D24: PASTA O PULPA, PAPEL Y PRODUCTOS DE PAPEL; IMPRESOS Y ARTÍCULOS SIMILARES | E24: BR10 - FUTAM -BRLOG3 | F24: =G24*100%/#REF! -> #REF! | G24: =+K98 -> 0
B25: A-02-02-01-003-005 | D25: OTROS PRODUCTOS QUÍMICOS; FIBRAS ARTIFICIALES (O FIBRAS INDUSTRIALES HECHAS POR EL HOMBRE) | E25: BR10 - FUTAM -BRLOG3 | F25: =G25*100%/#REF! -> #REF! | G25: =+K103 -> 0
B26: A-02-02-01-003-006 | D26: PRODUCTOS DE CAUCHO Y PLÁSTICO | E26: BR10 - FUTAM -BRLOG3 | F26: =G26*100%/#REF! -> #REF! | G26: =+#REF! -> #REF!
B27: A-02-02-01-003-008 | D27: OTROS BIENES TRANSPORTABLES N.C.P. | E27: BR10 - FUTAM -BRLOG3 | F27: =G27*100%/#REF! -> #REF! | G27: =K126 -> 0
B28: A-02-02-01-004-002 | D28: PRODUCTOS METÁLICOS ELABORADOS (EXCEPTO MAQUINARIA Y EQUIPO) | E28: BR10 - FUTAM -BRLOG3 | F28: =G28*100%/#REF! -> #REF! | G28: =#REF! -> #REF!
B29: VALOR TOTAL DE LA PARTIDA | F29: =SUM(F22:F28) -> #REF! | G29: =SUM(G22:L28) -> #REF!
B31: VALOR POR UNIDAD
B32: ARTICULO PRESUPUESTAL (SIIF NACIÓN) | C32: RECURSO | D32: DESCRIPCIÓN DEL RUBRO | E32: UNIDAD BENEFICIADA | F32: PORCENTAJE | G32: VALOR POR ARTÍCULO PRESUPUESTAL
B33: A-02-02-01-002-007 A-02-02-01-002-008 A-02-02-01-003-002 A-02-02-01-003-005 A-02-02-01-003-006 A-02-02-01-003-008 A-02-02-01-004-002 | C33: 10 | D33: VALOR TOTAL PARTIDA ESPECIAL POR UNIDAD | E33: BAABS3 | F33: =G33/$G$48 -> 0.026285714 | G33: =SUM(G51,G69,G87,G105,G123,G141,G159) -> 11472958
E34: BAACA10 | F34: =G34/$G$48 -> 0.082666667 | G34: =SUM(G52,G70,G88,G106,G124,G142,G160) -> 36081623
E35: BAACA2 | F35: =G35/$G$48 -> 0.10628571 | G35: =SUM(G53,G71,G89,G107,G125,G143,G161) -> 46390658
E36: BAADA1 | F36: =G36/$G$48 -> 0.082666667 | G36: =SUM(G54,G72,G90,G108,G126,G144,G162) -> 36081623
E37: BAEEV2 | F37: =G37/$G$48 -> 0.09447619 | G37: =SUM(G55,G73,G91,G109,G127,G145,G163) -> 41236140
E38: BAEEV3 | F38: =G38/$G$48 -> 0.09447619 | G38: =SUM(G56,G74,G92,G110,G128,G146,G164) -> 41236140
E39: BAMMA7 | F39: =G39/$G$48 -> 0.10628571 | G39: =SUM(G57,G75,G93,G111,G129,G147,G165) -> 46390658
E40: BASPC10 | F40: =G40/$G$48 -> 0.047619048 | G40: =SUM(G58,G76,G94,G112,G130,G148,G166) -> 20784345
E41: BASAC | F41: =G41/$G$48 -> 0.023619048 | G41: =SUM(G59,G77,G95,G113,G131,G149,G167) -> 10309035
E42: BICAR | F42: =G42/$G$48 -> 0.10628571 | G42: =SUM(G60,G78,G96,G114,G132,G150,G168) -> 46390658
E43: BIMOC70 | F43: =G43/$G$48 -> 0.070857143 | G43: =SUM(G61,G79,G97,G115,G133,G151,G169) -> 30927105
E44: BITER10 | F44: =G44/$G$48 -> 0.012190476 | G44: =SUM(G62,G80,G98,G116,G134,G152,G170) -> 5320792.3
E45: DIM15 | F45: =G45/$G$48 -> 0.0045714286 | G45: =SUM(G63,G81,G99,G117,G135,G153,G171) -> 1995297.1
... E47: GMRON | F47: =G47/$G$48 -> 0.070857143 | G47: =SUM(G65,G83,G101,G119,G137,G155,G173) -> 30927105
B48: TOTAL PARTIDA | F48: =SUM(F33:F47) -> 1 | G48: =SUM(G33:G47) -> 4.3647124e+08
B50: ARTICULO PRESUPUESTAL (SIIF NACIÓN) | C50: RECURSO | D50: DESCRIPCIÓN DEL RUBRO | E50: UNIDAD BENEFICIADA | F50: PORCENTAJE | G50: VALOR APROXIMADO DE LA NECESIDAD | H50: PRESUPUESTO A UTILIZAR | I50: SALDO
B51: A-02-02-01-002-007 | C51: 10 | D51: ARTÍCULOS TEXTILES (EXCEPTO PRENDAS DE VESTIR) | E51: BAABS3 | F51: =(G51*100%)/$G$66 -> 0.026285714 | G51: 3923522.9
E52: BAACA10 | F52: =(G52*100%)/$G$66 -> 0.082666667 | G52: 12339195
E53: BAACA2 | F53: =(G53*100%)/$G$66 -> 0.10628571 | G53: 15864680
E54: BAADA1 | F54: =(G54*100%)/$G$66 -> 0.082666667 | G54: 12339195
E55: BAEEV2 | F55: =(G55*100%)/$G$66 -> 0.09447619 | G55: 14101937
E56: BAEEV3 | F56: =(G56*100%)/$G$66 -> 0.09447619 | G56: 14101937
E57: BAMMA7 | F57: =(G57*100%)/$G$66 -> 0.10628571 | G57: 15864680
E58: BASPC10 | F58: =(G58*100%)/$G$66 -> 0.047619048 | G58: 7107831.3
E59: BASAC | F59: =(G59*100%)/$G$66 -> 0.023619048 | G59: 3525484.3
E60: BICAR | F60: =(G60*100%)/$G$66 -> 0.10628571 | G60: 15864680
E61: BIMOC70 | F61: =(G61*100%)/$G$66 -> 0.070857143 | G61: 10576453
E62: BITER10 | F62: =(G62*100%)/$G$66 -> 0.012190476 | G62: 1819604.8
E63: DIM15 | F63: =(G63*100%)/$G$66 -> 0.0045714286 | G63: 682351.81
... E65: GMRON | F65: =(G65*100%)/$G$66 -> 0.070857143 | G65: 10576453
B66: SUBTOTAL A-02-02-01-002-007 | F66: =SUM(F51:F65) -> 1 | G66: =SUM(G51:G65) -> 1.4926446e+08 | H66: =SUM(H51:H65) -> 0 | I66: =SUM(I51:I65) -> 0
B68: ARTICULO PRESUPUESTAL (SIIF NACIÓN) | C68: RECURSO | D68: DESCRIPCIÓN DEL RUBRO | E68: UNIDAD BENEFICIADA | F68: PORCENTAJE | G68: VALOR APROXIMADO DE LA NECESIDAD | H68: PRESUPUESTO A UTILIZAR | I68: SALDO
B69: A-02-02-01-002-008 | C69: 10 | D69: DOTACIÓN (PRENDAS DE VESTIR Y CALZADO) | E69: BAABS3 | F69: =(G69*100%)/$G$84 -> 0.026285714 | G69: 2895960.4
E70: BAACA10 | F70: =(G70*100%)/$G$84 -> 0.082666667 | G70: 9107585.6
E71: BAACA2 | F71: =(G71*100%)/$G$84 -> 0.10628571 | G71: 11709753
E72: BAADA1 | F72: =(G72*100%)/$G$84 -> 0.082666667 | G72: 9107585.6
E73: BAEEV2 | F73: =(G73*100%)/$G$84 -> 0.09447619 | G73: 10408669
E74: BAEEV3 | F74: =(G74*100%)/$G$84 -> 0.09447619 | G74: 10408669
E75: BAMMA7 | F75: =(G75*100%)/$G$84 -> 0.10628571 | G75: 11709753
E76: BASPC10 | F76: =(G76*100%)/$G$84 -> 0.047619048 | G76: 5246305
E77: BASAC | F77: =(G77*100%)/$G$84 -> 0.023619048 | G77: 2602167.3
E78: BICAR | F78: =(G78*100%)/$G$84 -> 0.10628571 | G78: 11709753
E79: BIMOC70 | F79: =(G79*100%)/$G$84 -> 0.070857143 | G79: 7806501.9
E80: BITER10 | F80: =(G80*100%)/$G$84 -> 0.012190476 | G80: 1343054.1
E81: DIM15 | F81: =(G81*100%)/$G$84 -> 0.0045714286 | G81: 503645.28
... E83: GMRON | F83: =(G83*100%)/$G$84 -> 0.070857143 | G83: 7806501.9
B84: SUBTOTAL A-02-02-01-002-008 | F84: =SUM(F69:F83) -> 1 | G84: =SUM(G69:G83) -> 1.1017241e+08 | H84: =SUM(H69:H83) -> 0 | I84: =SUM(I69:I83) -> 0
B86: ARTICULO PRESUPUESTAL (SIIF NACIÓN) | C86: RECURSO | D86: DESCRIPCIÓN DEL RUBRO | E86: UNIDAD BENEFICIADA | F86: PORCENTAJE | G86: VALOR APROXIMADO DE LA NECESIDAD | H86: PRESUPUESTO A UTILIZAR | I86: SALDO
B87: A-02-02-01-003-002 | C87: 10 | D87: PASTA O PULPA, PAPEL Y PRODUCTOS DE PAPEL; IMPRESOS Y ARTÍCULOS SIMILARES | E87: BAABS3 | F87: =(G87*100%)/$G$102 -> 0.026285714 | G87: 451638.72
E88: BAACA10 | F88: =(G88*100%)/$G$102 -> 0.082666667 | G88: 1420371.1
E89: BAACA2 | F89: =(G89*100%)/$G$102 -> 0.10628571 | G89: 1826191.4
E90: BAADA1 | F90: =(G90*100%)/$G$102 -> 0.082666667 | G90: 1420371.1
E91: BAEEV2 | F91: =(G91*100%)/$G$102 -> 0.09447619 | G91: 1623281.2
E92: BAEEV3 | F92: =(G92*100%)/$G$102 -> 0.09447619 | G92: 1623281.2
E93: BAMMA7 | F93: =(G93*100%)/$G$102 -> 0.10628571 | G93: 1826191.4
E94: BASPC10 | F94: =(G94*100%)/$G$102 -> 0.047619048 | G94: 818186.1
E95: BASAC | F95: =(G95*100%)/$G$102 -> 0.023619048 | G95: 405820.3
E96: BICAR | F96: =(G96*100%)/$G$102 -> 0.10628571 | G96: 1826191.4
E97: BIMOC70 | F97: =(G97*100%)/$G$102 -> 0.070857143 | G97: 1217460.9
E98: BITER10 | F98: =(G98*100%)/$G$102 -> 0.012190476 | G98: 209455.64
E99: DIM15 | F99: =(G99*100%)/$G$102 -> 0.0045714286 | G99: 78545.865
... E101: GMRON | F101: =(G101*100%)/$G$102 -> 0.070857143 | G101: 1217460.9
B102: SUBTOTAL A-02-02-01-003-002 | F102: =SUM(F87:F101) -> 1 | G102: =SUM(G87:G101) -> 17181908 | H102: =SUM(H87:H101) -> 0 | I102: =SUM(I87:I101) -> 0
B104: ARTICULO PRESUPUESTAL (SIIF NACIÓN) | C104: RECURSO | D104: DESCRIPCIÓN DEL RUBRO | E104: UNIDAD BENEFICIADA | F104: PORCENTAJE | G104: VALOR APROXIMADO DE LA NECESIDAD | H104: PRESUPUESTO A UTILIZAR | I104: SALDO
B105: A-02-02-01-003-005 | C105: 10 | D105: OTROS PRODUCTOS QUÍMICOS; FIBRAS ARTIFICIALES (O FIBRAS INDUSTRIALES HECHAS POR EL HOMBRE) | E105: BAABS3 | F105: =(G105*100%)/$G$120 -> 0.026285714 | G105: 2014359.2
E106: BAACA10 | F106: =(G106*100%)/$G$120 -> 0.082666667 | G106: 6335013.8
E107: BAACA2 | F107: =(G107*100%)/$G$120 -> 0.10628571 | G107: 8145017.8
E108: BAADA1 | F108: =(G108*100%)/$G$120 -> 0.082666667 | G108: 6335013.8
E109: BAEEV2 | F109: =(G109*100%)/$G$120 -> 0.09447619 | G109: 7240015.8
E110: BAEEV3 | F110: =(G110*100%)/$G$120 -> 0.09447619 | G110: 7240015.8
E111: BAMMA7 | F111: =(G111*100%)/$G$120 -> 0.10628571 | G111: 8145017.8
E112: BASPC10 | F112: =(G112*100%)/$G$120 -> 0.047619048 | G112: 3649201.5
E113: BASAC | F113: =(G113*100%)/$G$120 -> 0.023619048 | G113: 1810004
...

Sheet MÍNIMAS
B2: A-02-02-01-002-007 ARTÍCULOS TEXTILES (EXCEPTO PRENDAS DE VESTIR)
B3: ='PLAN DE NECESIDADES'!B4 -> ÍTEM | C3: ='PLAN DE NECESIDADES'!C4 -> CÓDIGO DANE | D3: ='PLAN DE NECESIDADES'!D4 -> DESCRIPCIÓN DEL BIEN Y/O SERVICIO | E3: ='PLAN DE NECESIDADES'!E4 -> UNIDAD MEDIDA | F3: ='PLAN DE NECESIDADES'!F4 -> EXISTENCIAS (STOCK - INVENTARIOS) | G3: ='PLAN DE NECESIDADES'!H4 -> UNSPSC (CCE) | H3: ='PLAN DE NECESIDADES'!I4 -> CÓDIGO MATERIAL SAP | I3: ='PLAN DE NECESIDADES'!J4 -> CÓDIGO OTAN - NOC | J3: CANTIDAD POR ELEMENTO | K3: =AD3 -> BAABS3 | L3: =AH3 -> BAACA10 | M3: =AL3 -> BAACA2 | N3: =AP3 -> BAADA1 | O3: =AT3 -> BAEEV2 | P3: =AX3 -> BAEEV3 | Q3: =BB3 -> BAMMA7 | R3: =BF3 -> BASPC10 | S3: =BJ3 -> BASAC | T3: =BN3 -> BICAR | U3: =BR3 -> BIMOC70 | V3: =BV3 -> BITER10 | W3: =BZ3 -> DIM15 | X3: =CD3 -> GMMAT | Y3: =CH3 -> GMRON | Z3: NECESIDAD TOTAL | AA3: MÍNIMAS | AB3: LIMITACIONES | AC3: PRECIO DE REFERENCIA | AD3: =PRESUPUESTO!E33 -> BAABS3 | AH3: BAACA10 | AL3: BAACA2 | AP3: BAADA1 | AT3: BAEEV2 | AX3: BAEEV3 | BB3: BAMMA7 | BF3: BASPC10 | BJ3: BASAC | BN3: BICAR | BR3: BIMOC70 | BV3: BITER10 | BZ3: DIM15 | CD3: GMMAT | CH3: GMRON
AD4: NT | AE4: M | AF4: L | AG4: VT | AH4: NT | AI4: M | AJ4: L | AK4: VT | AL4: NT | AM4: M | AN4: L | AO4: VT | AP4: NT | AQ4: M | AR4: L | AS4: VT | AT4: NT | AU4: M | AV4: L | AW4: VT | AX4: NT | AY4: M | AZ4: L | BA4: VT | BB4: NT | BC4: M | BD4: L | BE4: VT | BF4: NT | BG4: M | BH4: L | BI4: VT | BJ4: NT | BK4: M | BL4: L | BM4: VT | BN4: NT | BO4: M | BP4: L | BQ4: VT | BR4: NT | BS4: M | BT4: L | BU4: VT | BV4: NT | BW4: M | BX4: L | BY4: VT | BZ4: NT | CA4: M | CB4: L | CC4: VT | CD4: NT | CE4: M | CF4: L | CG4: VT | CH4: NT | CI4: M | CJ4: L | CK4: VT
B5: ='PLAN DE NECESIDADES'!B5 -> 1 | C5: ='PLAN DE NECESIDADES'!C5 -> 2791301 | D5: ='PLAN DE NECESIDADES'!D5 -> PARCHE DE IDENTIFICACIÓN PERSONAL: ESPECIFICACIONES TÉCNICAS DE ACUERDO NORMA TÉCNICA KIT DE DOTACIÓN NO. NTMD-0356 - A2 | E5: ='PLAN DE NECESIDADES'!E5 -> UNIDAD | F5: ='PLAN DE NECESIDADES'!F5 -> 0 | G5: ='PLAN DE NECESIDADES'!H5 -> 11161701 | H5: ='PLAN DE NECESIDADES'!I5 -> 1047066 | I5: ='PLAN DE NECESIDADES'!J5 -> SIN CREAR | J5: 4 | K5: 69 | L5: 217 | M5: 279 | N5: 217 | O5: 248 | P5: 248 | Q5: 279 | R5: 125 | S5: 62 | T5: 279 | U5: 186 | V5: 32 | W5: 12 | X5: 186 | Y5: 186 | Z5: =SUM(AD5,AH5,AL5,AP5,AT5,AX5,BB5,BF5,BJ5,BN5,BR5,BV5,BZ5,CD5,CH5) -> 10624 | AA5: =SUM(AE5,AI5,AM5,AQ5,AU5,AY5,BC5,BG5,BK5,BO5,BS5,BW5,CA5,CE5,CI5) -> 5080 | AB5: =SUM(AF5,AJ5,AN5,AR5,AV5,AZ5,BD5,BH5,BL5,BP5,BT5,BX5,CB5,CF5,CJ5) -> 5544 | AC5: 3100 | AD5: =K5*J5 -> 276 | AE5: =J5*34 -> 136 | AF5: =AD5-AE5 -> 140 | AG5: =AC5*AE5 -> 421600 | AH5: =L5*J5 -> 868 | AI5: =J5*105 -> 420 | AJ5: =AH5-AI5 -> 448 | AK5: =AC5*AI5 -> 1302000 | AL5: =M5*J5 -> 1116 | AM5: =J5*135 -> 540 | AN5: =AL5-AM5 -> 576 | AO5: =AC5*AM5 -> 1674000 | AP5: =N5*J5 -> 868 | AQ5: =J5*105 -> 420 | AR5: =AP5-AQ5 -> 448 | AS5: =AC5*AQ5 -> 1302000 | AT5: =M5*J5 -> 1116 | AU5: =J5*120 -> 480 | AV5: =AT5-AU5 -> 636 | AW5: =AU5*AC5 -> 1488000 | AX5: =P5*J5 -> 992 | AY5: =J5*120 -> 480 | AZ5: =AX5-AY5 -> 512 | BA5: =AC5*AY5 -> 1488000 | BB5: =Q5*J5 -> 1116 | BC5: =J5*135 -> 540 | BD5: =BB5-BC5 -> 576 | BE5: =BC5*AC5 -> 1674000 | BF5: =R5*J5 -> 500 | BG5: =J5*59 -> 236 | BH5: =BF5-BG5 -> 264 | BI5: =BG5*AC5 -> 731600 | BJ5: =S5*J5 -> 248 | BK5: =J5*30 -> 120 | BL5: =BJ5-BK5 -> 128 | BM5: =BK5*AC5 -> 372000 | BN5: =T5*J5 -> 1116 | BO5: =J5*135 -> 540 | BP5: =BN5-BO5 -> 576 | BQ5: =BO5*AC5 -> 1674000 | BR5: =U5*J5 -> 744 | BS5: =J5*90 -> 360 | BT5: =BR5-BS5 -> 384 | BU5: =BS5*AC5 -> 1116000 | BV5: =V5*J5 -> 128 | BW5: =J5*16 -> 64 | BX5: =BV5-BW5 -> 64 | BY5: =BW5*AC5 -> 198400 | BZ5: =W5*J5 -> 48 | CA5: =J5*6 -> 24 | CB5: =BZ5-CA5 -> 24 | CC5: =CA5*AC5 -> 74400 | CD5: =X5*J5 -> 744 | CE5: =J5*90 -> 360 | CF5: =CD5-CE5 -> 384 | CG5: =CE5*AC5 -> 1116000 | CH5: =Y5*J5 -> 744 | CI5: =J5*90 -> 360 | CJ5: =CH5-CI5 -> 384 | CK5: =CI5*AC5 -> 1116000
B6: ='PLAN DE NECESIDADES'!B6 -> 2 | C6: ='PLAN DE NECESIDADES'!C6 -> 2791301 | D6: ='PLAN DE NECESIDADES'!D6 -> PARCHE DE EJÉRCITO: ESPECIFICACIONES TÉCNICAS DE ACUERDO A LA NORMA TÉCNICA KIT DE DOTACIÓN. NO. NTMD-0356 - A2. | E6: ='PLAN DE NECESIDADES'!E6 -> UNIDAD | F6: ='PLAN DE NECESIDADES'!F6 -> 0 | G6: ='PLAN DE NECESIDADES'!H6 -> 11161701 | H6: ='PLAN DE NECESIDADES'!I6 -> 1898472 | I6: ='PLAN DE NECESIDADES'!J6 -> SIN CREAR | J6: 2 | K6: 69 | L6: 217 | M6: 279 | N6: 217 | O6: 248 | P6: 248 | Q6: 279 | R6: 125 | S6: 62 | T6: 279 | U6: 186 | V6: 32 | W6: 12 | X6: 186 | Y6: 186 | Z6: =SUM(AD6,AH6,AL6,AP6,AT6,AX6,BB6,BF6,BJ6,BN6,BR6,BV6,BZ6,CD6,CH6) -> 5312 | AA6: =SUM(AE6,AI6,AM6,AQ6,AU6,AY6,BC6,BG6,BK6,BO6,BS6,BW6,CA6,CE6,CI6) -> 2538 | AB6: =SUM(AF6,AJ6,AN6,AR6,AV6,AZ6,BD6,BH6,BL6,BP6,BT6,BX6,CB6,CF6,CJ6) -> 2774 | AC6: 3900 | AD6: =K6*J6 -> 138 | AE6: =J6*34 -> 68 | AF6: =AD6-AE6 -> 70 | AG6: =AC6*AE6 -> 265200 | AH6: =L6*J6 -> 434 | AI6: =J6*105 -> 210 | AJ6: =AH6-AI6 -> 224 | AK6: =AC6*AI6 -> 819000 | AL6: =M6*J6 -> 558 | AM6: =J6*135 -> 270 | AN6: =AL6-AM6 -> 288 | AO6: =AC6*AM6 -> 1053000 | AP6: =N6*J6 -> 434 | AQ6: =J6*105 -> 210 | AR6: =AP6-AQ6 -> 224 | AS6: =AC6*AQ6 -> 819000 | AT6: =M6*J6 -> 558 | AU6: =J6*120 -> 240 | AV6: =AT6-AU6 -> 318 | AW6: =AU6*AC6 -> 936000 | AX6: =P6*J6 -> 496 | AY6: =J6*120 -> 240 | AZ6: =AX6-AY6 -> 256 | BA6: =AC6*AY6 -> 936000 | BB6: =Q6*J6 -> 558 | BC6: =J6*135 -> 270 | BD6: =BB6-BC6 -> 288 | BE6: =BC6*AC6 -> 1053000 | BF6: =R6*J6 -> 250 | BG6: =J6*58 -> 116 | BH6: =BF6-BG6 -> 134 | BI6: =BG6*AC6 -> 452400 | BJ6: =S6*J6 -> 124 | BK6: =J6*30 -> 60 | BL6: =BJ6-BK6 -> 64 | BM6: =BK6*AC6 -> 234000 | BN6: =T6*J6 -> 558 | BO6: =J6*135 -> 270 | BP6: =BN6-BO6 -> 288 | BQ6: =BO6*AC6 -> 1053000 | BR6: =U6*J6 -> 372 | BS6: =J6*90 -> 180 | BT6: =BR6-BS6 -> 192 | BU6: =BS6*AC6 -> 702000 | BV6: =V6*J6 -> 64 | BW6: =J6*16 -> 32 | BX6: =BV6-BW6 -> 32 | BY6: =BW6*AC6 -> 124800 | BZ6: =W6*J6 -> 24 | CA6: =J6*6 -> 12 | CB6: =BZ6-CA6 -> 12 | CC6: =CA6*AC6 -> 46800 | CD6: =X6*J6 -> 372 | CE6: =J6*90 -> 180 | CF6: =CD6-CE6 -> 192 | CG6: =CE6*AC6 -> 702000 | CH6: =Y6*J6 -> 372 | CI6: =J6*90 -> 180 | CJ6: =CH6-CI6 -> 192 | CK6: =CI6*AC6 -> 702000
B7: ='PLAN DE NECESIDADES'!B7 -> 3 | C7: ='PLAN DE NECESIDADES'!C7 -> 2791301 | D7: ='PLAN DE NECESIDADES'!D7 -> PARCHES DE LA UNIDAD SUPERIOR Y SUBALTERNA: ESPECIFICACIONES TÉCNICAS DE ACUERDO A LA NORMA TÉCNICA KIT DE DOTACIÓN N°. NTMD-0356 - A2. | E7: ='PLAN DE NECESIDADES'!E7 -> UNIDAD | F7: ='PLAN DE NECESIDADES'!F7 -> 0 | G7: ='PLAN DE NECESIDADES'!H7 -> 11161701 | H7: ='PLAN DE NECESIDADES'!I7 -> 1343999 | I7: ='PLAN DE NECESIDADES'!J7 -> SIN CREAR | J7: 4 | K7: 69 | L7: 217 | M7: 279 | N7: 217 | O7: 248 | P7: 248 | Q7: 279 | R7: 125 | S7: 62 | T7: 279 | U7: 186 | V7: 32 | W7: 12 | X7: 186 | Y7: 186 | Z7: =SUM(AD7,AH7,AL7,AP7,AT7,AX7,BB7,BF7,BJ7,BN7,BR7,BV7,BZ7,CD7,CH7) -> 10624 | AA7: =SUM(AE7,AI7,AM7,AQ7,AU7,AY7,BC7,BG7,BK7,BO7,BS7,BW7,CA7,CE7,CI7) -> 5076 | AB7: =SUM(AF7,AJ7,AN7,AR7,AV7,AZ7,BD7,BH7,BL7,BP7,BT7,BX7,CB7,CF7,CJ7) -> 5548 | AC7: 4100 | AD7: =K7*J7 -> 276 | AE7: =J7*34 -> 136 | AF7: =AD7-AE7 -> 140 | AG7: =AC7*AE7 -> 557600 | AH7: =L7*J7 -> 868 | AI7: =J7*105 -> 420 | AJ7: =AH7-AI7 -> 448 | AK7: =AC7*AI7 -> 1722000 | AL7: =M7*J7 -> 1116 | AM7: =J7*135 -> 540 | AN7: =AL7-AM7 -> 576 | AO7: =AC7*AM7 -> 2214000 | AP7: =N7*J7 -> 868 | AQ7: =J7*105 -> 420 | AR7: =AP7-AQ7 -> 448 | AS7: =AC7*AQ7 -> 1722000 | AT7: =M7*J7 -> 1116 | AU7: =J7*120 -> 480 | AV7: =AT7-AU7 -> 636 | AW7: =AU7*AC7 -> 1968000 | AX7: =P7*J7 -> 992 | AY7: =J7*120 -> 480 | AZ7: =AX7-AY7 -> 512 | BA7: =AC7*AY7 -> 1968000 | BB7: =Q7*J7 -> 1116 | BC7: =J7*135 -> 540 | BD7: =BB7-BC7 -> 576 | BE7: =BC7*AC7 -> 2214000 | BF7: =R7*J7 -> 500 | BG7: =J7*58 -> 232 | BH7: =BF7-BG7 -> 268 | BI7: =BG7*AC7 -> 951200 | BJ7: =S7*J7 -> 248 | BK7: =J7*30 -> 120 | BL7: =BJ7-BK7 -> 128 | BM7: =BK7*AC7 -> 492000 | BN7: =T7*J7 -> 1116 | BO7: =J7*135 -> 540 | BP7: =BN7-BO7 -> 576 | BQ7: =BO7*AC7 -> 2214000 | BR7: =U7*J7 -> 744 | BS7: =J7*90 -> 360 | BT7: =BR7-BS7 -> 384 | BU7: =BS7*AC7 -> 1476000 | BV7: =V7*J7 -> 128 | BW7: =J7*16 -> 64 | BX7: =BV7-BW7 -> 64 | BY7: =BW7*AC7 -> 262400 | BZ7: =W7*J7 -> 48 | CA7: =J7*6 -> 24 | CB7: =BZ7-CA7 -> 24 | CC7: =CA7*AC7 -> 98400 | CD7: =X7*J7 -> 744 | CE7: =J7*90 -> 360 | CF7: =CD7-CE7 -> 384 | CG7: =CE7*AC7 -> 1476000 | CH7: =Y7*J7 -> 744 | CI7: =J7*90 -> 360 | CJ7: =CH7-CI7 -> 384 | CK7: =CI7*AC7 -> 1476000
B8: ='PLAN DE NECESIDADES'!B8 -> 4 | C8: ='PLAN DE NECESIDADES'!C8 -> 2791301 | D8: ='PLAN DE NECESIDADES'!D8 -> BANDERA DE IDENTIFICACIÓN COLOMBIA: PARA UNIFORME DE COMBATE CAMUFLADO TIPO SELVA "CAMALEÓN" ESPECIFICACIONES TÉCNICAS DE ACUERDO AL BOLETÍN N°.001 ESTANDARIZACIÓN DE LA BANDERA DE IDENTIFICACIÓN EMPLEADA EN EL UNIFORME Nº4 Y 4A DEL PATRÓN DE CAMUFLAJE TERRESTRE "CAMALEÓN". | E8: ='PLAN DE NECESIDADES'!E8 -> UNIDAD | F8: ='PLAN DE NECESIDADES'!F8 -> 0 | G8: ='PLAN DE NECESIDADES'!H8 -> 11161701 | H8: ='PLAN DE NECESIDADES'!I8 -> 1347326 | I8: ='PLAN DE NECESIDADES'!J8 -> SIN CREAR | J8: 2 | K8: 69 | L8: 217 | M8: 279 | N8: 217 | O8: 248 | P8: 248 | Q8: 279 | R8: 125 | S8: 62 | T8: 279 | U8: 186 | V8: 32 | W8: 12 | X8: 186 | Y8: 186 | Z8: =SUM(AD8,AH8,AL8,AP8,AT8,AX8,BB8,BF8,BJ8,BN8,BR8,BV8,BZ8,CD8,CH8) -> 5312 | AA8: =SUM(AE8,AI8,AM8,AQ8,AU8,AY8,BC8,BG8,BK8,BO8,BS8,BW8,CA8,CE8,CI8) -> 2536 | AB8: =SUM(AF8,AJ8,AN8,AR8,AV8,AZ8,BD8,BH8,BL8,BP8,BT8,BX8,CB8,CF8,CJ8) -> 2776 | AC8: 5300 | AD8: =K8*J8 -> 138 | AE8: =J8*33 -> 66 | AF8: =AD8-AE8 -> 72 | AG8: =AC8*AE8 -> 349800 | AH8: =L8*J8 -> 434 | AI8: =J8*105 -> 210 | AJ8: =AH8-AI8 -> 224 | AK8: =AC8*AI8 -> 1113000 | AL8: =M8*J8 -> 558 | AM8: =J8*135 -> 270 | AN8: =AL8-AM8 -> 288 | AO8: =AC8*AM8 -> 1431000 | AP8: =N8*J8 -> 434 | AQ8: =J8*105 -> 210 | AR8: =AP8-AQ8 -> 224 | AS8: =AC8*AQ8 -> 1113000 | AT8: =M8*J8 -> 558 | AU8: =J8*120 -> 240 | AV8: =AT8-AU8 -> 318 | AW8: =AU8*AC8 -> 1272000 | AX8: =P8*J8 -> 496 | AY8: =J8*120 -> 240 | AZ8: =AX8-AY8 -> 256 | BA8: =AC8*AY8 -> 1272000 | BB8: =Q8*J8 -> 558 | BC8: =J8*135 -> 270 | BD8: =BB8-BC8 -> 288 | BE8: =BC8*AC8 -> 1431000 | BF8: =R8*J8 -> 250 | BG8: =J8*58 -> 116 | BH8: =BF8-BG8 -> 134 | BI8: =BG8*AC8 -> 614800 | BJ8: =S8*J8 -> 124 | BK8: =J8*30 -> 60 | BL8: =BJ8-BK8 -> 64 | BM8: =BK8*AC8 -> 318000 | BN8: =T8*J8 -> 558 | BO8: =J8*135 -> 270 | BP8: =BN8-BO8 -> 288 | BQ8: =BO8*AC8 -> 1431000 | BR8: =U8*J8 -> 372 | BS8: =J8*90 -> 180 | BT8: =BR8-BS8 -> 192 | BU8: =BS8*AC8 -> 954000 | BV8: =V8*J8 -> 64 | BW8: =J8*16 -> 32 | BX8: =BV8-BW8 -> 32 | BY8: =BW8*AC8 -> 169600 | BZ8: =W8*J8 -> 24 | CA8: =J8*6 -> 12 | CB8: =BZ8-CA8 -> 12 | CC8: =CA8*AC8 -> 63600 | CD8: =X8*J8 -> 372 | CE8: =J8*90 -> 180 | CF8: =CD8-CE8 -> 192 | CG8: =CE8*AC8 -> 954000 | CH8: =Y8*J8 -> 372 | CI8: =J8*90 -> 180 | CJ8: =CH8-CI8 -> 192 | CK8: =CI8*AC8 -> 954000
B9: ='PLAN DE NECESIDADES'!B9 -> 5 | C9: ='PLAN DE NECESIDADES'!C9 -> 2791301 | D9: ='PLAN DE NECESIDADES'!D9 -> PARCHE PARA IDENTIFICACIÓN GRUPO SANGUÍNEO: ESPECIFICACIONES TÉCNICAS DE ACUERDO A LA NORMA TÉCNICA KIT DE DOTACIÓN N°. NTMD-0356 - A2. | E9: ='PLAN DE NECESIDADES'!E9 -> UNIDAD | F9: ='PLAN DE NECESIDADES'!F9 -> 0 | G9: ='PLAN DE NECESIDADES'!H9 -> 11161701 | H9: ='PLAN DE NECESIDADES'!I9 -> 1143174 | I9: ='PLAN DE NECESIDADES'!J9 -> SIN CREAR | J9: 2 | K9: 69 | L9: 217 | M9: 279 | N9: 217 | O9: 248 | P9: 248 | Q9: 279 | R9: 125 | S9: 62 | T9: 279 | U9: 186 | V9: 32 | W9: 12 | X9: 186 | Y9: 186 | Z9: =SUM(AD9,AH9,AL9,AP9,AT9,AX9,BB9,BF9,BJ9,BN9,BR9,BV9,BZ9,CD9,CH9) -> 5312 | AA9: =SUM(AE9,AI9,AM9,AQ9,AU9,AY9,BC9,BG9,BK9,BO9,BS9,BW9,CA9,CE9,CI9) -> 2534 | AB9: =SUM(AF9,AJ9,AN9,AR9,AV9,AZ9,BD9,BH9,BL9,BP9,BT9,BX9,CB9,CF9,CJ9) -> 2778 | AC9: 3700 | AD9: =K9*J9 -> 138 | AE9: =J9*33 -> 66 | AF9: =AD9-AE9 -> 72 | AG9: =AC9*AE9 -> 244200 | AH9: =L9*J9 -> 434 | AI9: =J9*104 -> 208 | AJ9: =AH9-AI9 -> 226 | AK9: =AC9*AI9 -> 769600 | AL9: =M9*J9 -> 558 | AM9: =J9*135 -> 270 | AN9: =AL9-AM9 -> 288 | AO9: =AC9*AM9 -> 999000 | AP9: =N9*J9 -> 434 | AQ9: =J9*105 -> 210 | AR9: =AP9-AQ9 -> 224 | AS9: =AC9*AQ9 -> 777000 | AT9: =M9*J9 -> 558 | AU9: =J9*120 -> 240 | AV9: =AT9-AU9 -> 318 | AW9: =AU9*AC9 -> 888000 | AX9: =P9*J9 -> 496 | AY9: =J9*120 -> 240 | AZ9: =AX9-AY9 -> 256 | BA9: =AC9*AY9 -> 888000 | BB9: =Q9*J9 -> 558 | BC9: =J9*135 -> 270 | BD9: =BB9-BC9 -> 288 | BE9: =BC9*AC9 -> 999000 | BF9: =R9*J9 -> 250 | BG9: =J9*58 -> 116 | BH9: =BF9-BG9 -> 134 | BI9: =BG9*AC9 -> 429200 | BJ9: =S9*J9 -> 124 | BK9: =J9*30 -> 60 | BL9: =BJ9-BK9 -> 64 | BM9: =BK9*AC9 -> 222000 | BN9: =T9*J9 -> 558 | BO9: =J9*135 -> 270 | BP9: =BN9-BO9 -> 288 | BQ9: =BO9*AC9 -> 999000 | BR9: =U9*J9 -> 372 | BS9: =J9*90 -> 180 | BT9: =BR9-BS9 -> 192 | BU9: =BS9*AC9 -> 666000 | BV9: =V9*J9 -> 64 | BW9: =J9*16 -> 32 | BX9: =BV9-BW9 -> 32 | BY9: =BW9*AC9 -> 118400 | BZ9: =W9*J9 -> 24 | CA9: =J9*6 -> 12 | CB9: =BZ9-CA9 -> 12 | CC9: =CA9*AC9 -> 44400 | CD9: =X9*J9 -> 372 | CE9: =J9*90 -> 180 | CF9: =CD9-CE9 -> 192 | CG9: =CE9*AC9 -> 666000 | CH9: =Y9*J9 -> 372 | CI9: =J9*90 -> 180 | CJ9: =CH9-CI9 -> 192 | CK9: =CI9*AC9 -> 666000
B10: ='PLAN DE NECESIDADES'!B10 -> 6 | C10: ='PLAN DE NECESIDADES'!C10 -> 2791301 | D10: ='PLAN DE NECESIDADES'!D10 -> INSIGNIA DEL GRADO SOLDADO: ESPECIFICACIONES TÉCNICAS DE ACUERDO A LA NORMA TÉCNICA KIT DE DOTACIÓN N°. NTMD-0356 - A2. | E10: ='PLAN DE NECESIDADES'!E10 -> JUEGO | F10: ='PLAN DE NECESIDADES'!F10 -> 0 | G10: ='PLAN DE NECESIDADES'!H10 -> 11161701 | H10: ='PLAN DE NECESIDADES'!I10 -> 1047424 | I10: ='PLAN DE NECESIDADES'!J10 -> SIN CREAR | J10: 2 | K10: 69 | L10: 217 | M10: 279 | N10: 217 | O10: 248 | P10: 248 | Q10: 279 | R10: 125 | S10: 62 | T10: 279 | U10: 186 | V10: 32 | W10: 12 | X10: 186 | Y10: 186 | Z10: =SUM(AD10,AH10,AL10,AP10,AT10,AX10,BB10,BF10,BJ10,BN10,BR10,BV10,BZ10,CD10,CH10) -> 5312 | AA10: =SUM(AE10,AI10,AM10,AQ10,AU10,AY10,BC10,BG10,BK10,BO10,BS10,BW10,CA10,CE10,CI10) -> 2534 | AB10: =SUM(AF10,AJ10,AN10,AR10,AV10,AZ10,BD10,BH10,BL10,BP10,BT10,BX10,CB10,CF10,CJ10) -> 2778 | AC10: 14900 | AD10: =K10*J10 -> 138 | AE10: =J10*33 -> 66 | AF10: =AD10-AE10 -> 72 | AG10: =AC10*AE10 -> 983400 | AH10: =L10*J10 -> 434 | AI10: =J10*105 -> 210 | AJ10: =AH10-AI10 -> 224 | AK10: =AC10*AI10 -> 3129000 | AL10: =M10*J10 -> 558 | AM10: =J10*135 -> 270 | AN10: =AL10-AM10 -> 288 | AO10: =AC10*AM10 -> 4023000 | AP10: =N10*J10 -> 434 | AQ10: =J10*105 -> 210 | AR10: =AP10-AQ10 -> 224 | AS10: =AC10*AQ10 -> 3129000 | AT10: =M10*J10 -> 558 | AU10: =J10*120 -> 240 | AV10: =AT10-AU10 -> 318 | AW10: =AU10*AC10 -> 3576000 | AX10: =P10*J10 -> 496 | AY10: =J10*120 -> 240 | AZ10: =AX10-AY10 -> 256 | BA10: =AC10*AY10 -> 3576000 | BB10: =Q10*J10 -> 558 | BC10: =J10*135 -> 270 | BD10: =BB10-BC10 -> 288 | BE10: =BC10*AC10 -> 4023000 | BF10: =R10*J10 -> 250 | BG10: =J10*58 -> 116 | BH10: =BF10-BG10 -> 134 | BI10: =BG10*AC10 -> 1728400 | BJ10: =S10*J10 -> 124 | BK10: =J10*30 -> 60 | BL10: =BJ10-BK10 -> 64 | BM10: =BK10*AC10 -> 894000 | BN10: =T10*J10 -> 558 | BO10: =J10*135 -> 270 | BP10: =BN10-BO10 -> 288 | BQ10: =BO10*AC10 -> 4023000 | BR10: =U10*J10 -> 372 | BS10: =J10*90 -> 180 | BT10: =BR10-BS10 -> 192 | BU10: =BS10*AC10 -> 2682000 | BV10: =V10*J10 -> 64 | BW10: =J10*15 -> 30 | BX10: =BV10-BW10 -> 34 | BY10: =BW10*AC10 -> 447000 | BZ10: =W10*J10 -> 24 | CA10: =J10*6 -> 12 | CB10: =BZ10-CA10 -> 12 | CC10: =CA10*AC10 -> 178800 | CD10: =X10*J10 -> 372 | CE10: =J10*90 -> 180 | CF10: =CD10-CE10 -> 192 | CG10: =CE10*AC10 -> 2682000 | CH10: =Y10*J10 -> 372 | CI10: =J10*90 -> 180 | CJ10: =CH10-CI10 -> 192 | CK10: =CI10*AC10 -> 2682000
B11: ='PLAN DE NECESIDADES'!B11 -> 7 | C11: ='PLAN DE NECESIDADES'!C11 -> 2791301 | D11: ='PLAN DE NECESIDADES'!D11 -> BRAZALETES TÁCTICOS X JUEGO DE 4: ESPECIFICACIONES TÉCNICAS DE ACUERDO A LA NORMA TÉCNICA KIT DE DOTACIÓN N°. NTMD-0356 - A2. | E11: ='PLAN DE NECESIDADES'!E11 -> JUEGO | F11: ='PLAN DE NECESIDADES'!F11 -> 0 | G11: ='PLAN DE NECESIDADES'!H11 -> 11161701 | H11: ='PLAN DE NECESIDADES'!I11 -> 1248964 | I11: ='PLAN DE NECESIDADES'!J11 -> 8455-80-0011302 | J11: 1 | K11: 69 | L11: 217 | M11: 279 | N11: 217 | O11: 248 | P11: 248 | Q11: 279 | R11: 125 | S11: 62 | T11: 279 | U11: 186 | V11: 32 | W11: 12 | X11: 186 | Y11: 186 | Z11: =SUM(AD11,AH11,AL11,AP11,AT11,AX11,BB11,BF11,BJ11,BN11,BR11,BV11,BZ11,CD11,CH11) -> 2656 | AA11: =SUM(AE11,AI11,AM11,AQ11,AU11,AY11,BC11,BG11,BK11,BO11,BS11,BW11,CA11,CE11,CI11) -> 1260 | AB11: =SUM(AF11,AJ11,AN11,AR11,AV11,AZ11,BD11,BH11,BL11,BP11,BT11,BX11,CB11,CF11,CJ11) -> 1396 | AC11: 8200 | AD11: =K11*J11 -> 69 | AE11: =J11*33 -> 33 | AF11: =AD11-AE11 -> 36 | AG11: =AC11*AE11 -> 270600 | AH11: =L11*J11 -> 217 | AI11: =J11*105 -> 105 | AJ11: =AH11-AI11 -> 112 | AK11: =AC11*AI11 -> 861000 | AL11: =M11*J11 -> 279 | AM11: =J11*134 -> 134 | AN11: =AL11-AM11 -> 145 | AO11: =AC11*AM11 -> 1098800 | AP11: =N11*J11 -> 217 | AQ11: =J11*105 -> 105 | AR11: =AP11-AQ11 -> 112 | AS11: =AC11*AQ11 -> 861000 | AT11: =M11*J11 -> 279 | AU11: =J11*120 -> 120 | AV11: =AT11-AU11 -> 159 | AW11: =AU11*AC11 -> 984000 | AX11: =P11*J11 -> 248 | AY11: =J11*119 -> 119 | AZ11: =AX11-AY11 -> 129 | BA11: =AC11*AY11 -> 975800 | BB11: =Q11*J11 -> 279 | BC11: =J11*134 -> 134 | BD11: =BB11-BC11 -> 145 | BE11: =BC11*AC11 -> 1098800 | BF11: =R11*J11 -> 125 | BG11: =J11*58 -> 58 | BH11: =BF11-BG11 -> 67 | BI11: =BG11*AC11 -> 475600 | BJ11: =S11*J11 -> 62 | BK11: =J11*30 -> 30 | BL11: =BJ11-BK11 -> 32 | BM11: =BK11*AC11 -> 246000 | BN11: =T11*J11 -> 279 | BO11: =J11*135 -> 135 | BP11: =BN11-BO11 -> 144 | BQ11: =BO11*AC11 -> 1107000 | BR11: =U11*J11 -> 186 | BS11: =J11*89 -> 89 | BT11: =BR11-BS11 -> 97 | BU11: =BS11*AC11 -> 729800 | BV11: =V11*J11 -> 32 | BW11: =J11*15 -> 15 | BX11: =BV11-BW11 -> 17 | BY11: =BW11*AC11 -> 123000 | BZ11: =W11*J11 -> 12 | CA11: =J11*5 -> 5 | CB11: =BZ11-CA11 -> 7 | CC11: =CA11*AC11 -> 41000 | CD11: =X11*J11 -> 186 | CE11: =J11*89 -> 89 | CF11: =CD11-CE11 -> 97 | CG11: =CE11*AC11 -> 729800 | CH11: =Y11*J11 -> 186 | CI11: =J11*89 -> 89 | CJ11: =CH11-CI11 -> 97 | CK11: =CI11*AC11 -> 729800
B12: ='PLAN DE NECESIDADES'!B12 -> 8 | C12: ='PLAN DE NECESIDADES'!C12 -> 2791301 | D12: ='PLAN DE NECESIDADES'!D12 -> OJOS DE GATO: ESPECIFICACIONES TÉCNICAS DE ACUERDO A LA NORMA TÉCNICA KIT DE DOTACIÓN N°. NTMD-0356 - A2. | E12: ='PLAN DE NECESIDADES'!E12 -> UNIDAD | F12: ='PLAN DE NECESIDADES'!F12 -> 0 | G12: ='PLAN DE NECESIDADES'!H12 -> 11161701 | H12: ='PLAN DE NECESIDADES'!I12 -> 1082391 | I12: ='PLAN DE NECESIDADES'!J12 -> SIN CREAR | J12: 2 | K12: 69 | L12: 217 | M12: 279 | N12: 217 | O12: 248 | P12: 248 | Q12: 279 | R12: 125 | S12: 62 | T12: 279 | U12: 186 | V12: 32 | W12: 12 | X12: 186 | Y12: 186 | Z12: =SUM(AD12,AH12,AL12,AP12,AT12,AX12,BB12,BF12,BJ12,BN12,BR12,BV12,BZ12,CD12,CH12) -> 5312 | AA12: =SUM(AE12,AI12,AM12,AQ12,AU12,AY12,BC12,BG12,BK12,BO12,BS12,BW12,CA12,CE12,CI12) -> 2534 | AB12: =SUM(AF12,AJ12,AN12,AR12,AV12,AZ12,BD12,BH12,BL12,BP12,BT12,BX12,CB12,CF12,CJ12) -> 2778 | AC12: 4100 | AD12: =K12*J12 -> 138 | AE12: =J12*33 -> 66 | AF12: =AD12-AE12 -> 72 | AG12: =AC12*AE12 -> 270600 | AH12: =L12*J12 -> 434 | AI12: =J12*105 -> 210 | AJ12: =AH12-AI12 -> 224 | AK12: =AC12*AI12 -> 861000 | AL12: =M12*J12 -> 558 | AM12: =J12*135 -> 270 | AN12: =AL12-AM12 -> 288 | AO12: =AC12*AM12 -> 1107000 | AP12: =N12*J12 -> 434 | AQ12: =J12*105 -> 210 | AR12: =AP12-AQ12 -> 224 | AS12: =AC12*AQ12 -> 861000 | AT12: =M12*J12 -> 558 | AU12: =J12*120 -> 240 | AV12: =AT12-AU12 -> 318 | AW12: =AU12*AC12 -> 984000 | AX12: =P12*J12 -> 496 | AY12: =J12*120 -> 240 | AZ12: =AX12-AY12 -> 256 | BA12: =AC12*AY12 -> 984000 | BB12: =Q12*J12 -> 558 | BC12: =J12*135 -> 270 | BD12: =BB12-BC12 -> 288 | BE12: =BC12*AC12 -> 1107000 | BF12: =R12*J12 -> 250 | BG12: =J12*58 -> 116 | BH12: =BF12-BG12 -> 134 | BI12: =BG12*AC12 -> 475600 | BJ12: =S12*J12 -> 124 | BK12: =J12*30 -> 60 | BL12: =BJ12-BK12 -> 64 | BM12: =BK12*AC12 -> 246000 | BN12: =T12*J12 -> 558 | BO12: =J12*135 -> 270 | BP12: =BN12-BO12 -> 288 | BQ12: =BO12*AC12 -> 1107000 | BR12: =U12*J12 -> 372 | BS12: =J12*90 -> 180 | BT12: =BR12-BS12 -> 192 | BU12: =BS12*AC12 -> 738000 | BV12: =V12*J12 -> 64 | BW12: =J12*15 -> 30 | BX12: =BV12-BW12 -> 34 | BY12: =BW12*AC12 -> 123000 | BZ12: =W12*J12 -> 24 | CA12: =J12*6 -> 12 | CB12: =BZ12-CA12 -> 12 | CC12: =CA12*AC12 -> 49200 | CD12: =X12*J12 -> 372 | CE12: =J12*90 -> 180 | CF12: =CD12-CE12 -> 192 | CG12: =CE12*AC12 -> 738000 | CH12: =Y12*J12 -> 372 | CI12: =J12*90 -> 180 | CJ12: =CH12-CI12 -> 192 | CK12: =CI12*AC12 -> 738000
B13: ='PLAN DE NECESIDADES'!B13 -> 9 | C13: ='PLAN DE NECESIDADES'!C13 -> 2792201 | D13: ='PLAN DE NECESIDADES'!D13 -> LIGAS PARA BOTA MANGA PANTALÓN CAMUFLADO: ESPECIFICACIONES TÉCNICAS DE ACUERDO A LA NORMA TÉCNICA KIT DE DOTACIÓN N°. NTMD-0356 - A2. | E13: ='PLAN DE NECESIDADES'!E13 -> PAR | F13: ='PLAN DE NECESIDADES'!F13 -> 0 | G13: ='PLAN DE NECESIDADES'!H13 -> 53102509 | H13: ='PLAN DE NECESIDADES'!I13 -> 1127360 | I13: ='PLAN DE NECESIDADES'!J13 -> 8440-80-0011394 | J13: 1 | K13: 69 | L13: 217 | M13: 279 | N13: 217 | O13: 248 | P13: 248 | Q13: 279 | R13: 125 | S13: 62 | T13: 279 | U13: 186 | V13: 32 | W13: 12 | X13: 186 | Y13: 186 | Z13: =SUM(AD13,AH13,AL13,AP13,AT13,AX13,BB13,BF13,BJ13,BN13,BR13,BV13,BZ13,CD13,CH13) -> 2656 | AA13: =SUM(AE13,AI13,AM13,AQ13,AU13,AY13,BC13,BG13,BK13,BO13,BS13,BW13,CA13,CE13,CI13) -> 1258 | AB13: =SUM(AF13,AJ13,AN13,AR13,AV13,AZ13,BD13,BH13,BL13,BP13,BT13,BX13,CB13,CF13,CJ13) -> 1398 | AC13: 3400 | AD13: =K13*J13 -> 69 | AE13: =J13*34 -> 34 | AF13: =AD13-AE13 -> 35 | AG13: =AC13*AE13 -> 115600 | AH13: =L13*J13 -> 217 | AI13: =J13*104 -> 104 | AJ13: =AH13-AI13 -> 113 | AK13: =AC13*AI13 -> 353600 | AL13: =M13*J13 -> 279 | AM13: =J13*134 -> 134 | AN13: =AL13-AM13 -> 145 | AO13: =AC13*AM13 -> 455600 | AP13: =N13*J13 -> 217 | AQ13: =J13*106 -> 106 | AR13: =AP13-AQ13 -> 111 | AS13: =AC13*AQ13 -> 360400 | AT13: =M13*J13 -> 279 | AU13: =J13*118 -> 118 | AV13: =AT13-AU13 -> 161 | AW13: =AU13*AC13 -> 401200 | AX13: =P13*J13 -> 248 | AY13: =J13*119 -> 119 | AZ13: =AX13-AY13 -> 129 | BA13: =AC13*AY13 -> 404600 | BB13: =Q13*J13 -> 279 | BC13: =J13*134 -> 134 | BD13: =BB13-BC13 -> 145 | BE13: =BC13*AC13 -> 455600 | BF13: =R13*J13 -> 125 | BG13: =J13*58 -> 58 | BH13: =BF13-BG13 -> 67 | BI13: =BG13*AC13 -> 197200 | BJ13: =S13*J13 -> 62 | BK13: =J13*29 -> 29 | BL13: =BJ13-BK13 -> 33 | BM13: =BK13*AC13 -> 98600 | BN13: =T13*J13 -> 279 | BO13: =J13*133 -> 133 | BP13: =BN13-BO13 -> 146 | BQ13: =BO13*AC13 -> 452200 | BR13: =U13*J13 -> 186 | BS13: =J13*90 -> 90 | BT13: =BR13-BS13 -> 96 | BU13: =BS13*AC13 -> 306000 | BV13: =V13*J13 -> 32 | BW13: =J13*15 -> 15 | BX13: =BV13-BW13 -> 17 | BY13: =BW13*AC13 -> 51000 | BZ13: =W13*J13 -> 12 | CA13: =J13*4 -> 4 | CB13: =BZ13-CA13 -> 8 | CC13: =CA13*AC13 -> 13600 | CD13: =X13*J13 -> 186 | CE13: =J13*90 -> 90 | CF13: =CD13-CE13 -> 96 | CG13: =CE13*AC13 -> 306000 | CH13: =Y13*J13 -> 186 | CI13: =J13*90 -> 90 | CJ13: =CH13-CI13 -> 96 | CK13: =CI13*AC13 -> 306000
B14: ='PLAN DE NECESIDADES'!B14 -> 10 | C14: ='PLAN DE NECESIDADES'!C14 -> 2712007 | D14: ='PLAN DE NECESIDADES'!D14 -> PAÑUELO: ESPECIFICACIONES TÉCNICAS DE ACUERDO A LA NORMA TÉCNICA KIT DE DOTACIÓN N°. NTMD-0356 - A2. | E14: ='PLAN DE NECESIDADES'!E14 -> UNIDAD | F14: ='PLAN DE NECESIDADES'!F14 -> 0 | G14: ='PLAN DE NECESIDADES'!H14 -> 53102512 | H14: ='PLAN DE NECESIDADES'!I14 -> 1316012 | I14: ='PLAN DE NECESIDADES'!J14 -> 8440-80-0011303 | J14: 2 | K14: 69 | L14: 217 | M14: 279 | N14: 217 | O14: 248 | P14: 248 | Q14: 279 | R14: 125 | S14: 62 | T14: 279 | U14: 186 | V14: 32 | W14: 12 | X14: 186 | Y14: 186 | Z14: =SUM(AD14,AH14,AL14,AP14,AT14,AX14,BB14,BF14,BJ14,BN14,BR14,BV14,BZ14,CD14,CH14) -> 5312 | AA14: =SUM(AE14,AI14,AM14,AQ14,AU14,AY14,BC14,BG14,BK14,BO14,BS14,BW14,CA14,CE14,CI14) -> 2532 | AB14: =SUM(AF14,AJ14,AN14,AR14,AV14,AZ14,BD14,BH14,BL14,BP14,BT14,BX14,CB14,CF14,CJ14) -> 2780 | AC14: 4000 | AD14: =K14*J14 -> 138 | AE14: =J14*33 -> 66 | AF14: =AD14-AE14 -> 72 | AG14: =AC14*AE14 -> 264000 | AH14: =L14*J14 -> 434 | AI14: =J14*105 -> 210 | AJ14: =AH14-AI14 -> 224 | AK14: =AC14*AI14 -> 840000 | AL14: =M14*J14 -> 558 | AM14: =J14*135 -> 270 | AN14: =AL14-AM14 -> 288 | AO14: =AC14*AM14 -> 1080000 | AP14: =N14*J14 -> 434 | AQ14: =J14*104 -> 208 | AR14: =AP14-AQ14 -> 226 | AS14: =AC14*AQ14 -> 832000 | AT14: =M14*J14 -> 558 | AU14: =J14*120 -> 240 | AV14: =AT14-AU14 -> 318 | AW14: =AU14*AC14 -> 960000 | AX14: =P14*J14 -> 496 | AY14: =J14*120 -> 240 | AZ14: =AX14-AY14 -> 256 | BA14: =AC14*AY14 -> 960000 | BB14: =Q14*J14 -> 558 | BC14: =J14*135 -> 270 | BD14: =BB14-BC14 -> 288 | BE14: =BC14*AC14 -> 1080000 | BF14: =R14*J14 -> 250 | BG14: =J14*58 -> 116 | BH14: =BF14-BG14 -> 134 | BI14: =BG14*AC14 -> 464000 | BJ14: =S14*J14 -> 124 | BK14: =J14*30 -> 60 | BL14: =BJ14-BK14 -> 64 | BM14: =BK14*AC14 -> 240000 | BN14: =T14*J14 -> 558 | BO14: =J14*135 -> 270 | BP14: =BN14-BO14 -> 288 | BQ14: =BO14*AC14 -> 1080000 | BR14: =U14*J14 -> 372 | BS14: =J14*90 -> 180 | BT14: =BR14-BS14 -> 192 | BU14: =BS14*AC14 -> 720000 | BV14: =V14*J14 -> 64 | BW14: =J14*15 -> 30 | BX14: =BV14-BW14 -> 34 | BY14: =BW14*AC14 -> 120000 | BZ14: =W14*J14 -> 24 | CA14: =J14*6 -> 12 | CB14: =BZ14-CA14 -> 12 | CC14: =CA14*AC14 -> 48000 | CD14: =X14*J14 -> 372 | CE14: =J14*90 -> 180 | CF14: =CD14-CE14 -> 192 | CG14: =CE14*AC14 -> 720000 | CH14: =Y14*J14 -> 372 | CI14: =J14*90 -> 180 | CJ14: =CH14-CI14 -> 192 | CK14: =CI14*AC14 -> 720000
B15: ='PLAN DE NECESIDADES'!B15 -> 11 | C15: ='PLAN DE NECESIDADES'!C15 -> 2799701 | D15: ='PLAN DE NECESIDADES'!D15 -> BOLSO PARA ÚTILES DE ASEO: ESPECIFICACIONES TÉCNICAS DE ACUERDO A LA NORMA TÉCNICA KIT DE DOTACIÓN N°. NTMD-0356 - A2. | E15: ='PLAN DE NECESIDADES'!E15 -> UNIDAD | F15: ='PLAN DE NECESIDADES'!F15 -> 0 | G15: ='PLAN DE NECESIDADES'!H15 -> 53121503 | H15: ='PLAN DE NECESIDADES'!I15 -> 1082376 | I15: ='PLAN DE NECESIDADES'!J15 -> SIN CREAR | J15: 1 | K15: 69 | L15: 217 | M15: 279 | N15: 217 | O15: 248 | P15: 248 | Q15: 279 | R15: 125 | S15: 62 | T15: 279 | U15: 186 | V15: 32 | W15: 12 | X15: 186 | Y15: 186 | Z15: =SUM(AD15,AH15,AL15,AP15,AT15,AX15,BB15,BF15,BJ15,BN15,BR15,BV15,BZ15,CD15,CH15) -> 2656 | AA15: =SUM(AE15,AI15,AM15,AQ15,AU15,AY15,BC15,BG15,BK15,BO15,BS15,BW15,CA15,CE15,CI15) -> 1262 | AB15: =SUM(AF15,AJ15,AN15,AR15,AV15,AZ15,BD15,BH15,BL15,BP15,BT15,BX15,CB15,CF15,CJ15) -> 1394 | AC15: 5400 | AD15: =K15*J15 -> 69 | AE15: =J15*33 -> 33 | AF15: =AD15-AE15 -> 36 | AG15: =AC15*AE15 -> 178200 | AH15: =L15*J15 -> 217 | AI15: =J15*105 -> 105 | AJ15: =AH15-AI15 -> 112 | AK15: =AC15*AI15 -> 567000 | AL15: =M15*J15 -> 279 | AM15: =J15*135 -> 135 | AN15: =AL15-AM15 -> 144 | AO15: =AC15*AM15 -> 729000 | AP15: =N15*J15 -> 217 | AQ15: =J15*104 -> 104 | AR15: =AP15-AQ15 -> 113 | AS15: =AC15*AQ15 -> 561600 | AT15: =M15*J15 -> 279 | AU15: =J15*119 -> 119 | AV15: =AT15-AU15 -> 160 | AW15: =AU15*AC15 -> 642600 | AX15: =P15*J15 -> 248 | AY15: =J15*120 -> 120 | AZ15: =AX15-AY15 -> 128 | BA15: =AC15*AY15 -> 648000 | BB15: =Q15*J15 -> 279 | BC15: =J15*135 -> 135 | BD15: =BB15-BC15 -> 144 | BE15: =BC15*AC15 -> 729000 | BF15: =R15*J15 -> 125 | BG15: =J15*58 -> 58 | BH15: =BF15-BG15 -> 67 | BI15: =BG15*AC15 -> 313200 | BJ15: =S15*J15 -> 62 | BK15: =J15*30 -> 30 | BL15: =BJ15-BK15 -> 32 | BM15: =BK15*AC15 -> 162000 | BN15: =T15*J15 -> 279 | BO15: =J15*134 -> 134 | BP15: =BN15-BO15 -> 145 | BQ15: =BO15*AC15 -> 723600 | BR15: =U15*J15 -> 186 | BS15: =J15*90 -> 90 | BT15: =BR15-BS15 -> 96 | BU15: =BS15*AC15 -> 486000 | BV15: =V15*J15 -> 32 | BW15: =J15*15 -> 15 | BX15: =BV15-BW15 -> 17 | BY15: =BW15*AC15 -> 81000 | BZ15: =W15*J15 -> 12 | CA15: =J15*4 -> 4 | CB15: =BZ15-CA15 -> 8 | CC15: =CA15*AC15 -> 21600 | CD15: =X15*J15 -> 186 | CE15: =J15*90 -> 90 | CF15: =CD15-CE15 -> 96 | CG15: =CE15*AC15 -> 486000 | CH15: =Y15*J15 -> 186 | CI15: =J15*90 -> 90 | CJ15: =CH15-CI15 -> 96 | CK15: =CI15*AC15 -> 486000
B16: ='PLAN DE NECESIDADES'!B16 -> 12 | C16: ='PLAN DE NECESIDADES'!C16 -> 2732099 | D16: ='PLAN DE NECESIDADES'!D16 -> MALLA PARA CABELLO COLOR NEGRO DE ACUERDO A ESPECIFICACIONES TÉCNICAS JEMPP-CEDE4-DIETE-ET-04937/INT-0 | E16: ='PLAN DE NECESIDADES'!E16 -> UNIDAD | F16: ='PLAN DE NECESIDADES'!F16 -> 0 | G16: ='PLAN DE NECESIDADES'!H16 -> 53102513 | H16: ='PLAN DE NECESIDADES'!I16 -> 1893958 | I16: ='PLAN DE NECESIDADES'!J16 -> SIN CREAR | J16: 1 | R16: 125 | Z16: =SUM(AD16,AH16,AL16,AP16,AT16,AX16,BB16,BF16,BJ16,BN16,BR16,BV16,BZ16,CD16,CH16) -> 125 | AA16: =SUM(AE16,AI16,AM16,AQ16,AU16,AY16,BC16,BG16,BK16,BO16,BS16,BW16,CA16,CE16,CI16) -> 58 | AB16: =SUM(AF16,AJ16,AN16,AR16,AV16,AZ16,BD16,BH16,BL16,BP16,BT16,BX16,CB16,CF16,CJ16) -> 67 | AC16: 4700 | BF16: =R16*J16 -> 125 | BG16: =J16*58 -> 58 | BH16: =BF16-BG16 -> 67 | BI16: =BG16*AC16 -> 272600
B17: VALOR TOTAL NECESIDAD | AD17: =SUM(AG5:AG16) -> 3920800 | AH17: =SUM(AK5:AK16) -> 12337200 | AL17: =SUM(AO5:AO16) -> 15864400 | AP17: =SUM(AS5:AS16) -> 12338000 | AT17: =SUM(AW5:AW16) -> 14099800 | AX17: =SUM(BA5:BA16) -> 14100400 | BB17: =SUM(BE5:BE16) -> 15864400 | BF17: =SUM(BI5:BI16) -> 7105800 | BJ17: =SUM(BM5:BM16) -> 3524600 | BN17: =SUM(BQ5:BQ16) -> 15863800 | BR17: =SUM(BU5:BU16) -> 10575800 | BV17: =SUM(BY5:BY16) -> 1818600 | BZ17: =SUM(CC5:CC16) -> 679800 | CD17: =SUM(CG5:CG16) -> 10575800 | CH17: =SUM(CK5:CK16) -> 10575800
B18: PRESUPUESTO ASIGNADO | AD18: =SUMIFS(PRESUPUESTO!$G$51:$G$65,PRESUPUESTO!$E$51:$E$65,AD3) -> 3923522.9 | AH18: =SUMIFS(PRESUPUESTO!$G$51:$G$65,PRESUPUESTO!$E$51:$E$65,AH3) -> 12339195 | AL18: =SUMIFS(PRESUPUESTO!$G$51:$G$65,PRESUPUESTO!$E$51:$E$65,AL3) -> 15864680 | AP18: =SUMIFS(PRESUPUESTO!$G$51:$G$65,PRESUPUESTO!$E$51:$E$65,AP3) -> 12339195 | AT18: =SUMIFS(PRESUPUESTO!$G$51:$G$65,PRESUPUESTO!$E$51:$E$65,AT3) -> 14101937 | AX18: =SUMIFS(PRESUPUESTO!$G$51:$G$65,PRESUPUESTO!$E$51:$E$65,AX3) -> 14101937 | BB18: =SUMIFS(PRESUPUESTO!$G$51:$G$65,PRESUPUESTO!$E$51:$E$65,BB3) -> 15864680 | BF18: =SUMIFS(PRESUPUESTO!$G$51:$G$65,PRESUPUESTO!$E$51:$E$65,BF3) -> 7107831.3 | BJ18: =SUMIFS(PRESUPUESTO!$G$51:$G$65,PRESUPUESTO!$E$51:$E$65,BJ3) -> 3525484.3 | BN18: =SUMIFS(PRESUPUESTO!$G$51:$G$65,PRESUPUESTO!$E$51:$E$65,BN3) -> 15864680 | BR18: =SUMIFS(PRESUPUESTO!$G$51:$G$65,PRESUPUESTO!$E$51:$E$65,BR3) -> 10576453 | BV18: =SUMIFS(PRESUPUESTO!$G$51:$G$65,PRESUPUESTO!$E$51:$E$65,BV3) -> 1819604.8 | BZ18: =SUMIFS(PRESUPUESTO!$G$51:$G$65,PRESUPUESTO!$E$51:$E$65,BZ3) -> 682351.81 | CD18: =SUMIFS(PRESUPUESTO!$G$51:$G$65,PRESUPUESTO!$E$51:$E$65,CD3) -> 10576453 | CH18: =SUMIFS(PRESUPUESTO!$G$51:$G$65,PRESUPUESTO!$E$51:$E$65,CH3) -> 10576453 | CL18: =SUM(AD18:CK18) -> 1.4926446e+08
B19: SALDO | AD19: =AD18-AD17 -> 2722.896 | AH19: =AH18-AH17 -> 1995.1947 | AL19: =AL18-AL17 -> 279.536 | AP19: =AP18-AP17 -> 1195.1947 | AT19: =AT18-AT17 -> 2137.3653 | AX19: =AX18-AX17 -> 1537.3653 | BB19: =BB18-BB17 -> 279.536 | BF19: =BF18-BF17 -> 2031.3333 | BJ19: =BJ18-BJ17 -> 884.34133 | BN19: =BN18-BN17 -> 879.536 | BR19: =BR18-BR17 -> 653.024 | BV19: =BV18-BV17 -> 1004.8213 | BZ19: =BZ18-BZ17 -> 2551.808 | CD19: =CD18-CD17 -> 653.024 | CH19: =CH18-CH17 -> 653.024
B21: A-02-02-01-002-008 DOTACIÓN (PRENDAS DE VESTIR Y CALZADO)
B22: ='PLAN DE NECESIDADES'!B20 -> ÍTEM | C22: ='PLAN DE NECESIDADES'!C20 -> CÓDIGO DANE | D22: ='PLAN DE NECESIDADES'!D20 -> DESCRIPCIÓN DEL BIEN Y/O SERVICIO | E22: ='PLAN DE NECESIDADES'!E20 -> UNIDAD MEDIDA | F22: ='PLAN DE NECESIDADES'!F20 -> EXISTENCIAS (STOCK - INVENTARIOS) | G22: ='PLAN DE NECESIDADES'!H20 -> UNSPSC (CCE) | H22: ='PLAN DE NECESIDADES'!I20 -> CÓDIGO MATERIAL SAP | I22: ='PLAN DE NECESIDADES'!J20 -> CÓDIGO OTAN - NOC | J22: CANTIDAD POR ELEMENTO | K22: =AD22 -> BAABS3 | L22: =AH22 -> BAACA10 | M22: =AL22 -> BAACA2 | N22: =AP22 -> BAADA1 | O22: =AT22 -> BAEEV2 | P22: =AX22 -> BAEEV3 | Q22: =BB22 -> BAMMA7 | R22: =BF22 -> BASPC10 | S22: =BJ22 -> BASAC | T22: =BN22 -> BICAR | U22: =BR22 -> BIMOC70 | V22: =BV22 -> BITER10 | W22: =BZ22 -> DIM15 | X22: =CD22 -> GMMAT | Y22: =CH22 -> GMRON | Z22: NECESIDAD TOTAL | AA22: MÍNIMAS | AB22: LIMITACIONES | AC22: PRECIO DE REFERENCIA | AD22: BAABS3 | AH22: BAACA10 | AL22: BAACA2 | AP22: BAADA1 | AT22: BAEEV2 | AX22: BAEEV3 | BB22: BAMMA7 | BF22: BASPC10 | BJ22: BASAC | BN22: BICAR | BR22: BIMOC70 | BV22: BITER10 | BZ22: DIM15 | CD22: GMMAT | CH22: GMRON
AD23: NT | AE23: M | AF23: L | AG23: VT | AH23: NT | AI23: M | AJ23: L | AK23: VT | AL23: NT | AM23: M | AN23: L | AO23: VT | AP23: NT | AQ23: M | AR23: L | AS23: VT | AT23: NT | AU23: M | AV23: L | AW23: VT | AX23: NT | AY23: M | AZ23: L | BA23: VT | BB23: NT | BC23: M | BD23: L | BE23: VT | BF23: NT | BG23: M | BH23: L | BI23: VT | BJ23: NT | BK23: M | BL23: L | BM23: VT | BN23: NT | BO23: M | BP23: L | BQ23: VT | BR23: NT | BS23: M | BT23: L | BU23: VT | BV23: NT | BW23: M | BX23: L | BY23: VT | BZ23: NT | CA23: M | CB23: L | CC23: VT | CD23: NT | CE23: M | CF23: L | CG23: VT | CH23: NT | CI23: M | CJ23: L | CK23: VT
B24: ='PLAN DE NECESIDADES'!B21 -> 13 | C24: ='PLAN DE NECESIDADES'!C21 -> 2821001 | D24: ='PLAN DE NECESIDADES'!D21 -> CALCETÍN COLOR BLANCO PARA DEPORTES: EL CALCETÍN DEBE SER ELABORADO EN POLIAMIDA CON TEJIDO ACANALADO 3X1 PARA LA PARTE DE LA CAÑA Y PARA EL PIE, CON UN TEJIDO TIPO TERRY EN EL INTERIOR Y PUEDE SER EN FIBRA ANTIBACTERIAL DESDE LA PARTE ALTA DEL TALÓN, LA PLANTA DEL PIE, LA PUNTERA Y SU ANILLO. EL CALCETÍN LLEVA UNA BANDA ELÁSTICA TEJIDA EN EL CONTORNO DEL ARCO DE LA PLANTA Y EMPEINE PARA EVITAR QUE EL CALCETÍN SE DESLICE, ESPECIFICACIONES SEGÚN NORMA TÉCNICA NO. NTMD-0356 A2 DE ACUERDO A ÍTEM 3.1.2.7 | E24: ='PLAN DE NECESIDADES'!E21 -> PAR | F24: ='PLAN DE NECESIDADES'!F21 -> 0 | G24: ='PLAN DE NECESIDADES'!H21 -> 53102402 | H24: ='PLAN DE NECESIDADES'!I21 -> 1495276 | I24: ='PLAN DE NECESIDADES'!J21 -> SIN CREAR | J24: 1 | K24: 69 | L24: 217 | M24: 279 | N24: 217 | O24: 248 | P24: 248 | Q24: 279 | R24: 125 | S24: 62 | T24: 279 | U24: 186 | V24: 32 | W24: 12 | X24: 186 | Y24: 186 | Z24: =SUM(AD24,AH24,AL24,AP24,AT24,AX24,BB24,BF24,BJ24,BN24,BR24,BV24,BZ24,CD24,CH24) -> 2656 | AA24: =SUM(AE24,AI24,AM24,AQ24,AU24,AY24,BC24,BG24,BK24,BO24,BS24,BW24,CA24,CE24,CI24) -> 1957 | AB24: =SUM(AF24,AJ24,AN24,AR24,AV24,AZ24,BD24,BH24,BL24,BP24,BT24,BX24,CB24,CF24,CJ24) -> 699 | AC24: 4700 | AD24: =K24*J24 -> 69 | AE24: =J24*54 -> 54 | AF24: =AD24-AE24 -> 15 | AG24: =AC24*AE24 -> 253800 | AH24: =L24*J24 -> 217 | AI24: =J24*167 -> 167 | AJ24: =AH24-AI24 -> 50 | AK24: =AC24*AI24 -> 784900 | AL24: =M24*J24 -> 279 | AM24: =J24*216 -> 216 | AN24: =AL24-AM24 -> 63 | AO24: =AC24*AM24 -> 1015200 | AP24: =N24*J24 -> 217 | AQ24: =J24*168 -> 168 | AR24: =AP24-AQ24 -> 49 | AS24: =AC24*AQ24 -> 789600 | AT24: =M24*J24 -> 279 | AU24: =J24*190 -> 190 | AV24: =AT24-AU24 -> 89 | AW24: =AU24*AC24 -> 893000 | AX24: =P24*J24 -> 248 | AY24: =J24*190 -> 190 | AZ24: =AX24-AY24 -> 58 | BA24: =AC24*AY24 -> 893000 | BB24: =Q24*J24 -> 279 | BC24: =J24*213 -> 213 | BD24: =BB24-BC24 -> 66 | BE24: =BC24*AC24 -> 1001100 | BF24: =R24*J24 -> 125 | BG24: =J24*40 -> 40 | BH24: =BF24-BG24 -> 85 | BI24: =BG24*AC24 -> 188000 | BJ24: =S24*J24 -> 62 | BK24: =J24*49 -> 49 | BL24: =BJ24-BK24 -> 13 | BM24: =BK24*AC24 -> 230300 | BN24: =T24*J24 -> 279 | BO24: =J24*213 -> 213 | BP24: =BN24-BO24 -> 66 | BQ24: =BO24*AC24 -> 1001100 | BR24: =U24*J24 -> 186 | BS24: =J24*141 -> 141 | BT24: =BR24-BS24 -> 45 | BU24: =BS24*AC24 -> 662700 | BV24: =V24*J24 -> 32 | BW24: =J24*25 -> 25 | BX24: =BV24-BW24 -> 7 | BY24: =BW24*AC24 -> 117500 | BZ24: =W24*J24 -> 12 | CA24: =J24*9 -> 9 | CB24: =BZ24-CA24 -> 3 | CC24: =CA24*AC24 -> 42300 | CD24: =X24*J24 -> 186 | CE24: =J24*141 -> 141 | CF24: =CD24-CE24 -> 45 | CG24: =CE24*AC24 -> 662700 | CH24: =Y24*J24 -> 186 | CI24: =J24*141 -> 141 | CJ24: =CH24-CI24 -> 45 | CK24: =CI24*AC24 -> 662700
B25: ='PLAN DE NECESIDADES'!B22 -> 14 | C25: ='PLAN DE NECESIDADES'!C22 -> 2823601 | D25: ='PLAN DE NECESIDADES'!D22 -> UNIFORME DE DEPORTES COMPLETO (CAMISETA Y PANTALONETA): DE ACUERDO A NORMA TÉCNICA NO. NTMD-0356 A2 DE ACUERDO A ÍTEM 3.1.2.7 FIGURA ILUSTRATIVA 37 | E25: ='PLAN DE NECESIDADES'!E22 -> UNIDAD | F25: ='PLAN DE NECESIDADES'!F22 -> 0 | G25: ='PLAN DE NECESIDADES'!H22 -> 53102700 | H25: ='PLAN DE NECESIDADES'!I22 -> 1329412 | I25: ='PLAN DE NECESIDADES'!J22 -> SIN CREAR | J25: 1 | K25: 69 | L25: 217 | M25: 279 | N25: 217 | O25: 248 | P25: 248 | Q25: 279 | R25: 125 | S25: 62 | T25: 279 | U25: 186 | V25: 32 | W25: 12 | X25: 186 | Y25: 186 | Z25: =SUM(AD25,AH25,AL25,AP25,AT25,AX25,BB25,BF25,BJ25,BN25,BR25,BV25,BZ25,CD25,CH25) -> 2656 | AA25: =SUM(AE25,AI25,AM25,AQ25,AU25,AY25,BC25,BG25,BK25,BO25,BS25,BW25,CA25,CE25,CI25) -> 1944 | AB25: =SUM(AF25,AJ25,AN25,AR25,AV25,AZ25,BD25,BH25,BL25,BP25,BT25,BX25,CB25,CF25,CJ25) -> 712 | AC25: 43000 | AD25: =K25*J25 -> 69 | AE25: =J25*52 -> 52 | AF25: =AD25-AE25 -> 17 | AG25: =AC25*AE25 -> 2236000 | AH25: =L25*J25 -> 217 | AI25: =J25*165 -> 165 | AJ25: =AH25-AI25 -> 52 | AK25: =AC25*AI25 -> 7095000 | AL25: =M25*J25 -> 279 | AM25: =J25*212 -> 212 | AN25: =AL25-AM25 -> 67 | AO25: =AC25*AM25 -> 9116000 | AP25: =N25*J25 -> 217 | AQ25: =J25*165 -> 165 | AR25: =AP25-AQ25 -> 52 | AS25: =AC25*AQ25 -> 7095000 | AT25: =M25*J25 -> 279 | AU25: =J25*189 -> 189 | AV25: =AT25-AU25 -> 90 | AW25: =AU25*AC25 -> 8127000 | AX25: =P25*J25 -> 248 | AY25: =J25*189 -> 189 | AZ25: =AX25-AY25 -> 59 | BA25: =AC25*AY25 -> 8127000 | BB25: =Q25*J25 -> 279 | BC25: =J25*213 -> 213 | BD25: =BB25-BC25 -> 66 | BE25: =BC25*AC25 -> 9159000 | BF25: =R25*J25 -> 125 | BG25: =J25*40 -> 40 | BH25: =BF25-BG25 -> 85 | BI25: =BG25*AC25 -> 1720000 | BJ25: =S25*J25 -> 62 | BK25: =J25*47 -> 47 | BL25: =BJ25-BK25 -> 15 | BM25: =BK25*AC25 -> 2021000 | BN25: =T25*J25 -> 279 | BO25: =J25*213 -> 213 | BP25: =BN25-BO25 -> 66 | BQ25: =BO25*AC25 -> 9159000 | BR25: =U25*J25 -> 186 | BS25: =J25*142 -> 142 | BT25: =BR25-BS25 -> 44 | BU25: =BS25*AC25 -> 6106000 | BV25: =V25*J25 -> 32 | BW25: =J25*24 -> 24 | BX25: =BV25-BW25 -> 8 | BY25: =BW25*AC25 -> 1032000 | BZ25: =W25*J25 -> 12 | CA25: =J25*9 -> 9 | CB25: =BZ25-CA25 -> 3 | CC25: =CA25*AC25 -> 387000 | CD25: =X25*J25 -> 186 | CE25: =J25*142 -> 142 | CF25: =CD25-CE25 -> 44 | CG25: =CE25*AC25 -> 6106000 | CH25: =Y25*J25 -> 186 | CI25: =J25*142 -> 142 | CJ25: =CH25-CI25 -> 44 | CK25: =CI25*AC25 -> 6106000
B26: ='PLAN DE NECESIDADES'!B23 -> 15 | C26: ='PLAN DE NECESIDADES'!C23 -> 2819003 | D26: ='PLAN DE NECESIDADES'!D23 -> CHANCLAS PARA BAÑO: PUEDEN ESTAR FABRICADAS EN CAUCHO, PVC (POLÍMERO DE CLORURO DE VINILO) O EN EVA (ETILENVINILACETATO), EN UNA SOLO PIEZA POR PROCESO DE INYECCIÓN CON MATERIALES NO RECICLADOS Y QUE NO GENEREN ALERGIAS O CUALQUIER OTRO TIPO DE ENFERMEDAD AL USUARIO POR SU USO NORMAL, SEGÚN NORMA TÉCNICA NO. NTMD-0356 A2 ÍTEM 3.1.1.20 | E26: ='PLAN DE NECESIDADES'!E23 -> PAR | F26: ='PLAN DE NECESIDADES'!F23 -> 0 | G26: ='PLAN DE NECESIDADES'!H23 -> 53111800 | H26: ='PLAN DE NECESIDADES'!I23 -> 1296725 | I26: ='PLAN DE NECESIDADES'!J23 -> SIN CREAR | J26: 1 | K26: 69 | L26: 217 | M26: 279 | N26: 217 | O26: 248 | P26: 248 | Q26: 279 | R26: 125 | S26: 62 | T26: 279 | U26: 186 | V26: 32 | W26: 12 | X26: 186 | Y26: 186 | Z26: =SUM(AD26,AH26,AL26,AP26,AT26,AX26,BB26,BF26,BJ26,BN26,BR26,BV26,BZ26,CD26,CH26) -> 2656 | AA26: =SUM(AE26,AI26,AM26,AQ26,AU26,AY26,BC26,BG26,BK26,BO26,BS26,BW26,CA26,CE26,CI26) -> 1961 | AB26: =SUM(AF26,AJ26,AN26,AR26,AV26,AZ26,BD26,BH26,BL26,BP26,BT26,BX26,CB26,CF26,CJ26) -> 695 | AC26: 7300 | AD26: =K26*J26 -> 69 | AE26: =J26*55 -> 55 | AF26: =AD26-AE26 -> 14 | AG26: =AC26*AE26 -> 401500 | AH26: =L26*J26 -> 217 | AI26: =J26*168 -> 168 | AJ26: =AH26-AI26 -> 49 | AK26: =AC26*AI26 -> 1226400 | AL26: =M26*J26 -> 279 | AM26: =J26*216 -> 216 | AN26: =AL26-AM26 -> 63 | AO26: =AC26*AM26 -> 1576800 | AP26: =N26*J26 -> 217 | AQ26: =J26*167 -> 167 | AR26: =AP26-AQ26 -> 50 | AS26: =AC26*AQ26 -> 1219100 | AT26: =M26*J26 -> 279 | AU26: =J26*190 -> 190 | AV26: =AT26-AU26 -> 89 | AW26: =AU26*AC26 -> 1387000 | AX26: =P26*J26 -> 248 | AY26: =J26*190 -> 190 | AZ26: =AX26-AY26 -> 58 | BA26: =AC26*AY26 -> 1387000 | BB26: =Q26*J26 -> 279 | BC26: =J26*212 -> 212 | BD26: =BB26-BC26 -> 67 | BE26: =BC26*AC26 -> 1547600 | BF26: =R26*J26 -> 125 | BG26: =J26*41 -> 41 | BH26: =BF26-BG26 -> 84 | BI26: =BG26*AC26 -> 299300 | BJ26: =S26*J26 -> 62 | BK26: =J26*48 -> 48 | BL26: =BJ26-BK26 -> 14 | BM26: =BK26*AC26 -> 350400 | BN26: =T26*J26 -> 279 | BO26: =J26*212 -> 212 | BP26: =BN26-BO26 -> 67 | BQ26: =BO26*AC26 -> 1547600 | BR26: =U26*J26 -> 186 | BS26: =J26*142 -> 142 | BT26: =BR26-BS26 -> 44 | BU26: =BS26*AC26 -> 1036600 | BV26: =V26*J26 -> 32 | BW26: =J26*26 -> 26 | BX26: =BV26-BW26 -> 6 | BY26: =BW26*AC26 -> 189800 | BZ26: =W26*J26 -> 12 | CA26: =J26*10 -> 10 | CB26: =BZ26-CA26 -> 2 | CC26: =CA26*AC26 -> 73000 | CD26: =X26*J26 -> 186 | CE26: =J26*142 -> 142 | CF26: =CD26-CE26 -> 44 | CG26: =CE26*AC26 -> 1036600 | CH26: =Y26*J26 -> 186 | CI26: =J26*142 -> 142 | CJ26: =CH26-CI26 -> 44 | CK26: =CI26*AC26 -> 1036600
B27: ='PLAN DE NECESIDADES'!B24 -> 16 | C27: ='PLAN DE NECESIDADES'!C24 -> 2823603 | D27: ='PLAN DE NECESIDADES'!D24 -> BICICLETERO NEGRO CORTO: DE ACUERDO A ESPECIFICACIONES TÉCNICAS ESPECIFICACIONES TÉCNICAS NO JEMPP-CEDE4-DIETE-ET05595/INT-0 | E27: ='PLAN DE NECESIDADES'!E24 -> UNIDAD | F27: ='PLAN DE NECESIDADES'!F24 -> 0 | G27: ='PLAN DE NECESIDADES'!H24 -> 53101500 | H27: ='PLAN DE NECESIDADES'!I24 -> 1893955 | I27: ='PLAN DE NECESIDADES'!J24 -> SIN CREAR | J27: 1 | R27: 125 | Z27: =SUM(AD27,AH27,AL27,AP27,AT27,AX27,BB27,BF27,BJ27,BN27,BR27,BV27,BZ27,CD27,CH27) -> 125 | AA27: =SUM(AE27,AI27,AM27,AQ27,AU27,AY27,BC27,BG27,BK27,BO27,BS27,BW27,CA27,CE27,CI27) -> 41 | AB27: =SUM(AF27,AJ27,AN27,AR27,AV27,AZ27,BD27,BH27,BL27,BP27,BT27,BX27,CB27,CF27,CJ27) -> 84 | AC27: 37400 | BF27: =R27*J27 -> 125 | BG27: =J27*41 -> 41 | BH27: =BF27-BG27 -> 84 | BI27: =BG27*AC27 -> 1533400
B28: ='PLAN DE NECESIDADES'!B25 -> 17 | C28: ='PLAN DE NECESIDADES'!C25 -> 2822401 | D28: ='PLAN DE NECESIDADES'!D25 -> JUEGO DE ROPA INTERIOR (TOP-CACHETERO) DE ACUERDO A ESPECIFICACIONES TÉCNICAS N° JEMPP-CEDE4-DIETE-ET05573/INT-01 | E28: ='PLAN DE NECESIDADES'!E25 -> UNIDAD | F28: ='PLAN DE NECESIDADES'!F25 -> 0 | G28: ='PLAN DE NECESIDADES'!H25 -> 53102300 | H28: ='PLAN DE NECESIDADES'!I25 -> 1702099 | I28: ='PLAN DE NECESIDADES'!J25 -> SIN CREAR | J28: 1 | R28: 125 | Z28: =SUM(AD28,AH28,AL28,AP28,AT28,AX28,BB28,BF28,BJ28,BN28,BR28,BV28,BZ28,CD28,CH28) -> 125 | AA28: =SUM(AE28,AI28,AM28,AQ28,AU28,AY28,BC28,BG28,BK28,BO28,BS28,BW28,CA28,CE28,CI28) -> 41 | AB28: =SUM(AF28,AJ28,AN28,AR28,AV28,AZ28,BD28,BH28,BL28,BP28,BT28,BX28,CB28,CF28,CJ28) -> 84 | AC28: 36700 | BF28: =R28*J28 -> 125 | BG28: =J28*41 -> 41 | BH28: =BF28-BG28 -> 84 | BI28: =BG28*AC28 -> 1504700
B29: VALOR TOTAL NECESIDAD | AD29: =SUM(AG24:AG28) -> 2891300 | AH29: =SUM(AK24:AK28) -> 9106300 | AL29: =SUM(AO24:AO28) -> 11708000 | AP29: =SUM(AS24:AS28) -> 9103700 | AT29: =SUM(AW24:AW28) -> 10407000 | AX29: =SUM(BA24:BA28) -> 10407000 | BB29: =SUM(BE24:BE28) -> 11707700 | BF29: =SUM(BI24:BI28) -> 5245400 | BJ29: =SUM(BM24:BM28) -> 2601700 | BN29: =SUM(BQ24:BQ28) -> 11707700 | BR29: =SUM(BU24:BU28) -> 7805300 | BV29: =SUM(BY24:BY28) -> 1339300 | BZ29: =SUM(CC24:CC28) -> 502300 | CD29: =SUM(CG24:CG28) -> 7805300 | CH29: =SUM(CK24:CK28) -> 7805300
B30: PRESUPUESTO ASIGNADO | AD30: =SUMIFS(PRESUPUESTO!$G$69:$G$83,PRESUPUESTO!$E$69:$E$83,AD22) -> 2895960.4 | AH30: =SUMIFS(PRESUPUESTO!$G$69:$G$83,PRESUPUESTO!$E$69:$E$83,AH22) -> 9107585.6 | AL30: =SUMIFS(PRESUPUESTO!$G$69:$G$83,PRESUPUESTO!$E$69:$E$83,AL22) -> 11709753 | AP30: =SUMIFS(PRESUPUESTO!$G$69:$G$83,PRESUPUESTO!$E$69:$E$83,AP22) -> 9107585.6 | AT30: =SUMIFS(PRESUPUESTO!$G$69:$G$83,PRESUPUESTO!$E$69:$E$83,AT22) -> 10408669 | AX30: =SUMIFS(PRESUPUESTO!$G$69:$G$83,PRESUPUESTO!$E$69:$E$83,AX22) -> 10408669 | BB30: =SUMIFS(PRESUPUESTO!$G$69:$G$83,PRESUPUESTO!$E$69:$E$83,BB22) -> 11709753 | BF30: =SUMIFS(PRESUPUESTO!$G$69:$G$83,PRESUPUESTO!$E$69:$E$83,BF22) -> 5246305 | BJ30: =SUMIFS(PRESUPUESTO!$G$69:$G$83,PRESUPUESTO!$E$69:$E$83,BJ22) -> 2602167.3 | BN30: =SUMIFS(PRESUPUESTO!$G$69:$G$83,PRESUPUESTO!$E$69:$E$83,BN22) -> 11709753 | BR30: =SUMIFS(PRESUPUESTO!$G$69:$G$83,PRESUPUESTO!$E$69:$E$83,BR22) -> 7806501.9 | BV30: =SUMIFS(PRESUPUESTO!$G$69:$G$83,PRESUPUESTO!$E$69:$E$83,BV22) -> 1343054.1 | BZ30: =SUMIFS(PRESUPUESTO!$G$69:$G$83,PRESUPUESTO!$E$69:$E$83,BZ22) -> 503645.28 | CD30: =SUMIFS(PRESUPUESTO!$G$69:$G$83,PRESUPUESTO!$E$69:$E$83,CD22) -> 7806501.9 | CH30: =SUMIFS(PRESUPUESTO!$G$69:$G$83,PRESUPUESTO!$E$69:$E$83,CH22) -> 7806501.9 | CL30: =SUM(AD30:CK30) -> 1.1017241e+08
B31: SALDO | AD31: =AD30-AD29 -> 4660.3863 | AH31: =AH30-AH29 -> 1285.5627 | AL31: =AL30-AL29 -> 1752.8663 | AP31: =AP30-AP29 -> 3885.5627 | AT31: =AT30-AT29 -> 1669.2145 | AX31: =AX30-AX29 -> 1669.2145 | BB31: =BB30-BB29 -> 2052.8663 | BF31: =BF30-BF29 -> 905.04762 | BJ31: =BJ30-BJ29 -> 467.30362 | BN31: =BN30-BN29 -> 2052.8663 | BR31: =BR30-BR29 -> 1201.9109 | BV31: =BV30-BV29 -> 3754.0922 | BZ31: =BZ30-BZ29 -> 1345.2846 | CD31: =CD30-CD29 -> 1201.9109 | CH31: =CH30-CH29 -> 1201.9109
B33: A-02-02-01-003-002 PASTA O PULPA, PAPEL Y PRODUCTOS DE PAPEL; IMPRESOS Y ARTÍCULOS SIMILARES
B34: ='PLAN DE NECESIDADES'!B29 -> ÍTEM | C34: ='PLAN DE NECESIDADES'!C29 -> CÓDIGO DANE | D34: ='PLAN DE NECESIDADES'!D29 -> DESCRIPCIÓN DEL BIEN Y/O SERVICIO | E34: ='PLAN DE NECESIDADES'!E29 -> UNIDAD MEDIDA | F34: ='PLAN DE NECESIDADES'!F29 -> EXISTENCIAS (STOCK - INVENTARIOS) | G34: ='PLAN DE NECESIDADES'!H29 -> UNSPSC (CCE) | H34: ='PLAN DE NECESIDADES'!I29 -> CÓDIGO MATERIAL SAP | I34: ='PLAN DE NECESIDADES'!J29 -> CÓDIGO OTAN - NOC | J34: CANTIDAD POR ELEMENTO | K34: =AD34 -> BAABS3 | L34: =AH34 -> BAACA10 | M34: =AL34 -> BAACA2 | N34: =AP34 -> BAADA1 | O34: =AT34 -> BAEEV2 | P34: =AX34 -> BAEEV3 | Q34: =BB34 -> BAMMA7 | R34: =BF34 -> BASPC10 | S34: =BJ34 -> BASAC | T34: =BN34 -> BICAR | U34: =BR34 -> BIMOC70 | V34: =BV34 -> BITER10 | W34: =BZ34 -> DIM15 | X34: =CD34 -> GMMAT | Y34: =CH34 -> GMRON | Z34: NECESIDAD TOTAL | AA34: MÍNIMAS | AB34: LIMITACIONES | AC34: PRECIO DE REFERENCIA | AD34: BAABS3 | AH34: BAACA10 | AL34: BAACA2 | AP34: BAADA1 | AT34: BAEEV2 | AX34: BAEEV3 | BB34: BAMMA7 | BF34: BASPC10 | BJ34: BASAC | BN34: BICAR | BR34: BIMOC70 | BV34: BITER10 | BZ34: DIM15 | CD34: GMMAT | CH34: GMRON
AD35: NT | AE35: M | AF35: L | AG35: VT | AH35: NT | AI35: M | AJ35: L | AK35: VT | AL35: NT | AM35: M | AN35: L | AO35: VT | AP35: NT | AQ35: M | AR35: L | AS35: VT | AT35: NT | AU35: M | AV35: L | AW35: VT | AX35: NT | AY35: M | AZ35: L | BA35: VT | BB35: NT | BC35: M | BD35: L | BE35: VT | BF35: NT | BG35: M | BH35: L | BI35: VT | BJ35: NT | BK35: M | BL35: L | BM35: VT | BN35: NT | BO35: M | BP35: L | BQ35: VT | BR35: NT | BS35: M | BT35: L | BU35: VT | BV35: NT | BW35: M | BX35: L | BY35: VT | BZ35: NT | CA35: M | CB35: L | CC35: VT | CD35: NT | CE35: M | CF35: L | CG35: VT | CH35: NT | CI35: M | CJ35: L | CK35: VT
B36: ='PLAN DE NECESIDADES'!B30 -> 18 | C36: ='PLAN DE NECESIDADES'!C30 -> 3270109 | D36: ='PLAN DE NECESIDADES'!D30 -> CUADERNO PARA ESCRITURA: DEBE SER COSIDO, GRAPADO O ARGOLLADO CON PASTA PLASTIFICADA DURA O BLANDA DE MÍNIMO 100 HOJAS DE COLOR BLANCO, ESPECIFICACIONES SEGÚN NORMA TÉCNICA N°. NTMD-0356 A2 ÍTEM 3.1.1.18 | E36: ='PLAN DE NECESIDADES'!E30 -> UNIDAD | F36: ='PLAN DE NECESIDADES'!F30 -> 0 | G36: ='PLAN DE NECESIDADES'!H30 -> 14111514 | H36: ='PLAN DE NECESIDADES'!I30 -> 1277866 | I36: ='PLAN DE NECESIDADES'!J30 -> 7530-80-0011305 | J36: 1 | K36: 69 | L36: 217 | M36: 279 | N36: 217 | O36: 248 | P36: 248 | Q36: 279 | R36: 125 | S36: 62 | T36: 279 | U36: 186 | V36: 32 | W36: 12 | X36: 186 | Y36: 186 | Z36: =SUM(AD36,AH36,AL36,AP36,AT36,AX36,BB36,BF36,BJ36,BN36,BR36,BV36,BZ36,CD36,CH36) -> 2656 | AA36: =SUM(AE36,AI36,AM36,AQ36,AU36,AY36,BC36,BG36,BK36,BO36,BS36,BW36,CA36,CE36,CI36) -> 1443 | AB36: =SUM(AF36,AJ36,AN36,AR36,AV36,AZ36,BD36,BH36,BL36,BP36,BT36,BX36,CB36,CF36,CJ36) -> 1213 | AC36: 2700 | AD36: =K36*J36 -> 69 | AE36: =J36*40 -> 40 | AF36: =AD36-AE36 -> 29 | AG36: =AC36*AE36 -> 108000 | AH36: =L36*J36 -> 217 | AI36: =J36*122 -> 122 | AJ36: =AH36-AI36 -> 95 | AK36: =AC36*AI36 -> 329400 | AL36: =M36*J36 -> 279 | AM36: =J36*156 -> 156 | AN36: =AL36-AM36 -> 123 | AO36: =AC36*AM36 -> 421200 | AP36: =N36*J36 -> 217 | AQ36: =J36*122 -> 122 | AR36: =AP36-AQ36 -> 95 | AS36: =AC36*AQ36 -> 329400 | AT36: =M36*J36 -> 279 | AU36: =J36*141 -> 141 | AV36: =AT36-AU36 -> 138 | AW36: =AU36*AC36 -> 380700 | AX36: =P36*J36 -> 248 | AY36: =J36*141 -> 141 | AZ36: =AX36-AY36 -> 107 | BA36: =AC36*AY36 -> 380700 | BB36: =Q36*J36 -> 279 | BC36: =J36*156 -> 156 | BD36: =BB36-BC36 -> 123 | BE36: =BC36*AC36 -> 421200 | BF36: =R36*J36 -> 125 | BG36: =J36*35 -> 35 | BH36: =BF36-BG36 -> 90 | BI36: =BG36*AC36 -> 94500 | BJ36: =S36*J36 -> 62 | BK36: =J36*36 -> 36 | BL36: =BJ36-BK36 -> 26 | BM36: =BK36*AC36 -> 97200 | BN36: =T36*J36 -> 279 | BO36: =J36*156 -> 156 | BP36: =BN36-BO36 -> 123 | BQ36: =BO36*AC36 -> 421200 | BR36: =U36*J36 -> 186 | BS36: =J36*104 -> 104 | BT36: =BR36-BS36 -> 82 | BU36: =BS36*AC36 -> 280800 | BV36: =V36*J36 -> 32 | BW36: =J36*17 -> 17 | BX36: =BV36-BW36 -> 15 | BY36: =BW36*AC36 -> 45900 | BZ36: =W36*J36 -> 12 | CA36: =J36*9 -> 9 | CB36: =BZ36-CA36 -> 3 | CC36: =CA36*AC36 -> 24300 | CD36: =X36*J36 -> 186 | CE36: =J36*104 -> 104 | CF36: =CD36-CE36 -> 82 | CG36: =CE36*AC36 -> 280800 | CH36: =Y36*J36 -> 186 | CI36: =J36*104 -> 104 | CJ36: =CH36-CI36 -> 82 | CK36: =CI36*AC36 -> 280800
B37: ='PLAN DE NECESIDADES'!B31 -> 19 | C37: ='PLAN DE NECESIDADES'!C31 -> 3219302 | D37: ='PLAN DE NECESIDADES'!D31 -> PAPEL HIGIÉNICO TRIPLE HOJA: PRESENTACIÓN DE ROLLO TRIPLE HOJA CON UNA LONGITUD MÍNIMA DE 35 METROS, COLOR BLANCO, ABSORBENTE, RESISTENTE, SUAVE Y EMPACADO INDIVIDUALMENTE DE TAL MANERA QUE SUS CONDICIONES NO SE AFECTEN HASTA LLEGAR AL USUARIO FINA ESPECIFICACIONES SEGÚN NORMA TÉCNICA NO. NTMD-0356 A2 ÍTEM 3.1.1.10 | E37: ='PLAN DE NECESIDADES'!E31 -> UNIDAD | F37: ='PLAN DE NECESIDADES'!F31 -> 0 | G37: ='PLAN DE NECESIDADES'!H31 -> 14111704 | H37: ='PLAN DE NECESIDADES'!I31 -> 1632379 | I37: ='PLAN DE NECESIDADES'!J31 -> 8540-80-0011398 | J37: 2 | K37: 69 | L37: 217 | M37: 279 | N37: 217 | O37: 248 | P37: 248 | Q37: 279 | R37: 125 | S37: 62 | T37: 279 | U37: 186 | V37: 32 | W37: 12 | X37: 186 | Y37: 186 | Z37: =SUM(AD37,AH37,AL37,AP37,AT37,AX37,BB37,BF37,BJ37,BN37,BR37,BV37,BZ37,CD37,CH37) -> 5312 | AA37: =SUM(AE37,AI37,AM37,AQ37,AU37,AY37,BC37,BG37,BK37,BO37,BS37,BW37,CA37,CE37,CI37) -> 2858 | AB37: =SUM(AF37,AJ37,AN37,AR37,AV37,AZ37,BD37,BH37,BL37,BP37,BT37,BX37,CB37,CF37,CJ37) -> 2454 | AC37: 4500 | AD37: =K37*J37 -> 138 | AE37: =J37*38 -> 76 | AF37: =AD37-AE37 -> 62 | AG37: =AC37*AE37 -> 342000 | AH37: =L37*J37 -> 434 | AI37: =J37*121 -> 242 | AJ37: =AH37-AI37 -> 192 | AK37: =AC37*AI37 -> 1089000 | AL37: =M37*J37 -> 558 | AM37: =J37*156 -> 312 | AN37: =AL37-AM37 -> 246 | AO37: =AC37*AM37 -> 1404000 | AP37: =N37*J37 -> 434 | AQ37: =J37*121 -> 242 | AR37: =AP37-AQ37 -> 192 | AS37: =AC37*AQ37 -> 1089000 | AT37: =M37*J37 -> 558 | AU37: =J37*138 -> 276 | AV37: =AT37-AU37 -> 282 | AW37: =AU37*AC37 -> 1242000 | AX37: =P37*J37 -> 496 | AY37: =J37*138 -> 276 | AZ37: =AX37-AY37 -> 220 | BA37: =AC37*AY37 -> 1242000 | BB37: =Q37*J37 -> 558 | BC37: =J37*156 -> 312 | BD37: =BB37-BC37 -> 246 | BE37: =BC37*AC37 -> 1404000 | BF37: =R37*J37 -> 250 | BG37: =J37*35 -> 70 | BH37: =BF37-BG37 -> 180 | BI37: =BG37*AC37 -> 315000 | BJ37: =S37*J37 -> 124 | BK37: =J37*34 -> 68 | BL37: =BJ37-BK37 -> 56 | BM37: =BK37*AC37 -> 306000 | BN37: =T37*J37 -> 558 | BO37: =J37*156 -> 312 | BP37: =BN37-BO37 -> 246 | BQ37: =BO37*AC37 -> 1404000 | BR37: =U37*J37 -> 372 | BS37: =J37*104 -> 208 | BT37: =BR37-BS37 -> 164 | BU37: =BS37*AC37 -> 936000 | BV37: =V37*J37 -> 64 | BW37: =J37*18 -> 36 | BX37: =BV37-BW37 -> 28 | BY37: =BW37*AC37 -> 162000 | BZ37: =W37*J37 -> 24 | CA37: =J37*6 -> 12 | CB37: =BZ37-CA37 -> 12 | CC37: =CA37*AC37 -> 54000 | CD37: =X37*J37 -> 372 | CE37: =J37*104 -> 208 | CF37: =CD37-CE37 -> 164 | CG37: =CE37*AC37 -> 936000 | CH37: =Y37*J37 -> 372 | CI37: =J37*104 -> 208 | CJ37: =CH37-CI37 -> 164 | CK37: =CI37*AC37 -> 936000
B38: ='PLAN DE NECESIDADES'!B32 -> 20 | C38: ='PLAN DE NECESIDADES'!C32 -> 3219308 | D38: ='PLAN DE NECESIDADES'!D32 -> TOALLAS HIGIÉNICAS MUJER CON ALAS: ESPECIFICACIONES DE ACUERDO A NTC-3604 | E38: ='PLAN DE NECESIDADES'!E32 -> PAQUETE | F38: ='PLAN DE NECESIDADES'!F32 -> 0 | G38: ='PLAN DE NECESIDADES'!H32 -> 52121700 | H38: ='PLAN DE NECESIDADES'!I32 -> 1476323 | I38: ='PLAN DE NECESIDADES'!J32 -> SIN CREAR | J38: 1 | R38: 125 | Z38: =SUM(AD38,AH38,AL38,AP38,AT38,AX38,BB38,BF38,BJ38,BN38,BR38,BV38,BZ38,CD38,CH38) -> 125 | AA38: =SUM(AE38,AI38,AM38,AQ38,AU38,AY38,BC38,BG38,BK38,BO38,BS38,BW38,CA38,CE38,CI38) -> 34 | AB38: =SUM(AF38,AJ38,AN38,AR38,AV38,AZ38,BD38,BH38,BL38,BP38,BT38,BX38,CB38,CF38,CJ38) -> 91 | AC38: 12000 | BF38: =R38*J38 -> 125 | BG38: =J38*34 -> 34 | BH38: =BF38-BG38 -> 91 | BI38: =BG38*AC38 -> 408000
B39: VALOR TOTAL NECESIDAD | AD39: =SUM(AG36:AG38) -> 450000 | AH39: =SUM(AK36:AK38) -> 1418400 | AL39: =SUM(AO36:AO38) -> 1825200 | AP39: =SUM(AS36:AS38) -> 1418400 | AT39: =SUM(AW36:AW38) -> 1622700 | AX39: =SUM(BA36:BA38) -> 1622700 | BB39: =SUM(BE36:BE38) -> 1825200 | BF39: =SUM(BI36:BI38) -> 817500 | BJ39: =SUM(BM36:BM38) -> 403200 | BN39: =SUM(BQ36:BQ38) -> 1825200 | BR39: =SUM(BU36:BU38) -> 1216800 | BV39: =SUM(BY36:BY38) -> 207900 | BZ39: =SUM(CC36:CC38) -> 78300 | CD39: =SUM(CG36:CG38) -> 1216800 | CH39: =SUM(CK36:CK38) -> 1216800
B40: PRESUPUESTO ASIGNADO | AD40: =SUMIFS(PRESUPUESTO!$G$87:$G$101,PRESUPUESTO!$E$87:$E$101,MÍNIMAS!AD34) -> 451638.72 | AH40: =SUMIFS(PRESUPUESTO!$G$87:$G$101,PRESUPUESTO!$E$87:$E$101,MÍNIMAS!AH34) -> 1420371.1 | AL40: =SUMIFS(PRESUPUESTO!$G$87:$G$101,PRESUPUESTO!$E$87:$E$101,MÍNIMAS!AL34) -> 1826191.4 | AP40: =SUMIFS(PRESUPUESTO!$G$87:$G$101,PRESUPUESTO!$E$87:$E$101,MÍNIMAS!AP34) -> 1420371.1 | AT40: =SUMIFS(PRESUPUESTO!$G$87:$G$101,PRESUPUESTO!$E$87:$E$101,MÍNIMAS!AT34) -> 1623281.2 | AX40: =SUMIFS(PRESUPUESTO!$G$87:$G$101,PRESUPUESTO!$E$87:$E$101,MÍNIMAS!AX34) -> 1623281.2 | BB40: =SUMIFS(PRESUPUESTO!$G$87:$G$101,PRESUPUESTO!$E$87:$E$101,MÍNIMAS!BB34) -> 1826191.4 | BF40: =SUMIFS(PRESUPUESTO!$G$87:$G$101,PRESUPUESTO!$E$87:$E$101,MÍNIMAS!BF34) -> 818186.1 | BJ40: =SUMIFS(PRESUPUESTO!$G$87:$G$101,PRESUPUESTO!$E$87:$E$101,MÍNIMAS!BJ34) -> 405820.3 | BN40: =SUMIFS(PRESUPUESTO!$G$87:$G$101,PRESUPUESTO!$E$87:$E$101,MÍNIMAS!BN34) -> 1826191.4 | BR40: =SUMIFS(PRESUPUESTO!$G$87:$G$101,PRESUPUESTO!$E$87:$E$101,MÍNIMAS!BR34) -> 1217460.9 | BV40: =SUMIFS(PRESUPUESTO!$G$87:$G$101,PRESUPUESTO!$E$87:$E$101,MÍNIMAS!BV34) -> 209455.64 | BZ40: =SUMIFS(PRESUPUESTO!$G$87:$G$101,PRESUPUESTO!$E$87:$E$101,MÍNIMAS!BZ34) -> 78545.865 | CD40: =SUMIFS(PRESUPUESTO!$G$87:$G$101,PRESUPUESTO!$E$87:$E$101,MÍNIMAS!CD34) -> 1217460.9 | CH40: =SUMIFS(PRESUPUESTO!$G$87:$G$101,PRESUPUESTO!$E$87:$E$101,MÍNIMAS!CH34) -> 1217460.9 | CL40: =SUM(AD40:CK40) -> 17181908
B41: SALDO | AD41: =AD40-AD39 -> 1638.7246 | AH41: =AH40-AH39 -> 1971.0613 | AL41: =AL40-AL39 -> 991.36457 | AP41: =AP40-AP39 -> 1971.0613 | AT41: =AT40-AT39 -> 581.21295 | AX41: =AX40-AX39 -> 581.21295 | BB41: =BB40-BB39 -> 991.36457 | BF41: =BF40-BF39 -> 686.09524 | BJ41: =BJ40-BJ39 -> 2620.3032 | BN41: =BN40-BN39 -> 991.36457 | BR41: =BR40-BR39 -> 660.90971 | BV41: =BV40-BV39 -> 1555.6404 | BZ41: =BZ40-BZ39 -> 245.86514 | CD41: =CD40-CD39 -> 660.90971 | CH41: =CH40-CH39 -> 660.90971
B43: A-02-02-01-003-005 OTROS PRODUCTOS QUÍMICOS; FIBRAS ARTIFICIALES (O FIBRAS INDUSTRIALES HECHAS POR EL HOMBRE)
B44: ='PLAN DE NECESIDADES'!B36 -> ÍTEM | C44: ='PLAN DE NECESIDADES'!C36 -> CÓDIGO DANE | D44: ='PLAN DE NECESIDADES'!D36 -> DESCRIPCIÓN DEL BIEN Y/O SERVICIO | E44: ='PLAN DE NECESIDADES'!E36 -> UNIDAD MEDIDA | F44: ='PLAN DE NECESIDADES'!F36 -> EXISTENCIAS (STOCK - INVENTARIOS) | G44: ='PLAN DE NECESIDADES'!H36 -> UNSPSC (CCE) | H44: ='PLAN DE NECESIDADES'!I36 -> CÓDIGO MATERIAL SAP | I44: OTROS PRODUCTOS QUÍMICOS; FIBRAS ARTIFICIALES (O FIBRAS INDUSTRIALES HECHAS POR EL HOMBRE) | J44: CANTIDAD POR ELEMENTO | K44: =AD44 -> BAABS3 | L44: =AH44 -> BAACA10 | M44: =AL44 -> BAACA2 | N44: =AP44 -> BAADA1 | O44: =AT44 -> BAEEV2 | P44: =AX44 -> BAEEV3 | Q44: =BB44 -> BAMMA7 | R44: =BF44 -> BASPC10 | S44: =BJ44 -> BASAC | T44: =BN44 -> BICAR | U44: =BR44 -> BIMOC70 | V44: =BV44 -> BITER10 | W44: =BZ44 -> DIM15 | X44: =CD44 -> GMMAT | Y44: =CH44 -> GMRON | Z44: NECESIDAD TOTAL | AA44: MÍNIMAS | AB44: LIMITACIONES | AC44: PRECIO DE REFERENCIA | AD44: BAABS3 | AH44: BAACA10 | AL44: BAACA2 | AP44: BAADA1 | AT44: BAEEV2 | AX44: BAEEV3 | BB44: BAMMA7 | BF44: BASPC10 | BJ44: BASAC | BN44: BICAR | BR44: BIMOC70 | BV44: BITER10 | BZ44: DIM15 | CD44: GMMAT | CH44: GMRON
AD45: NT | AE45: M | AF45: L | AG45: VT | AH45: NT | AI45: M | AJ45: L | AK45: VT | AL45: NT | AM45: M | AN45: L | AO45: VT | AP45: NT | AQ45: M | AR45: L | AS45: VT | AT45: NT | AU45: M | AV45: L | AW45: VT | AX45: NT | AY45: M | AZ45: L | BA45: VT | BB45: NT | BC45: M | BD45: L | BE45: VT | BF45: NT | BG45: M | BH45: L | BI45: VT | BJ45: NT | BK45: M | BL45: L | BM45: VT | BN45: NT | BO45: M | BP45: L | BQ45: VT | BR45: NT | BS45: M | BT45: L | BU45: VT | BV45: NT | BW45: M | BX45: L | BY45: VT | BZ45: NT | CA45: M | CB45: L | CC45: VT | CD45: NT | CE45: M | CF45: L | CG45: VT | CH45: NT | CI45: M | CJ45: L | CK45: VT
B46: ='PLAN DE NECESIDADES'!B37 -> 21 | C46: ='PLAN DE NECESIDADES'!C37 -> 3533301 | D46: ='PLAN DE NECESIDADES'!D37 -> BETÚN: NEGRO 125 GRAMOS ESPECIFICACIONES SEGÚN NORMA TÉCNICA NO. NTMD-0356 A2 ÍTEM 3.1.1.14 | E46: ='PLAN DE NECESIDADES'!E37 -> UNIDAD | F46: ='PLAN DE NECESIDADES'!F37 -> 0 | G46: ='PLAN DE NECESIDADES'!H37 -> 47131809 | H46: ='PLAN DE NECESIDADES'!I37 -> 1048274 | I46: ='PLAN DE NECESIDADES'!J37 -> SIN CREAR | J46: 1 | K46: 69 | L46: 217 | M46: 279 | N46: 279 | O46: 248 | P46: 248 | Q46: 279 | R46: 125 | S46: 62 | T46: 279 | U46: 186 | V46: 32 | W46: 12 | X46: 186 | Y46: 186 | Z46: =SUM(AD46,AH46,AL46,AP46,AT46,AX46,BB46,BF46,BJ46,BN46,BR46,BV46,BZ46,CD46,CH46) -> 2718 | AA46: =SUM(AE46,AI46,AM46,AQ46,AU46,AY46,BC46,BG46,BK46,BO46,BS46,BW46,CA46,CE46,CI46) -> 1440 | AB46: =SUM(AF46,AJ46,AN46,AR46,AV46,AZ46,BD46,BH46,BL46,BP46,BT46,BX46,CB46,CF46,CJ46) -> 1278 | AC46: 10000 | AD46: =K46*J46 -> 69 | AE46: =J46*38 -> 38 | AF46: =AD46-AE46 -> 31 | AG46: =AC46*AE46 -> 380000 | AH46: =L46*J46 -> 217 | AI46: =J46*120 -> 120 | AJ46: =AH46-AI46 -> 97 | AK46: =AC46*AI46 -> 1200000 | AL46: =M46*J46 -> 279 | AM46: =J46*154 -> 154 | AN46: =AL46-AM46 -> 125 | AO46: =AC46*AM46 -> 1540000 | AP46: =N46*J46 -> 279 | AQ46: =J46*120 -> 120 | AR46: =AP46-AQ46 -> 159 | AS46: =AC46*AQ46 -> 1200000 | AT46: =M46*J46 -> 279 | AU46: =J46*137 -> 137 | AV46: =AT46-AU46 -> 142 | AW46: =AU46*AC46 -> 1370000 | AX46: =P46*J46 -> 248 | AY46: =J46*137 -> 137 | AZ46: =AX46-AY46 -> 111 | BA46: =AC46*AY46 -> 1370000 | BB46: =Q46*J46 -> 279 | BC46: =J46*155 -> 155 | BD46: =BB46-BC46 -> 124 | BE46: =BC46*AC46 -> 1550000 | BF46: =R46*J46 -> 125 | BG46: =J46*59 -> 59 | BH46: =BF46-BG46 -> 66 | BI46: =BG46*AC46 -> 590000 | BJ46: =S46*J46 -> 62 | BK46: =J46*34 -> 34 | BL46: =BJ46-BK46 -> 28 | BM46: =BK46*AC46 -> 340000 | BN46: =T46*J46 -> 279 | BO46: =J46*154 -> 154 | BP46: =BN46-BO46 -> 125 | BQ46: =BO46*AC46 -> 1540000 | BR46: =U46*J46 -> 186 | BS46: =J46*103 -> 103 | BT46: =BR46-BS46 -> 83 | BU46: =BS46*AC46 -> 1030000 | BV46: =V46*J46 -> 32 | BW46: =J46*17 -> 17 | BX46: =BV46-BW46 -> 15 | BY46: =BW46*AC46 -> 170000 | BZ46: =W46*J46 -> 12 | CA46: =J46*6 -> 6 | CB46: =BZ46-CA46 -> 6 | CC46: =CA46*AC46 -> 60000 | CD46: =X46*J46 -> 186 | CE46: =J46*103 -> 103 | CF46: =CD46-CE46 -> 83 | CG46: =CE46*AC46 -> 1030000 | CH46: =Y46*J46 -> 186 | CI46: =J46*103 -> 103 | CJ46: =CH46-CI46 -> 83 | CK46: =CI46*AC46 -> 1030000
B47: ='PLAN DE NECESIDADES'!B38 -> 22 | C47: ='PLAN DE NECESIDADES'!C38 -> 3532315 | D47: ='PLAN DE NECESIDADES'!D38 -> TALCOS PARA PIES : DE 85 GRAMOS ESPECIFICACIONES SEGÚN NORMA TÉCNICA NO. NTMD-0356 A2 ÍTEM 3.1.1.6 | E47: ='PLAN DE NECESIDADES'!E38 -> UNIDAD | F47: ='PLAN DE NECESIDADES'!F38 -> 0 | G47: ='PLAN DE NECESIDADES'!H38 -> 53131614 | H47: ='PLAN DE NECESIDADES'!I38 -> 1291103 | I47: ='PLAN DE NECESIDADES'!J38 -> 8510-80-0011397 | J47: 1 | K47: 69 | L47: 217 | M47: 279 | N47: 279 | O47: 248 | P47: 248 | Q47: 279 | R47: 125 | S47: 62 | T47: 279 | U47: 186 | V47: 32 | W47: 12 | X47: 186 | Y47: 186 | Z47: =SUM(AD47,AH47,AL47,AP47,AT47,AX47,BB47,BF47,BJ47,BN47,BR47,BV47,BZ47,CD47,CH47) -> 2718 | AA47: =SUM(AE47,AI47,AM47,AQ47,AU47,AY47,BC47,BG47,BK47,BO47,BS47,BW47,CA47,CE47,CI47) -> 1439 | AB47: =SUM(AF47,AJ47,AN47,AR47,AV47,AZ47,BD47,BH47,BL47,BP47,BT47,BX47,CB47,CF47,CJ47) -> 1279 | AC47: 9500 | AD47: =K47*J47 -> 69 | AE47: =J47*38 -> 38 | AF47: =AD47-AE47 -> 31 | AG47: =AC47*AE47 -> 361000 | AH47: =L47*J47 -> 217 | AI47: =J47*120 -> 120 | AJ47: =AH47-AI47 -> 97 | AK47: =AC47*AI47 -> 1140000 | AL47: =M47*J47 -> 279 | AM47: =J47*155 -> 155 | AN47: =AL47-AM47 -> 124 | AO47: =AC47*AM47 -> 1472500 | AP47: =N47*J47 -> 279 | AQ47: =J47*120 -> 120 | AR47: =AP47-AQ47 -> 159 | AS47: =AC47*AQ47 -> 1140000 | AT47: =M47*J47 -> 279 | AU47: =J47*137 -> 137 | AV47: =AT47-AU47 -> 142 | AW47: =AU47*AC47 -> 1301500 | AX47: =P47*J47 -> 248 | AY47: =J47*137 -> 137 | AZ47: =AX47-AY47 -> 111 | BA47: =AC47*AY47 -> 1301500 | BB47: =Q47*J47 -> 279 | BC47: =J47*154 -> 154 | BD47: =BB47-BC47 -> 125 | BE47: =BC47*AC47 -> 1463000 | BF47: =R47*J47 -> 125 | BG47: =J47*58 -> 58 | BH47: =BF47-BG47 -> 67 | BI47: =BG47*AC47 -> 551000 | BJ47: =S47*J47 -> 62 | BK47: =J47*34 -> 34 | BL47: =BJ47-BK47 -> 28 | BM47: =BK47*AC47 -> 323000 | BN47: =T47*J47 -> 279 | BO47: =J47*154 -> 154 | BP47: =BN47-BO47 -> 125 | BQ47: =BO47*AC47 -> 1463000 | BR47: =U47*J47 -> 186 | BS47: =J47*103 -> 103 | BT47: =BR47-BS47 -> 83 | BU47: =BS47*AC47 -> 978500 | BV47: =V47*J47 -> 32 | BW47: =J47*18 -> 18 | BX47: =BV47-BW47 -> 14 | BY47: =BW47*AC47 -> 171000 | BZ47: =W47*J47 -> 12 | CA47: =J47*6 -> 6 | CB47: =BZ47-CA47 -> 6 | CC47: =CA47*AC47 -> 57000 | CD47: =X47*J47 -> 186 | CE47: =J47*103 -> 103 | CF47: =CD47-CE47 -> 83 | CG47: =CE47*AC47 -> 978500 | CH47: =Y47*J47 -> 186 | CI47: =J47*102 -> 102 | CJ47: =CH47-CI47 -> 84 | CK47: =CI47*AC47 -> 969000
B48: ='PLAN DE NECESIDADES'!B39 -> 23 | C48: ='PLAN DE NECESIDADES'!C39 -> 3532308 | D48: ='PLAN DE NECESIDADES'!D39 -> CREMA DENTAL: DE 100 ML ESPECIFICACIONES SEGÚN NORMA TÉCNICA NO. NTMD-0356 A2 ÍTEM 3.1.1.3 | E48: ='PLAN DE NECESIDADES'!E39 -> UNIDAD | F48: ='PLAN DE NECESIDADES'!F39 -> 0 | G48: ='PLAN DE NECESIDADES'!H39 -> 53131502 | H48: ='PLAN DE NECESIDADES'!I39 -> 1013968 | I48: ='PLAN DE NECESIDADES'!J39 -> 8520-80-0011399 | J48: 1 | K48: 69 | L48: 217 | M48: 279 | N48: 279 | O48: 248 | P48: 248 | Q48: 279 | R48: 125 | S48: 62 | T48: 279 | U48: 186 | V48: 32 | W48: 12 | X48: 186 | Y48: 186 | Z48: =SUM(AD48,AH48,AL48,AP48,AT48,AX48,BB48,BF48,BJ48,BN48,BR48,BV48,BZ48,CD48,CH48) -> 2718 | AA48: =SUM(AE48,AI48,AM48,AQ48,AU48,AY48,BC48,BG48,BK48,BO48,BS48,BW48,CA48,CE48,CI48) -> 1438 | AB48: =SUM(AF48,AJ48,AN48,AR48,AV48,AZ48,BD48,BH48,BL48,BP48,BT48,BX48,CB48,CF48,CJ48) -> 1280 | AC48: 8700 | AD48: =K48*J48 -> 69 | AE48: =J48*38 -> 38 | AF48: =AD48-AE48 -> 31 | AG48: =AC48*AE48 -> 330600 | AH48: =L48*J48 -> 217 | AI48: =J48*120 -> 120 | AJ48: =AH48-AI48 -> 97 | AK48: =AC48*AI48 -> 1044000 | AL48: =M48*J48 -> 279 | AM48: =J48*154 -> 154 | AN48: =AL48-AM48 -> 125 | AO48: =AC48*AM48 -> 1339800 | AP48: =N48*J48 -> 279 | AQ48: =J48*120 -> 120 | AR48: =AP48-AQ48 -> 159 | AS48: =AC48*AQ48 -> 1044000 | AT48: =M48*J48 -> 279 | AU48: =J48*137 -> 137 | AV48: =AT48-AU48 -> 142 | AW48: =AU48*AC48 -> 1191900 | AX48: =P48*J48 -> 248 | AY48: =J48*137 -> 137 | AZ48: =AX48-AY48 -> 111 | BA48: =AC48*AY48 -> 1191900 | BB48: =Q48*J48 -> 279 | BC48: =J48*154 -> 154 | BD48: =BB48-BC48 -> 125 | BE48: =BC48*AC48 -> 1339800 | BF48: =R48*J48 -> 125 | BG48: =J48*58 -> 58 | BH48: =BF48-BG48 -> 67 | BI48: =BG48*AC48 -> 504600 | BJ48: =S48*J48 -> 62 | BK48: =J48*35 -> 35 | BL48: =BJ48-BK48 -> 27 | BM48: =BK48*AC48 -> 304500 | BN48: =T48*J48 -> 279 | BO48: =J48*154 -> 154 | BP48: =BN48-BO48 -> 125 | BQ48: =BO48*AC48 -> 1339800 | BR48: =U48*J48 -> 186 | BS48: =J48*102 -> 102 | BT48: =BR48-BS48 -> 84 | BU48: =BS48*AC48 -> 887400 | BV48: =V48*J48 -> 32 | BW48: =J48*17 -> 17 | BX48: =BV48-BW48 -> 15 | BY48: =BW48*AC48 -> 147900 | BZ48: =W48*J48 -> 12 | CA48: =J48*7 -> 7 | CB48: =BZ48-CA48 -> 5 | CC48: =CA48*AC48 -> 60900 | CD48: =X48*J48 -> 186 | CE48: =J48*102 -> 102 | CF48: =CD48-CE48 -> 84 | CG48: =CE48*AC48 -> 887400 | CH48: =Y48*J48 -> 186 | CI48: =J48*103 -> 103 | CJ48: =CH48-CI48 -> 83 | CK48: =CI48*AC48 -> 896100
B49: ='PLAN DE NECESIDADES'!B40 -> 24 | C49: ='PLAN DE NECESIDADES'!C40 -> 3532324 | D49: ='PLAN DE NECESIDADES'!D40 -> DESODORANTE ANTITRASPIRANTE: ESPECIFICACIONES TÉCNICAS DE ACUERDO A LA NORMA TÉCNICA KIT DE DOTACIÓN NO. NTMD-0356 A2 ÍTEM 3.1.1.7 | E49: ='PLAN DE NECESIDADES'!E40 -> UNIDAD | F49: ='PLAN DE NECESIDADES'!F40 -> 0 | G49: ='PLAN DE NECESIDADES'!H40 -> 53131606 | H49: ='PLAN DE NECESIDADES'!I40 -> 1013944 | I49: ='PLAN DE NECESIDADES'!J40 -> 8510-80-0011400 | J49: 1 | K49: 69 | L49: 217 | M49: 279 | N49: 279 | O49: 248 | P49: 248 | Q49: 279 | R49: 125 | S49: 62 | T49: 279 | U49: 186 | V49: 32 | W49: 12 | X49: 186 | Y49: 186 | Z49: =SUM(AD49,AH49,AL49,AP49,AT49,AX49,BB49,BF49,BJ49,BN49,BR49,BV49,BZ49,CD49,CH49) -> 2718 | AA49: =SUM(AE49,AI49,AM49,AQ49,AU49,AY49,BC49,BG49,BK49,BO49,BS49,BW49,CA49,CE49,CI49) -> 1440 | AB49: =SUM(AF49,AJ49,AN49,AR49,AV49,AZ49,BD49,BH49,BL49,BP49,BT49,BX49,CB49,CF49,CJ49) -> 1278 | AC49: 9900 | AD49: =K49*J49 -> 69 | AE49: =J49*38 -> 38 | AF49: =AD49-AE49 -> 31 | AG49: =AC49*AE49 -> 376200 | AH49: =L49*J49 -> 217 | AI49: =J49*120 -> 120 | AJ49: =AH49-AI49 -> 97 | AK49: =AC49*AI49 -> 1188000 | AL49: =M49*J49 -> 279 | AM49: =J49*154 -> 154 | AN49: =AL49-AM49 -> 125 | AO49: =AC49*AM49 -> 1524600 | AP49: =N49*J49 -> 279 | AQ49: =J49*120 -> 120 | AR49: =AP49-AQ49 -> 159 | AS49: =AC49*AQ49 -> 1188000 | AT49: =M49*J49 -> 279 | AU49: =J49*137 -> 137 | AV49: =AT49-AU49 -> 142 | AW49: =AU49*AC49 -> 1356300 | AX49: =P49*J49 -> 248 | AY49: =J49*137 -> 137 | AZ49: =AX49-AY49 -> 111 | BA49: =AC49*AY49 -> 1356300 | BB49: =Q49*J49 -> 279 | BC49: =J49*154 -> 154 | BD49: =BB49-BC49 -> 125 | BE49: =BC49*AC49 -> 1524600 | BF49: =R49*J49 -> 125 | BG49: =J49*58 -> 58 | BH49: =BF49-BG49 -> 67 | BI49: =BG49*AC49 -> 574200 | BJ49: =S49*J49 -> 62 | BK49: =J49*34 -> 34 | BL49: =BJ49-BK49 -> 28 | BM49: =BK49*AC49 -> 336600 | BN49: =T49*J49 -> 279 | BO49: =J49*154 -> 154 | BP49: =BN49-BO49 -> 125 | BQ49: =BO49*AC49 -> 1524600 | BR49: =U49*J49 -> 186 | BS49: =J49*103 -> 103 | BT49: =BR49-BS49 -> 83 | BU49: =BS49*AC49 -> 1019700 | BV49: =V49*J49 -> 32 | BW49: =J49*18 -> 18 | BX49: =BV49-BW49 -> 14 | BY49: =BW49*AC49 -> 178200 | BZ49: =W49*J49 -> 12 | CA49: =J49*7 -> 7 | CB49: =BZ49-CA49 -> 5 | CC49: =CA49*AC49 -> 69300 | CD49: =X49*J49 -> 186 | CE49: =J49*103 -> 103 | CF49: =CD49-CE49 -> 83 | CG49: =CE49*AC49 -> 1019700 | CH49: =Y49*J49 -> 186 | CI49: =J49*103 -> 103 | CJ49: =CH49-CI49 -> 83 | CK49: =CI49*AC49 -> 1019700
B50: ='PLAN DE NECESIDADES'!B41 -> 25 | C50: ='PLAN DE NECESIDADES'!C41 -> 3532324 | D50: ='PLAN DE NECESIDADES'!D41 -> DESODORANTE ANTITRANSPIRANTE PARA MUJER: DE 80 GRAMOS, ESPECIFICACIONES SEGÚN NORMA TÉCNICA NO. NTMD-0356 A2 ÍTEM 3.1.1.7 | E50: ='PLAN DE NECESIDADES'!E41 -> UNIDAD | F50: ='PLAN DE NECESIDADES'!F41 -> 0 | G50: ='PLAN DE NECESIDADES'!H41 -> 53131606 | H50: ='PLAN DE NECESIDADES'!I41 -> 1476318 | I50: ='PLAN DE NECESIDADES'!J41 -> 8510-80-0011400 | J50: 1 | R50: 125 | Z50: =SUM(AD50,AH50,AL50,AP50,AT50,AX50,BB50,BF50,BJ50,BN50,BR50,BV50,BZ50,CD50,CH50) -> 125 | AA50: =SUM(AE50,AI50,AM50,AQ50,AU50,AY50,BC50,BG50,BK50,BO50,BS50,BW50,CA50,CE50,CI50) -> 58 | AB50: =SUM(AF50,AJ50,AN50,AR50,AV50,AZ50,BD50,BH50,BL50,BP50,BT50,BX50,CB50,CF50,CJ50) -> 67 | AC50: 9900 | BF50: =R50*J50 -> 125 | BG50: =J50*58 -> 58 | BH50: =BF50-BG50 -> 67 | BI50: =BG50*AC50 -> 574200
B51: ='PLAN DE NECESIDADES'!B42 -> 26 | C51: ='PLAN DE NECESIDADES'!C42 -> 3532105 | D51: ='PLAN DE NECESIDADES'!D42 -> JABÓN DE BAÑO ANTIBACTERIAL 130 GRAMOS: ESPECIFICACIONES SEGÚN NORMA TÉCNICA NO. NTMD-0356 A2 ÍTEM 3.1.1.8 | E51: ='PLAN DE NECESIDADES'!E42 -> UNIDAD | F51: ='PLAN DE NECESIDADES'!F42 -> 0 | G51: ='PLAN DE NECESIDADES'!H42 -> 53131608 | H51: ='PLAN DE NECESIDADES'!I42 -> 1013955 | I51: ='PLAN DE NECESIDADES'!J42 -> 8520-80-0011401 | J51: 2 | K51: 69 | L51: 217 | M51: 279 | N51: 217 | O51: 248 | P51: 248 | Q51: 279 | R51: 125 | S51: 62 | T51: 279 | U51: 186 | V51: 32 | W51: 12 | X51: 186 | Y51: 186 | Z51: =SUM(AD51,AH51,AL51,AP51,AT51,AX51,BB51,BF51,BJ51,BN51,BR51,BV51,BZ51,CD51,CH51) -> 5312 | AA51: =SUM(AE51,AI51,AM51,AQ51,AU51,AY51,BC51,BG51,BK51,BO51,BS51,BW51,CA51,CE51,CI51) -> 2882 | AB51: =SUM(AF51,AJ51,AN51,AR51,AV51,AZ51,BD51,BH51,BL51,BP51,BT51,BX51,CB51,CF51,CJ51) -> 2430 | AC51: 5800 | AD51: =K51*J51 -> 138 | AE51: =J51*38 -> 76 | AF51: =AD51-AE51 -> 62 | AG51: =AC51*AE51 -> 440800 | AH51: =L51*J51 -> 434 | AI51: =J51*120 -> 240 | AJ51: =AH51-AI51 -> 194 | AK51: =AC51*AI51 -> 1392000 | AL51: =M51*J51 -> 558 | AM51: =J51*154 -> 308 | AN51: =AL51-AM51 -> 250 | AO51: =AC51*AM51 -> 1786400 | AP51: =N51*J51 -> 434 | AQ51: =J51*120 -> 240 | AR51: =AP51-AQ51 -> 194 | AS51: =AC51*AQ51 -> 1392000 | AT51: =M51*J51 -> 558 | AU51: =J51*137 -> 274 | AV51: =AT51-AU51 -> 284 | AW51: =AU51*AC51 -> 1589200 | AX51: =P51*J51 -> 496 | AY51: =J51*137 -> 274 | AZ51: =AX51-AY51 -> 222 | BA51: =AC51*AY51 -> 1589200 | BB51: =Q51*J51 -> 558 | BC51: =J51*154 -> 308 | BD51: =BB51-BC51 -> 250 | BE51: =BC51*AC51 -> 1786400 | BF51: =R51*J51 -> 250 | BG51: =J51*58 -> 116 | BH51: =BF51-BG51 -> 134 | BI51: =BG51*AC51 -> 672800 | BJ51: =S51*J51 -> 124 | BK51: =J51*34 -> 68 | BL51: =BJ51-BK51 -> 56 | BM51: =BK51*AC51 -> 394400 | BN51: =T51*J51 -> 558 | BO51: =J51*155 -> 310 | BP51: =BN51-BO51 -> 248 | BQ51: =BO51*AC51 -> 1798000 | BR51: =U51*J51 -> 372 | BS51: =J51*103 -> 206 | BT51: =BR51-BS51 -> 166 | BU51: =BS51*AC51 -> 1194800 | BV51: =V51*J51 -> 64 | BW51: =J51*18 -> 36 | BX51: =BV51-BW51 -> 28 | BY51: =BW51*AC51 -> 208800 | BZ51: =W51*J51 -> 24 | CA51: =J51*7 -> 14 | CB51: =BZ51-CA51 -> 10 | CC51: =CA51*AC51 -> 81200 | CD51: =X51*J51 -> 372 | CE51: =J51*103 -> 206 | CF51: =CD51-CE51 -> 166 | CG51: =CE51*AC51 -> 1194800 | CH51: =Y51*J51 -> 372 | CI51: =J51*103 -> 206 | CJ51: =CH51-CI51 -> 166 | CK51: =CI51*AC51 -> 1194800
B52: ='PLAN DE NECESIDADES'!B43 -> 27 | C52: ='PLAN DE NECESIDADES'!C43 -> 3532101 | D52: ='PLAN DE NECESIDADES'!D43 -> JABÓN PARA LAVAR ROPA: DE 300 GRAMOS, ESPECIFICACIONES SEGÚN NORMA TÉCNICA NO. NTMD-0356 A2 ÍTEM 3.1.1.13 | E52: ='PLAN DE NECESIDADES'!E43 -> UNIDAD | F52: ='PLAN DE NECESIDADES'!F43 -> 0 | G52: ='PLAN DE NECESIDADES'!H43 -> 47131811 | H52: ='PLAN DE NECESIDADES'!I43 -> 1298675 | I52: ='PLAN DE NECESIDADES'!J43 -> 7930-80-0011405 | J52: 1 | K52: 69 | L52: 217 | M52: 279 | N52: 217 | O52: 248 | P52: 248 | Q52: 279 | R52: 125 | S52: 62 | T52: 279 | U52: 186 | V52: 32 | W52: 12 | X52: 186 | Y52: 186 | Z52: =SUM(AD52,AH52,AL52,AP52,AT52,AX52,BB52,BF52,BJ52,BN52,BR52,BV52,BZ52,CD52,CH52) -> 2656 | AA52: =SUM(AE52,AI52,AM52,AQ52,AU52,AY52,BC52,BG52,BK52,BO52,BS52,BW52,CA52,CE52,CI52) -> 1447 | AB52: =SUM(AF52,AJ52,AN52,AR52,AV52,AZ52,BD52,BH52,BL52,BP52,BT52,BX52,CB52,CF52,CJ52) -> 1209 | AC52: 3100 | AD52: =K52*J52 -> 69 | AE52: =J52*40 -> 40 | AF52: =AD52-AE52 -> 29 | AG52: =AC52*AE52 -> 124000 | AH52: =L52*J52 -> 217 | AI52: =J52*119 -> 119 | AJ52: =AH52-AI52 -> 98 | AK52: =AC52*AI52 -> 368900 | AL52: =M52*J52 -> 279 | AM52: =J52*155 -> 155 | AN52: =AL52-AM52 -> 124 | AO52: =AC52*AM52 -> 480500 | AP52: =N52*J52 -> 217 | AQ52: =J52*119 -> 119 | AR52: =AP52-AQ52 -> 98 | AS52: =AC52*AQ52 -> 368900 | AT52: =M52*J52 -> 279 | AU52: =J52*139 -> 139 | AV52: =AT52-AU52 -> 140 | AW52: =AU52*AC52 -> 430900 | AX52: =P52*J52 -> 248 | AY52: =J52*139 -> 139 | AZ52: =AX52-AY52 -> 109 | BA52: =AC52*AY52 -> 430900 | BB52: =Q52*J52 -> 279 | BC52: =J52*155 -> 155 | BD52: =BB52-BC52 -> 124 | BE52: =BC52*AC52 -> 480500 | BF52: =R52*J52 -> 125 | BG52: =J52*58 -> 58 | BH52: =BF52-BG52 -> 67 | BI52: =BG52*AC52 -> 179800 | BJ52: =S52*J52 -> 62 | BK52: =J52*35 -> 35 | BL52: =BJ52-BK52 -> 27 | BM52: =BK52*AC52 -> 108500 | BN52: =T52*J52 -> 279 | BO52: =J52*154 -> 154 | BP52: =BN52-BO52 -> 125 | BQ52: =BO52*AC52 -> 477400 | BR52: =U52*J52 -> 186 | BS52: =J52*103 -> 103 | BT52: =BR52-BS52 -> 83 | BU52: =BS52*AC52 -> 319300 | BV52: =V52*J52 -> 32 | BW52: =J52*18 -> 18 | BX52: =BV52-BW52 -> 14 | BY52: =BW52*AC52 -> 55800 | BZ52: =W52*J52 -> 12 | CA52: =J52*7 -> 7 | CB52: =BZ52-CA52 -> 5 | CC52: =CA52*AC52 -> 21700 | CD52: =X52*J52 -> 186 | CE52: =J52*103 -> 103 | CF52: =CD52-CE52 -> 83 | CG52: =CE52*AC52 -> 319300 | CH52: =Y52*J52 -> 186 | CI52: =J52*103 -> 103 | CJ52: =CH52-CI52 -> 83 | CK52: =CI52*AC52 -> 319300
B53: VALOR TOTAL NECESIDAD | AD53: =SUM(AG46:AG52) -> 2012600 | AH53: =SUM(AK46:AK52) -> 6332900 | AL53: =SUM(AO46:AO52) -> 8143800 | AP53: =SUM(AS46:AS52) -> 6332900 | AT53: =SUM(AW46:AW52) -> 7239800 | AX53: =SUM(BA46:BA52) -> 7239800 | BB53: =SUM(BE46:BE52) -> 8144300 | BF53: =SUM(BI46:BI52) -> 3646600 | BJ53: =SUM(BM46:BM52) -> 1807000 | BN53: =SUM(BQ46:BQ52) -> 8142800 | BR53: =SUM(BU46:BU52) -> 5429700 | BV53: =SUM(BY46:BY52) -> 931700 | BZ53: =SUM(CC46:CC52) -> 350100 | CD53: =SUM(CG46:CG52) -> 5429700 | CH53: =SUM(CK46:CK52) -> 5428900
B54: PRESUPUESTO ASIGNADO | AD54: =SUMIFS(PRESUPUESTO!$G$105:$G$119,PRESUPUESTO!$E$105:$E$119,AD44) -> 2014359.2 | AH54: =SUMIFS(PRESUPUESTO!$G$105:$G$119,PRESUPUESTO!$E$105:$E$119,AH44) -> 6335013.8 | AL54: =SUMIFS(PRESUPUESTO!$G$105:$G$119,PRESUPUESTO!$E$105:$E$119,AL44) -> 8145017.8 | AP54: =SUMIFS(PRESUPUESTO!$G$105:$G$119,PRESUPUESTO!$E$105:$E$119,AP44) -> 6335013.8 | AT54: =SUMIFS(PRESUPUESTO!$G$105:$G$119,PRESUPUESTO!$E$105:$E$119,AT44) -> 7240015.8 | AX54: =SUMIFS(PRESUPUESTO!$G$105:$G$119,PRESUPUESTO!$E$105:$E$119,AX44) -> 7240015.8 | BB54: =SUMIFS(PRESUPUESTO!$G$105:$G$119,PRESUPUESTO!$E$105:$E$119,BB44) -> 8145017.8 | BF54: =SUMIFS(PRESUPUESTO!$G$105:$G$119,PRESUPUESTO!$E$105:$E$119,BF44) -> 3649201.5 | BJ54: =SUMIFS(PRESUPUESTO!$G$105:$G$119,PRESUPUESTO!$E$105:$E$119,BJ44) -> 1810004 | BN54: =SUMIFS(PRESUPUESTO!$G$105:$G$119,PRESUPUESTO!$E$105:$E$119,BN44) -> 8145017.8 | BR54: =SUMIFS(PRESUPUESTO!$G$105:$G$119,PRESUPUESTO!$E$105:$E$119,BR44) -> 5430011.9 | BV54: =SUMIFS(PRESUPUESTO!$G$105:$G$119,PRESUPUESTO!$E$105:$E$119,BV44) -> 934195.59 | BZ54: =SUMIFS(PRESUPUESTO!$G$105:$G$119,PRESUPUESTO!$E$105:$E$119,BZ44) -> 350323.35 | CD54: =SUMIFS(PRESUPUESTO!$G$105:$G$119,PRESUPUESTO!$E$105:$E$119,CD44) -> 5430011.9 | CH54: =SUMIFS(PRESUPUESTO!$G$105:$G$119,PRESUPUESTO!$E$105:$E$119,CH44) -> 5430011.9 | CL54: =SUM(AD54:CK54) -> 76633232
B55: SALDO | AD55: =AD54-AD53 -> 1759.2411 | AH55: =AH54-AH53 -> 2113.8453 | AL55: =AL54-AL53 -> 1217.8011 | AP55: =AP54-AP53 -> 2113.8453 | AT55: =AT54-AT53 -> 215.82324 | AX55: =AX54-AX53 -> 215.82324 | BB55: =BB54-BB53 -> 717.80114 | BF55: =BF54-BF53 -> 2601.5238 | BJ55: =BJ54-BJ53 -> 3003.9558 | BN55: =BN54-BN53 -> 2217.8011 | BR55: =BR54-BR53 -> 311.86743 | BV55: =BV54-BV53 -> 2495.5901 | BZ55: =BZ54-BZ53 -> 223.34629 | CD55: =CD54-CD53 -> 311.86743 | CH55: =CH54-CH53 -> 1111.8674
B57: A-02-02-01-003-006 PRODUCTOS DE CAUCHO Y PLÁSTICO
B58: ='PLAN DE NECESIDADES'!B47 -> ÍTEM | C58: ='PLAN DE NECESIDADES'!C47 -> CÓDIGO DANE | D58: ='PLAN DE NECESIDADES'!D47 -> DESCRIPCIÓN DEL BIEN Y/O SERVICIO | E58: ='PLAN DE NECESIDADES'!E47 -> UNIDAD MEDIDA | F58: ='PLAN DE NECESIDADES'!F47 -> EXISTENCIAS (STOCK - INVENTARIOS) | G58: ='PLAN DE NECESIDADES'!H47 -> UNSPSC (CCE) | H58: ='PLAN DE NECESIDADES'!I47 -> CÓDIGO MATERIAL SAP | I58: ='PLAN DE NECESIDADES'!J47 -> CÓDIGO OTAN - NOC | J58: CANTIDAD POR ELEMENTO | K58: =AD58 -> BAABS3 | L58: =AH58 -> BAACA10 | M58: =AL58 -> BAACA2 | N58: =AP58 -> BAADA1 | O58: =AT58 -> BAEEV2 | P58: =AX58 -> BAEEV3 | Q58: =BB58 -> BAMMA7 | R58: =BF58 -> BASPC10 | S58: =BJ58 -> BASAC | T58: =BN58 -> BICAR | U58: =BR58 -> BIMOC70 | V58: =BV58 -> BITER10 | W58: =BZ58 -> DIM15 | X58: =CD58 -> GMMAT | Y58: =CH58 -> GMRON | Z58: NECESIDAD TOTAL | AA58: MÍNIMAS | AB58: LIMITACIONES | AC58: PRECIO DE REFERENCIA | AD58: BAABS3 | AH58: BAACA10 | AL58: BAACA2 | AP58: BAADA1 | AT58: BAEEV2 | AX58: BAEEV3 | BB58: BAMMA7 | BF58: BASPC10 | BJ58: BASAC | BN58: BICAR | BR58: BIMOC70 | BV58: BITER10 | BZ58: DIM15 | CD58: GMMAT | CH58: GMRON
AD59: NT | AE59: M | AF59: L | AG59: VT | AH59: NT | AI59: M | AJ59: L | AK59: VT | AL59: NT | AM59: M | AN59: L | AO59: VT | AP59: NT | AQ59: M | AR59: L | AS59: VT | AT59: NT | AU59: M | AV59: L | AW59: VT | AX59: NT | AY59: M | AZ59: L | BA59: VT | BB59: NT | BC59: M | BD59: L | BE59: VT | BF59: NT | BG59: M | BH59: L | BI59: VT | BJ59: NT | BK59: M | BL59: L | BM59: VT | BN59: NT | BO59: M | BP59: L | BQ59: VT | BR59: NT | BS59: M | BT59: L | BU59: VT | BV59: NT | BW59: M | BX59: L | BY59: VT | BZ59: NT | CA59: M | CB59: L | CC59: VT | CD59: NT | CE59: M | CF59: L | CG59: VT | CH59: NT | CI59: M | CJ59: L | CK59: VT
B60: ='PLAN DE NECESIDADES'!B48 -> 28 | C60: ='PLAN DE NECESIDADES'!C48 -> 3699056 | D60: ='PLAN DE NECESIDADES'!D48 -> PROTECTORES AUDITIVOS: DEBEN SER PRES MOLDEADOS DE TIPO TAPÓN, SE DEBEN AJUSTAR AL CANAL AUDITIVO DE CASI TODAS LAS PERSONAS. DEBEN LLEVAR TRIPLE REBORDE CON DISEÑO DE FÁCIL INSERCIÓN: ESPECIFICACIONES SEGÚN NORMA TÉCNICA NO. NTMD-0356 A2 ÍTEM 3.1.1.1 | E60: ='PLAN DE NECESIDADES'!E48 -> UNIDAD | F60: ='PLAN DE NECESIDADES'!F48 -> 0 | G60: ='PLAN DE NECESIDADES'!H48 -> 46181902 | H60: ='PLAN DE NECESIDADES'!I48 -> 1447319 | I60: ='PLAN DE NECESIDADES'!J48 -> 6515-80-0011408 | J60: 1 | K60: 69 | L60: 217 | M60: 279 | N60: 217 | O60: 248 | P60: 248 | Q60: 279 | R60: 125 | S60: 62 | T60: 279 | U60: 186 | V60: 32 | W60: 12 | X60: 186 | Y60: 186 | Z60: =SUM(AD60,AH60,AL60,AP60,AT60,AX60,BB60,BF60,BJ60,BN60,BR60,BV60,BZ60,CD60,CH60) -> 2656 | AA60: =SUM(AE60,AI60,AM60,AQ60,AU60,AY60,BC60,BG60,BK60,BO60,BS60,BW60,CA60,CE60,CI60) -> 1805 | AB60: =SUM(AF60,AJ60,AN60,AR60,AV60,AZ60,BD60,BH60,BL60,BP60,BT60,BX60,CB60,CF60,CJ60) -> 851 | AC60: 2500 | AD60: =K60*J60 -> 69 | AE60: =J60*47 -> 47 | AF60: =AD60-AE60 -> 22 | AG60: =AC60*AE60 -> 117500 | AH60: =L60*J60 -> 217 | AI60: =J60*149 -> 149 | AJ60: =AH60-AI60 -> 68 | AK60: =AC60*AI60 -> 372500 | AL60: =M60*J60 -> 279 | AM60: =J60*192 -> 192 | AN60: =AL60-AM60 -> 87 | AO60: =AC60*AM60 -> 480000 | AP60: =N60*J60 -> 217 | AQ60: =J60*149 -> 149 | AR60: =AP60-AQ60 -> 68 | AS60: =AC60*AQ60 -> 372500 | AT60: =M60*J60 -> 279 | AU60: =J60*171 -> 171 | AV60: =AT60-AU60 -> 108 | AW60: =AU60*AC60 -> 427500 | AX60: =P60*J60 -> 248 | AY60: =J60*171 -> 171 | AZ60: =AX60-AY60 -> 77 | BA60: =AC60*AY60 -> 427500 | BB60: =Q60*J60 -> 279 | BC60: =J60*192 -> 192 | BD60: =BB60-BC60 -> 87 | BE60: =BC60*AC60 -> 480000 | BF60: =R60*J60 -> 125 | BG60: =J60*86 -> 86 | BH60: =BF60-BG60 -> 39 | BI60: =BG60*AC60 -> 215000 | BJ60: =S60*J60 -> 62 | BK60: =J60*42 -> 42 | BL60: =BJ60-BK60 -> 20 | BM60: =BK60*AC60 -> 105000 | BN60: =T60*J60 -> 279 | BO60: =J60*192 -> 192 | BP60: =BN60-BO60 -> 87 | BQ60: =BO60*AC60 -> 480000 | BR60: =U60*J60 -> 186 | BS60: =J60*128 -> 128 | BT60: =BR60-BS60 -> 58 | BU60: =BS60*AC60 -> 320000 | BV60: =V60*J60 -> 32 | BW60: =J60*22 -> 22 | BX60: =BV60-BW60 -> 10 | BY60: =BW60*AC60 -> 55000 | BZ60: =W60*J60 -> 12 | CA60: =J60*8 -> 8 | CB60: =BZ60-CA60 -> 4 | CC60: =CA60*AC60 -> 20000 | CD60: =X60*J60 -> 186 | CE60: =J60*128 -> 128 | CF60: =CD60-CE60 -> 58 | CG60: =CE60*AC60 -> 320000 | CH60: =Y60*J60 -> 186 | CI60: =J60*128 -> 128 | CJ60: =CH60-CI60 -> 58 | CK60: =CI60*AC60 -> 320000
B61: ='PLAN DE NECESIDADES'!B49 -> 29 | C61: ='PLAN DE NECESIDADES'!C49 -> 3694006 | D61: ='PLAN DE NECESIDADES'!D49 -> JABONERA: PLÁSTICA CAPACIDAD JABÓN 130 GRAMOS ESPECIFICACIONES SEGÚN NORMA TÉCNICA NO. NTMD-0356 A2 ÍTEM 3.1.1.9 | E61: ='PLAN DE NECESIDADES'!E49 -> UNIDAD | F61: ='PLAN DE NECESIDADES'!F49 -> 0 | G61: ='PLAN DE NECESIDADES'!H49 -> 30181601 | H61: ='PLAN DE NECESIDADES'!I49 -> 1082381 | I61: ='PLAN DE NECESIDADES'!J49 -> 8530-80-0011402 | J61: 1 | K61: 69 | L61: 217 | M61: 279 | N61: 217 | O61: 248 | P61: 248 | Q61: 279 | R61: 125 | S61: 62 | T61: 279 | U61: 186 | V61: 32 | W61: 12 | X61: 186 | Y61: 186 | Z61: =SUM(AD61,AH61,AL61,AP61,AT61,AX61,BB61,BF61,BJ61,BN61,BR61,BV61,BZ61,CD61,CH61) -> 2656 | AA61: =SUM(AE61,AI61,AM61,AQ61,AU61,AY61,BC61,BG61,BK61,BO61,BS61,BW61,CA61,CE61,CI61) -> 1812 | AB61: =SUM(AF61,AJ61,AN61,AR61,AV61,AZ61,BD61,BH61,BL61,BP61,BT61,BX61,CB61,CF61,CJ61) -> 844 | AC61: 1800 | AD61: =K61*J61 -> 69 | AE61: =J61*48 -> 48 | AF61: =AD61-AE61 -> 21 | AG61: =AC61*AE61 -> 86400 | AH61: =L61*J61 -> 217 | AI61: =J61*150 -> 150 | AJ61: =AH61-AI61 -> 67 | AK61: =AC61*AI61 -> 270000 | AL61: =M61*J61 -> 279 | AM61: =J61*193 -> 193 | AN61: =AL61-AM61 -> 86 | AO61: =AC61*AM61 -> 347400 | AP61: =N61*J61 -> 217 | AQ61: =J61*150 -> 150 | AR61: =AP61-AQ61 -> 67 | AS61: =AC61*AQ61 -> 270000 | AT61: =M61*J61 -> 279 | AU61: =J61*171 -> 171 | AV61: =AT61-AU61 -> 108 | AW61: =AU61*AC61 -> 307800 | AX61: =P61*J61 -> 248 | AY61: =J61*171 -> 171 | AZ61: =AX61-AY61 -> 77 | BA61: =AC61*AY61 -> 307800 | BB61: =Q61*J61 -> 279 | BC61: =J61*193 -> 193 | BD61: =BB61-BC61 -> 86 | BE61: =BC61*AC61 -> 347400 | BF61: =R61*J61 -> 125 | BG61: =J61*86 -> 86 | BH61: =BF61-BG61 -> 39 | BI61: =BG61*AC61 -> 154800 | BJ61: =S61*J61 -> 62 | BK61: =J61*43 -> 43 | BL61: =BJ61-BK61 -> 19 | BM61: =BK61*AC61 -> 77400 | BN61: =T61*J61 -> 279 | BO61: =J61*193 -> 193 | BP61: =BN61-BO61 -> 86 | BQ61: =BO61*AC61 -> 347400 | BR61: =U61*J61 -> 186 | BS61: =J61*128 -> 128 | BT61: =BR61-BS61 -> 58 | BU61: =BS61*AC61 -> 230400 | BV61: =V61*J61 -> 32 | BW61: =J61*22 -> 22 | BX61: =BV61-BW61 -> 10 | BY61: =BW61*AC61 -> 39600 | BZ61: =W61*J61 -> 12 | CA61: =J61*8 -> 8 | CB61: =BZ61-CA61 -> 4 | CC61: =CA61*AC61 -> 14400 | CD61: =X61*J61 -> 186 | CE61: =J61*128 -> 128 | CF61: =CD61-CE61 -> 58 | CG61: =CE61*AC61 -> 230400 | CH61: =Y61*J61 -> 186 | CI61: =J61*128 -> 128 | CJ61: =CH61-CI61 -> 58 | CK61: =CI61*AC61 -> 230400
B62: ='PLAN DE NECESIDADES'!B50 -> 30 | C62: ='PLAN DE NECESIDADES'!C50 -> 3649006 | D62: ='PLAN DE NECESIDADES'!D50 -> PORTA CEPILLO DE DIENTES: ELABORADO EN PLÁSTICO ESPECIFICACIONES SEGÚN NORMA TÉCNICA NO. NTMD-0356 A2 ÍTEM 3.1.1.11 | E62: ='PLAN DE NECESIDADES'!E50 -> UNIDAD | F62: ='PLAN DE NECESIDADES'!F50 -> 0 | G62: ='PLAN DE NECESIDADES'!H50 -> 53121800 | H62: ='PLAN DE NECESIDADES'!I50 -> 1330024 | I62: ='PLAN DE NECESIDADES'!J50 -> 4510-80-0011407 | J62: 1 | K62: 69 | L62: 217 | M62: 279 | N62: 217 | O62: 248 | P62: 248 | Q62: 279 | R62: 125 | S62: 62 | T62: 279 | U62: 186 | V62: 32 | W62: 12 | X62: 186 | Y62: 186 | Z62: =SUM(AD62,AH62,AL62,AP62,AT62,AX62,BB62,BF62,BJ62,BN62,BR62,BV62,BZ62,CD62,CH62) -> 2656 | AA62: =SUM(AE62,AI62,AM62,AQ62,AU62,AY62,BC62,BG62,BK62,BO62,BS62,BW62,CA62,CE62,CI62) -> 1807 | AB62: =SUM(AF62,AJ62,AN62,AR62,AV62,AZ62,BD62,BH62,BL62,BP62,BT62,BX62,CB62,CF62,CJ62) -> 849 | AC62: 1600 | AD62: =K62*J62 -> 69 | AE62: =J62*47 -> 47 | AF62: =AD62-AE62 -> 22 | AG62: =AC62*AE62 -> 75200 | AH62: =L62*J62 -> 217 | AI62: =J62*150 -> 150 | AJ62: =AH62-AI62 -> 67 | AK62: =AC62*AI62 -> 240000 | AL62: =M62*J62 -> 279 | AM62: =J62*192 -> 192 | AN62: =AL62-AM62 -> 87 | AO62: =AC62*AM62 -> 307200 | AP62: =N62*J62 -> 217 | AQ62: =J62*150 -> 150 | AR62: =AP62-AQ62 -> 67 | AS62: =AC62*AQ62 -> 240000 | AT62: =M62*J62 -> 279 | AU62: =J62*170 -> 170 | AV62: =AT62-AU62 -> 109 | AW62: =AU62*AC62 -> 272000 | AX62: =P62*J62 -> 248 | AY62: =J62*170 -> 170 | AZ62: =AX62-AY62 -> 78 | BA62: =AC62*AY62 -> 272000 | BB62: =Q62*J62 -> 279 | BC62: =J62*192 -> 192 | BD62: =BB62-BC62 -> 87 | BE62: =BC62*AC62 -> 307200 | BF62: =R62*J62 -> 125 | BG62: =J62*86 -> 86 | BH62: =BF62-BG62 -> 39 | BI62: =BG62*AC62 -> 137600 | BJ62: =S62*J62 -> 62 | BK62: =J62*43 -> 43 | BL62: =BJ62-BK62 -> 19 | BM62: =BK62*AC62 -> 68800 | BN62: =T62*J62 -> 279 | BO62: =J62*192 -> 192 | BP62: =BN62-BO62 -> 87 | BQ62: =BO62*AC62 -> 307200 | BR62: =U62*J62 -> 186 | BS62: =J62*128 -> 128 | BT62: =BR62-BS62 -> 58 | BU62: =BS62*AC62 -> 204800 | BV62: =V62*J62 -> 32 | BW62: =J62*22 -> 22 | BX62: =BV62-BW62 -> 10 | BY62: =BW62*AC62 -> 35200 | BZ62: =W62*J62 -> 12 | CA62: =J62*9 -> 9 | CB62: =BZ62-CA62 -> 3 | CC62: =CA62*AC62 -> 14400 | CD62: =X62*J62 -> 186 | CE62: =J62*128 -> 128 | CF62: =CD62-CE62 -> 58 | CG62: =CE62*AC62 -> 204800 | CH62: =Y62*J62 -> 186 | CI62: =J62*128 -> 128 | CJ62: =CH62-CI62 -> 58 | CK62: =CI62*AC62 -> 204800
B63: VALOR TOTAL NECESIDAD | AD63: =SUM(AG60:AG62) -> 279100 | AH63: =SUM(AK60:AK62) -> 882500 | AL63: =SUM(AO60:AO62) -> 1134600 | AP63: =SUM(AS60:AS62) -> 882500 | AT63: =SUM(AW60:AW62) -> 1007300 | AX63: =SUM(BA60:BA62) -> 1007300 | BB63: =SUM(BE60:BE62) -> 1134600 | BF63: =SUM(BI60:BI62) -> 507400 | BJ63: =SUM(BM60:BM62) -> 251200 | BN63: =SUM(BQ60:BQ62) -> 1134600 | BR63: =SUM(BU60:BU62) -> 755200 | BV63: =SUM(BY60:BY62) -> 129800 | BZ63: =SUM(CC60:CC62) -> 48800 | CD63: =SUM(CG60:CG62) -> 755200 | CH63: =SUM(CK60:CK62) -> 755200
B64: PRESUPUESTO ASIGNADO | AD64: =SUMIFS(PRESUPUESTO!$G$123:$G$137,PRESUPUESTO!$E$123:$E$137,MÍNIMAS!AD58) -> 280686.85 | AH64: =SUMIFS(PRESUPUESTO!$G$123:$G$137,PRESUPUESTO!$E$123:$E$137,MÍNIMAS!AH58) -> 882739.8 | AL64: =SUMIFS(PRESUPUESTO!$G$123:$G$137,PRESUPUESTO!$E$123:$E$137,MÍNIMAS!AL58) -> 1134951.2 | AP64: =SUMIFS(PRESUPUESTO!$G$123:$G$137,PRESUPUESTO!$E$123:$E$137,MÍNIMAS!AP58) -> 882739.8 | AT64: =SUMIFS(PRESUPUESTO!$G$123:$G$137,PRESUPUESTO!$E$123:$E$137,MÍNIMAS!AT58) -> 1008845.5 | AX64: =SUMIFS(PRESUPUESTO!$G$123:$G$137,PRESUPUESTO!$E$123:$E$137,MÍNIMAS!AX58) -> 1008845.5 | BB64: =SUMIFS(PRESUPUESTO!$G$123:$G$137,PRESUPUESTO!$E$123:$E$137,MÍNIMAS!BB58) -> 1134951.2 | BF64: =SUMIFS(PRESUPUESTO!$G$123:$G$137,PRESUPUESTO!$E$123:$E$137,MÍNIMAS!BF58) -> 508490.67 | BJ64: =SUMIFS(PRESUPUESTO!$G$123:$G$137,PRESUPUESTO!$E$123:$E$137,MÍNIMAS!BJ58) -> 252211.37 | BN64: =SUMIFS(PRESUPUESTO!$G$123:$G$137,PRESUPUESTO!$E$123:$E$137,MÍNIMAS!BN58) -> 1134951.2 | BR64: =SUMIFS(PRESUPUESTO!$G$123:$G$137,PRESUPUESTO!$E$123:$E$137,MÍNIMAS!BR58) -> 756634.11 | BV64: =SUMIFS(PRESUPUESTO!$G$123:$G$137,PRESUPUESTO!$E$123:$E$137,MÍNIMAS!BV58) -> 130173.61 | BZ64: =SUMIFS(PRESUPUESTO!$G$123:$G$137,PRESUPUESTO!$E$123:$E$137,MÍNIMAS!BZ58) -> 48815.104 | CD64: =SUMIFS(PRESUPUESTO!$G$123:$G$137,PRESUPUESTO!$E$123:$E$137,MÍNIMAS!CD58) -> 756634.11 | CH64: =SUMIFS(PRESUPUESTO!$G$123:$G$137,PRESUPUESTO!$E$123:$E$137,MÍNIMAS!CH58) -> 756634.11 | CL64: =SUM(AD64:CK64) -> 10678304
B65: SALDO | AD65: =AD64-AD63 -> 1586.848 | AH65: =AH64-AH63 -> 239.79733 | AL65: =AL64-AL63 -> 351.168 | AP65: =AP64-AP63 -> 239.79733 | AT65: =AT64-AT63 -> 1545.4827 | AX65: =AX64-AX63 -> 1545.4827 | BB65: =BB64-BB63 -> 351.168 | BF65: =BF64-BF63 -> 1090.6667 | BJ65: =BJ64-BJ63 -> 1011.3707 | BN65: =BN64-BN63 -> 351.168 | BR65: =BR64-BR63 -> 1434.112 | BV65: =BV64-BV63 -> 373.61067 | BZ65: =BZ64-BZ63 -> 15.104 | CD65: =CD64-CD63 -> 1434.112 | CH65: =CH64-CH63 -> 1434.112
B67: A-02-02-01-003-008 OTROS BIENES TRANSPORTABLES N.C.P.
B68: ='PLAN DE NECESIDADES'!B54 -> ÍTEM | C68: ='PLAN DE NECESIDADES'!C54 -> CÓDIGO DANE | D68: ='PLAN DE NECESIDADES'!D54 -> DESCRIPCIÓN DEL BIEN Y/O SERVICIO | E68: ='PLAN DE NECESIDADES'!E54 -> UNIDAD MEDIDA | F68: ='PLAN DE NECESIDADES'!F54 -> EXISTENCIAS (STOCK - INVENTARIOS) | G68: ='PLAN DE NECESIDADES'!H54 -> UNSPSC (CCE) | H68: ='PLAN DE NECESIDADES'!I54 -> CÓDIGO MATERIAL SAP | I68: ='PLAN DE NECESIDADES'!J54 -> CÓDIGO OTAN - NOC | J68: CANTIDAD POR ELEMENTO | K68: =AD68 -> BAABS3 | L68: =AH68 -> BAACA10 | M68: =AL68 -> BAACA2 | N68: =AP68 -> BAADA1 | O68: =AT68 -> BAEEV2 | P68: =AX68 -> BAEEV3 | Q68: =BB68 -> BAMMA7 | R68: =BF68 -> BASPC10 | S68: =BJ68 -> BASAC | T68: =BN68 -> BICAR | U68: =BR68 -> BIMOC70 | V68: =BV68 -> BITER10 | W68: =BZ68 -> DIM15 | X68: =CD68 -> GMMAT | Y68: =CH68 -> GMRON | Z68: NECESIDAD TOTAL | AA68: MÍNIMAS | AB68: LIMITACIONES | AC68: PRECIO DE REFERENCIA | AD68: BAABS3 | AH68: BAACA10 | AL68: BAACA2 | AP68: BAADA1 | AT68: BAEEV2 | AX68: BAEEV3 | BB68: BAMMA7 | BF68: BASPC10 | BJ68: BASAC | BN68: BICAR | BR68: BIMOC70 | BV68: BITER10 | BZ68: DIM15 | CD68: GMMAT | CH68: GMRON
AD69: NT | AE69: M | AF69: L | AG69: VT | AH69: NT | AI69: M | AJ69: L | AK69: VT | AL69: NT | AM69: M | AN69: L | AO69: VT | AP69: NT | AQ69: M | AR69: L | AS69: VT | AT69: NT | AU69: M | AV69: L | AW69: VT | AX69: NT | AY69: M | AZ69: L | BA69: VT | BB69: NT | BC69: M | BD69: L | BE69: VT | BF69: NT | BG69: M | BH69: L | BI69: VT | BJ69: NT | BK69: M | BL69: L | BM69: VT | BN69: NT | BO69: M | BP69: L | BQ69: VT | BR69: NT | BS69: M | BT69: L | BU69: VT | BV69: NT | BW69: M | BX69: L | BY69: VT | BZ69: NT | CA69: M | CB69: L | CC69: VT | CD69: NT | CE69: M | CF69: L | CG69: VT | CH69: NT | CI69: M | CJ69: L | CK69: VT
B70: ='PLAN DE NECESIDADES'!B55 -> 31 | C70: ='PLAN DE NECESIDADES'!C55 -> 3899307 | D70: ='PLAN DE NECESIDADES'!D55 -> CEPILLO DENTAL (DUREZA CERDAS MEDIA O SUAVE): DEBE ESTAR CONFORMADO POR UNA CABEZA QUE CONTENGA CONJUNTOS DE PENACHOS COMPUESTOS POR CERDAS UNIDAS FUERTEMENTE Y UN MANGO PARA SER OPERADO MANUALMENTE. SUS SUPERFICIES DEBEN TENER APARIENCIA UNIFORME ESPECIFICACIONES SEGÚN NORMA TÉCNICA N°. NTMD-0356 A2 ÍTEM 3.1.1.2 | E70: ='PLAN DE NECESIDADES'!E55 -> UNIDAD | F70: ='PLAN DE NECESIDADES'!F55 -> 0 | G70: ='PLAN DE NECESIDADES'!H55 -> 53131503 | H70: ='PLAN DE NECESIDADES'!I55 -> 1349993 | I70: ='PLAN DE NECESIDADES'!J55 -> 8530-80-0011406 | J70: 1 | K70: 69 | L70: 217 | M70: 279 | N70: 217 | O70: 248 | P70: 248 | Q70: 279 | R70: 125 | S70: 62 | T70: 279 | U70: 186 | V70: 32 | W70: 12 | X70: 186 | Y70: 186 | Z70: =SUM(AD70,AH70,AL70,AP70,AT70,AX70,BB70,BF70,BJ70,BN70,BR70,BV70,BZ70,CD70,CH70) -> 2656 | AA70: =SUM(AE70,AI70,AM70,AQ70,AU70,AY70,BC70,BG70,BK70,BO70,BS70,BW70,CA70,CE70,CI70) -> 1532 | AB70: =SUM(AF70,AJ70,AN70,AR70,AV70,AZ70,BD70,BH70,BL70,BP70,BT70,BX70,CB70,CF70,CJ70) -> 1124 | AC70: 3000 | AD70: =K70*J70 -> 69 | AE70: =J70*40 -> 40 | AF70: =AD70-AE70 -> 29 | AG70: =AC70*AE70 -> 120000 | AH70: =L70*J70 -> 217 | AI70: =J70*126 -> 126 | AJ70: =AH70-AI70 -> 91 | AK70: =AC70*AI70 -> 378000 | AL70: =M70*J70 -> 279 | AM70: =J70*163 -> 163 | AN70: =AL70-AM70 -> 116 | AO70: =AC70*AM70 -> 489000 | AP70: =N70*J70 -> 217 | AQ70: =J70*127 -> 127 | AR70: =AP70-AQ70 -> 90 | AS70: =AC70*AQ70 -> 381000 | AT70: =M70*J70 -> 279 | AU70: =J70*143 -> 143 | AV70: =AT70-AU70 -> 136 | AW70: =AU70*AC70 -> 429000 | AX70: =P70*J70 -> 248 | AY70: =J70*145 -> 145 | AZ70: =AX70-AY70 -> 103 | BA70: =AC70*AY70 -> 435000 | BB70: =Q70*J70 -> 279 | BC70: =J70*163 -> 163 | BD70: =BB70-BC70 -> 116 | BE70: =BC70*AC70 -> 489000 | BF70: =R70*J70 -> 125 | BG70: =J70*74 -> 74 | BH70: =BF70-BG70 -> 51 | BI70: =BG70*AC70 -> 222000 | BJ70: =S70*J70 -> 62 | BK70: =J70*36 -> 36 | BL70: =BJ70-BK70 -> 26 | BM70: =BK70*AC70 -> 108000 | BN70: =T70*J70 -> 279 | BO70: =J70*163 -> 163 | BP70: =BN70-BO70 -> 116 | BQ70: =BO70*AC70 -> 489000 | BR70: =U70*J70 -> 186 | BS70: =J70*109 -> 109 | BT70: =BR70-BS70 -> 77 | BU70: =BS70*AC70 -> 327000 | BV70: =V70*J70 -> 32 | BW70: =J70*18 -> 18 | BX70: =BV70-BW70 -> 14 | BY70: =BW70*AC70 -> 54000 | BZ70: =W70*J70 -> 12 | CA70: =J70*7 -> 7 | CB70: =BZ70-CA70 -> 5 | CC70: =CA70*AC70 -> 21000 | CD70: =X70*J70 -> 186 | CE70: =J70*109 -> 109 | CF70: =CD70-CE70 -> 77 | CG70: =CE70*AC70 -> 327000 | CH70: =Y70*J70 -> 186 | CI70: =J70*109 -> 109 | CJ70: =CH70-CI70 -> 77 | CK70: =CI70*AC70 -> 327000
B71: ='PLAN DE NECESIDADES'!B56 -> 32 | C71: ='PLAN DE NECESIDADES'!C56 -> 3899402 | D71: ='PLAN DE NECESIDADES'!D56 -> PEINILLA: (LARGO: 120 MM ± 5 MM; ALTO: 28 MM ± 5 MM), ESPECIFICACIONES SEGÚN NORMA TÉCNICA NO. NTMD-0356 A2 ÍTEM 3.1.1.12 | E71: ='PLAN DE NECESIDADES'!E56 -> UNIDAD | F71: ='PLAN DE NECESIDADES'!F56 -> 0 | G71: ='PLAN DE NECESIDADES'!H56 -> 53131604 | H71: ='PLAN DE NECESIDADES'!I56 -> 1082385 | I71: ='PLAN DE NECESIDADES'!J56 -> 8530-80-0011404 | J71: 1 | K71: 69 | L71: 217 | M71: 279 | N71: 217 | O71: 248 | P71: 248 | Q71: 279 | R71: 125 | S71: 62 | T71: 279 | U71: 186 | V71: 32 | W71: 12 | X71: 186 | Y71: 186 | Z71: =SUM(AD71,AH71,AL71,AP71,AT71,AX71,BB71,BF71,BJ71,BN71,BR71,BV71,BZ71,CD71,CH71) -> 2656 | AA71: =SUM(AE71,AI71,AM71,AQ71,AU71,AY71,BC71,BG71,BK71,BO71,BS71,BW71,CA71,CE71,CI71) -> 1529 | AB71: =SUM(AF71,AJ71,AN71,AR71,AV71,AZ71,BD71,BH71,BL71,BP71,BT71,BX71,CB71,CF71,CJ71) -> 1127 | AC71: 1700 | AD71: =K71*J71 -> 69 | AE71: =J71*41 -> 41 | AF71: =AD71-AE71 -> 28 | AG71: =AC71*AE71 -> 69700 | AH71: =L71*J71 -> 217 | AI71: =J71*128 -> 128 | AJ71: =AH71-AI71 -> 89 | AK71: =AC71*AI71 -> 217600 | AL71: =M71*J71 -> 279 | AM71: =J71*163 -> 163 | AN71: =AL71-AM71 -> 116 | AO71: =AC71*AM71 -> 277100 | AP71: =N71*J71 -> 217 | AQ71: =J71*126 -> 126 | AR71: =AP71-AQ71 -> 91 | AS71: =AC71*AQ71 -> 214200 | AT71: =M71*J71 -> 279 | AU71: =J71*143 -> 143 | AV71: =AT71-AU71 -> 136 | AW71: =AU71*AC71 -> 243100 | AX71: =P71*J71 -> 248 | AY71: =J71*144 -> 144 | AZ71: =AX71-AY71 -> 104 | BA71: =AC71*AY71 -> 244800 | BB71: =Q71*J71 -> 279 | BC71: =J71*163 -> 163 | BD71: =BB71-BC71 -> 116 | BE71: =BC71*AC71 -> 277100 | BF71: =R71*J71 -> 125 | BG71: =J71*73 -> 73 | BH71: =BF71-BG71 -> 52 | BI71: =BG71*AC71 -> 124100 | BJ71: =S71*J71 -> 62 | BK71: =J71*36 -> 36 | BL71: =BJ71-BK71 -> 26 | BM71: =BK71*AC71 -> 61200 | BN71: =T71*J71 -> 279 | BO71: =J71*163 -> 163 | BP71: =BN71-BO71 -> 116 | BQ71: =BO71*AC71 -> 277100 | BR71: =U71*J71 -> 186 | BS71: =J71*108 -> 108 | BT71: =BR71-BS71 -> 78 | BU71: =BS71*AC71 -> 183600 | BV71: =V71*J71 -> 32 | BW71: =J71*18 -> 18 | BX71: =BV71-BW71 -> 14 | BY71: =BW71*AC71 -> 30600 | BZ71: =W71*J71 -> 12 | CA71: =J71*7 -> 7 | CB71: =BZ71-CA71 -> 5 | CC71: =CA71*AC71 -> 11900 | CD71: =X71*J71 -> 186 | CE71: =J71*108 -> 108 | CF71: =CD71-CE71 -> 78 | CG71: =CE71*AC71 -> 183600 | CH71: =Y71*J71 -> 186 | CI71: =J71*108 -> 108 | CJ71: =CH71-CI71 -> 78 | CK71: =CI71*AC71 -> 183600
B72: ='PLAN DE NECESIDADES'!B57 -> 33 | C72: ='PLAN DE NECESIDADES'!C57 -> 3899306 | D72: ='PLAN DE NECESIDADES'!D57 -> CEPILLOS GRANDE Y PEQUEÑO PARA BRILLAR CALZADO: DEBE ESTAR CONFORMADO POR UN MANGO Y UNA BASE, SOBRE LA CUAL SE FIJAN LAS CERDAS, APTOS PARA LIMPIAR, LAVAR, BRILLAR O BARRER, ESPECIFICACIONES SEGÚN NORMA TÉCNICA NO. NTMD-0356 A2 ÍTEM 3.1.1.16 | E72: ='PLAN DE NECESIDADES'!E57 -> UNIDAD | F72: ='PLAN DE NECESIDADES'!F57 -> 0 | G72: ='PLAN DE NECESIDADES'!H57 -> 27113000 | H72: ='PLAN DE NECESIDADES'!I57 -> 1017232 | I72: ='PLAN DE NECESIDADES'!J57 -> 7920-80-0011395 | J72: 1 | K72: 69 | L72: 217 | M72: 279 | N72: 217 | O72: 248 | P72: 248 | Q72: 279 | R72: 125 | S72: 62 | T72: 279 | U72: 186 | V72: 32 | W72: 12 | X72: 186 | Y72: 186 | Z72: =SUM(AD72,AH72,AL72,AP72,AT72,AX72,BB72,BF72,BJ72,BN72,BR72,BV72,BZ72,CD72,CH72) -> 2656 | AA72: =SUM(AE72,AI72,AM72,AQ72,AU72,AY72,BC72,BG72,BK72,BO72,BS72,BW72,CA72,CE72,CI72) -> 1525 | AB72: =SUM(AF72,AJ72,AN72,AR72,AV72,AZ72,BD72,BH72,BL72,BP72,BT72,BX72,CB72,CF72,CJ72) -> 1131 | AC72: 8100 | AD72: =K72*J72 -> 69 | AE72: =J72*40 -> 40 | AF72: =AD72-AE72 -> 29 | AG72: =AC72*AE72 -> 324000 | AH72: =L72*J72 -> 217 | AI72: =J72*126 -> 126 | AJ72: =AH72-AI72 -> 91 | AK72: =AC72*AI72 -> 1020600 | AL72: =M72*J72 -> 279 | AM72: =J72*162 -> 162 | AN72: =AL72-AM72 -> 117 | AO72: =AC72*AM72 -> 1312200 | AP72: =N72*J72 -> 217 | AQ72: =J72*126 -> 126 | AR72: =AP72-AQ72 -> 91 | AS72: =AC72*AQ72 -> 1020600 | AT72: =M72*J72 -> 279 | AU72: =J72*145 -> 145 | AV72: =AT72-AU72 -> 134 | AW72: =AU72*AC72 -> 1174500 | AX72: =P72*J72 -> 248 | AY72: =J72*144 -> 144 | AZ72: =AX72-AY72 -> 104 | BA72: =AC72*AY72 -> 1166400 | BB72: =Q72*J72 -> 279 | BC72: =J72*162 -> 162 | BD72: =BB72-BC72 -> 117 | BE72: =BC72*AC72 -> 1312200 | BF72: =R72*J72 -> 125 | BG72: =J72*72 -> 72 | BH72: =BF72-BG72 -> 53 | BI72: =BG72*AC72 -> 583200 | BJ72: =S72*J72 -> 62 | BK72: =J72*36 -> 36 | BL72: =BJ72-BK72 -> 26 | BM72: =BK72*AC72 -> 291600 | BN72: =T72*J72 -> 279 | BO72: =J72*162 -> 162 | BP72: =BN72-BO72 -> 117 | BQ72: =BO72*AC72 -> 1312200 | BR72: =U72*J72 -> 186 | BS72: =J72*108 -> 108 | BT72: =BR72-BS72 -> 78 | BU72: =BS72*AC72 -> 874800 | BV72: =V72*J72 -> 32 | BW72: =J72*19 -> 19 | BX72: =BV72-BW72 -> 13 | BY72: =BW72*AC72 -> 153900 | BZ72: =W72*J72 -> 12 | CA72: =J72*7 -> 7 | CB72: =BZ72-CA72 -> 5 | CC72: =CA72*AC72 -> 56700 | CD72: =X72*J72 -> 186 | CE72: =J72*108 -> 108 | CF72: =CD72-CE72 -> 78 | CG72: =CE72*AC72 -> 874800 | CH72: =Y72*J72 -> 186 | CI72: =J72*108 -> 108 | CJ72: =CH72-CI72 -> 78 | CK72: =CI72*AC72 -> 874800
B73: ='PLAN DE NECESIDADES'!B58 -> 34 | C73: ='PLAN DE NECESIDADES'!C58 -> 3891103 | D73: ='PLAN DE NECESIDADES'!D58 -> LAPICERO: (14 CM DE LONGITUD Y 7 MM DE DIÁMETRO), ESPECIFICACIONES SEGÚN NORMA TÉCNICA NO. NTMD-0356 A2 ÍTEM 3.1.1.19 | E73: ='PLAN DE NECESIDADES'!E58 -> UNIDAD | F73: ='PLAN DE NECESIDADES'!F58 -> 0 | G73: ='PLAN DE NECESIDADES'!H58 -> 44121701 | H73: ='PLAN DE NECESIDADES'!I58 -> 1749319 | I73: ='PLAN DE NECESIDADES'!J58 -> SIN CREAR | J73: 1 | K73: 69 | L73: 217 | M73: 279 | N73: 217 | O73: 248 | P73: 248 | Q73: 279 | R73: 125 | S73: 62 | T73: 279 | U73: 186 | V73: 32 | W73: 12 | X73: 186 | Y73: 186 | Z73: =SUM(AD73,AH73,AL73,AP73,AT73,AX73,BB73,BF73,BJ73,BN73,BR73,BV73,BZ73,CD73,CH73) -> 2656 | AA73: =SUM(AE73,AI73,AM73,AQ73,AU73,AY73,BC73,BG73,BK73,BO73,BS73,BW73,CA73,CE73,CI73) -> 1525 | AB73: =SUM(AF73,AJ73,AN73,AR73,AV73,AZ73,BD73,BH73,BL73,BP73,BT73,BX73,CB73,CF73,CJ73) -> 1131 | AC73: 1200 | AD73: =K73*J73 -> 69 | AE73: =J73*40 -> 40 | AF73: =AD73-AE73 -> 29 | AG73: =AC73*AE73 -> 48000 | AH73: =L73*J73 -> 217 | AI73: =J73*126 -> 126 | AJ73: =AH73-AI73 -> 91 | AK73: =AC73*AI73 -> 151200 | AL73: =M73*J73 -> 279 | AM73: =J73*162 -> 162 | AN73: =AL73-AM73 -> 117 | AO73: =AC73*AM73 -> 194400 | AP73: =N73*J73 -> 217 | AQ73: =J73*126 -> 126 | AR73: =AP73-AQ73 -> 91 | AS73: =AC73*AQ73 -> 151200 | AT73: =M73*J73 -> 279 | AU73: =J73*144 -> 144 | AV73: =AT73-AU73 -> 135 | AW73: =AU73*AC73 -> 172800 | AX73: =P73*J73 -> 248 | AY73: =J73*145 -> 145 | AZ73: =AX73-AY73 -> 103 | BA73: =AC73*AY73 -> 174000 | BB73: =Q73*J73 -> 279 | BC73: =J73*162 -> 162 | BD73: =BB73-BC73 -> 117 | BE73: =BC73*AC73 -> 194400 | BF73: =R73*J73 -> 125 | BG73: =J73*74 -> 74 | BH73: =BF73-BG73 -> 51 | BI73: =BG73*AC73 -> 88800 | BJ73: =S73*J73 -> 62 | BK73: =J73*36 -> 36 | BL73: =BJ73-BK73 -> 26 | BM73: =BK73*AC73 -> 43200 | BN73: =T73*J73 -> 279 | BO73: =J73*162 -> 162 | BP73: =BN73-BO73 -> 117 | BQ73: =BO73*AC73 -> 194400 | BR73: =U73*J73 -> 186 | BS73: =J73*108 -> 108 | BT73: =BR73-BS73 -> 78 | BU73: =BS73*AC73 -> 129600 | BV73: =V73*J73 -> 32 | BW73: =J73*18 -> 18 | BX73: =BV73-BW73 -> 14 | BY73: =BW73*AC73 -> 21600 | BZ73: =W73*J73 -> 12 | CA73: =J73*6 -> 6 | CB73: =BZ73-CA73 -> 6 | CC73: =CA73*AC73 -> 7200 | CD73: =X73*J73 -> 186 | CE73: =J73*108 -> 108 | CF73: =CD73-CE73 -> 78 | CG73: =CE73*AC73 -> 129600 | CH73: =Y73*J73 -> 186 | CI73: =J73*108 -> 108 | CJ73: =CH73-CI73 -> 78 | CK73: =CI73*AC73 -> 129600
B74: VALOR TOTAL NECESIDAD | AD74: =SUM(AG70:AG73) -> 561700 | AH74: =SUM(AK70:AK73) -> 1767400 | AL74: =SUM(AO70:AO73) -> 2272700 | AP74: =SUM(AS70:AS73) -> 1767000 | AT74: =SUM(AW70:AW73) -> 2019400 | AX74: =SUM(BA70:BA73) -> 2020200 | BB74: =SUM(BE70:BE73) -> 2272700 | BF74: =SUM(BI70:BI73) -> 1018100 | BJ74: =SUM(BM70:BM73) -> 504000 | BN74: =SUM(BQ70:BQ73) -> 2272700 | BR74: =SUM(BU70:BU73) -> 1515000 | BV74: =SUM(BY70:BY73) -> 260100 | BZ74: =SUM(CC70:CC73) -> 96800 | CD74: =SUM(CG70:CG73) -> 1515000 | CH74: =SUM(CK70:CK73) -> 1515000
B75: PRESUPUESTO ASIGNADO | AD75: =SUMIFS(PRESUPUESTO!$G$141:$G$155,PRESUPUESTO!$E$141:$E$155,MÍNIMAS!AD68) -> 562100.86 | AH75: =SUMIFS(PRESUPUESTO!$G$141:$G$155,PRESUPUESTO!$E$141:$E$155,MÍNIMAS!AH68) -> 1767766.5 | AL75: =SUMIFS(PRESUPUESTO!$G$141:$G$155,PRESUPUESTO!$E$141:$E$155,MÍNIMAS!AL68) -> 2272842.6 | AP75: =SUMIFS(PRESUPUESTO!$G$141:$G$155,PRESUPUESTO!$E$141:$E$155,MÍNIMAS!AP68) -> 1767766.5 | AT75: =SUMIFS(PRESUPUESTO!$G$141:$G$155,PRESUPUESTO!$E$141:$E$155,MÍNIMAS!AT68) -> 2020304.6 | AX75: =SUMIFS(PRESUPUESTO!$G$141:$G$155,PRESUPUESTO!$E$141:$E$155,MÍNIMAS!AX68) -> 2020304.6 | BB75: =SUMIFS(PRESUPUESTO!$G$141:$G$155,PRESUPUESTO!$E$141:$E$155,MÍNIMAS!BB68) -> 2272842.6 | BF75: =SUMIFS(PRESUPUESTO!$G$141:$G$155,PRESUPUESTO!$E$141:$E$155,MÍNIMAS!BF68) -> 1018298.7 | BJ75: =SUMIFS(PRESUPUESTO!$G$141:$G$155,PRESUPUESTO!$E$141:$E$155,MÍNIMAS!BJ68) -> 505076.14 | BN75: =SUMIFS(PRESUPUESTO!$G$141:$G$155,PRESUPUESTO!$E$141:$E$155,MÍNIMAS!BN68) -> 2272842.6 | BR75: =SUMIFS(PRESUPUESTO!$G$141:$G$155,PRESUPUESTO!$E$141:$E$155,MÍNIMAS!BR68) -> 1515228.4 | BV75: =SUMIFS(PRESUPUESTO!$G$141:$G$155,PRESUPUESTO!$E$141:$E$155,MÍNIMAS!BV68) -> 260684.46 | BZ75: =SUMIFS(PRESUPUESTO!$G$141:$G$155,PRESUPUESTO!$E$141:$E$155,MÍNIMAS!BZ68) -> 97756.672 | CD75: =SUMIFS(PRESUPUESTO!$G$141:$G$155,PRESUPUESTO!$E$141:$E$155,MÍNIMAS!CD68) -> 1515228.4 | CH75: =SUMIFS(PRESUPUESTO!$G$141:$G$155,PRESUPUESTO!$E$141:$E$155,MÍNIMAS!CH68) -> 1515228.4 | CL75: =SUM(AD75:CK75) -> 21384272
B76: SALDO | AD76: =AD75-AD74 -> 400.864 | AH76: =AH75-AH74 -> 366.48533 | AL76: =AL75-AL74 -> 142.624 | AP76: =AP75-AP74 -> 766.48533 | AT76: =AT75-AT74 -> 904.55467 | AX76: =AX75-AX74 -> 104.55467 | BB76: =BB75-BB74 -> 142.624 | BF76: =BF75-BF74 -> 198.66667 | BJ76: =BJ75-BJ74 -> 1076.1387 | BN76: =BN75-BN74 -> 142.624 | BR76: =BR75-BR74 -> 228.416 | BV76: =BV75-BV74 -> 584.45867 | BZ76: =BZ75-BZ74 -> 956.672 | CD76: =CD75-CD74 -> 228.416 | CH76: =CH75-CH74 -> 228.416
B78: A-02-02-01-004-002 PRODUCTOS METÁLICOS ELABORADOS (EXCEPTO MAQUINARIA Y EQUIPO)
B79: ='PLAN DE NECESIDADES'!B62 -> ÍTEM | C79: ='PLAN DE NECESIDADES'!C62 -> CÓDIGO DANE | D79: ='PLAN DE NECESIDADES'!D62 -> DESCRIPCIÓN DEL BIEN Y/O SERVICIO | E79: ='PLAN DE NECESIDADES'!E62 -> UNIDAD MEDIDA | F79: ='PLAN DE NECESIDADES'!F62 -> EXISTENCIAS (STOCK - INVENTARIOS) | G79: ='PLAN DE NECESIDADES'!H62 -> UNSPSC (CCE) | H79: ='PLAN DE NECESIDADES'!I62 -> CÓDIGO MATERIAL SAP | I79: ='PLAN DE NECESIDADES'!J62 -> CÓDIGO OTAN - NOC | J79: CANTIDAD POR ELEMENTO | K79: =AD79 -> BAABS3 | L79: =AH79 -> BAACA10 | M79: =AL79 -> BAACA2 | N79: =AP79 -> BAADA1 | O79: =AT79 -> BAEEV2 | P79: =AX79 -> BAEEV3 | Q79: =BB79 -> BAMMA7 | R79: =BF79 -> BASPC10 | S79: =BJ79 -> BASAC | T79: =BN79 -> BICAR | U79: =BR79 -> BIMOC70 | V79: =BV79 -> BITER10 | W79: =BZ79 -> DIM15 | X79: =CD79 -> GMMAT | Y79: =CH79 -> GMRON | Z79: NECESIDAD TOTAL | AA79: MÍNIMAS | AB79: LIMITACIONES | AC79: PRECIO DE REFERENCIA | AD79: BAABS3 | AH79: BAACA10 | AL79: BAACA2 | AP79: BAADA1 | AT79: BAEEV2 | AX79: BAEEV3 | BB79: BAMMA7 | BF79: BASPC10 | BJ79: BASAC | BN79: BICAR | BR79: BIMOC70 | BV79: BITER10 | BZ79: DIM15 | CD79: GMMAT | CH79: GMRON
AD80: NT | AE80: M | AF80: L | AG80: VT | AH80: NT | AI80: M | AJ80: L | AK80: VT | AL80: NT | AM80: M | AN80: L | AO80: VT | AP80: NT | AQ80: M | AR80: L | AS80: VT | AT80: NT | AU80: M | AV80: L | AW80: VT | AX80: NT | AY80: M | AZ80: L | BA80: VT | BB80: NT | BC80: M | BD80: L | BE80: VT | BF80: NT | BG80: M | BH80: L | BI80: VT | BJ80: NT | BK80: M | BL80: L | BM80: VT | BN80: NT | BO80: M | BP80: L | BQ80: VT | BR80: NT | BS80: M | BT80: L | BU80: VT | BV80: NT | BW80: M | BX80: L | BY80: VT | BZ80: NT | CA80: M | CB80: L | CC80: VT | CD80: NT | CE80: M | CF80: L | CG80: VT | CH80: NT | CI80: M | CJ80: L | CK80: VT
B81: ='PLAN DE NECESIDADES'!B63 -> 35 | C81: ='PLAN DE NECESIDADES'!C63 -> 4291403 | D81: ='PLAN DE NECESIDADES'!D63 -> MAQUINA PARA AFEITAR: DESECHABLE, MÍNIMO TRIPLE HOJA, DEBE TENER BANDA LUBRICANTE ESPECIFICACIONES SEGÚN NORMA TÉCNICA NO. NTMD-0356 A2 ÍTEM 3.1.1.4 | E81: ='PLAN DE NECESIDADES'!E63 -> UNIDAD | F81: ='PLAN DE NECESIDADES'!F63 -> 0 | G81: ='PLAN DE NECESIDADES'!H63 -> 53131603 | H81: ='PLAN DE NECESIDADES'!I63 -> 1266905 | I81: ='PLAN DE NECESIDADES'!J63 -> SIN CREAR | J81: 3 | K81: 69 | L81: 217 | M81: 279 | N81: 217 | O81: 248 | P81: 248 | Q81: 279 | R81: 125 | S81: 62 | T81: 279 | U81: 186 | V81: 32 | W81: 12 | X81: 186 | Y81: 186 | Z81: =SUM(AD81,AH81,AL81,AP81,AT81,AX81,BB81,BF81,BJ81,BN81,BR81,BV81,BZ81,CD81,CH81) -> 7968 | AA81: =SUM(AE81,AI81,AM81,AQ81,AU81,AY81,BC81,BG81,BK81,BO81,BS81,BW81,CA81,CE81,CI81) -> 4908 | AB81: =SUM(AF81,AJ81,AN81,AR81,AV81,AZ81,BD81,BH81,BL81,BP81,BT81,BX81,CB81,CF81,CJ81) -> 3060 | AC81: 3500 | AD81: =K81*J81 -> 207 | AE81: =J81*44 -> 132 | AF81: =AD81-AE81 -> 75 | AG81: =AC81*AE81 -> 462000 | AH81: =L81*J81 -> 651 | AI81: =J81*135 -> 405 | AJ81: =AH81-AI81 -> 246 | AK81: =AC81*AI81 -> 1417500 | AL81: =M81*J81 -> 837 | AM81: =J81*174 -> 522 | AN81: =AL81-AM81 -> 315 | AO81: =AC81*AM81 -> 1827000 | AP81: =N81*J81 -> 651 | AQ81: =J81*135 -> 405 | AR81: =AP81-AQ81 -> 246 | AS81: =AC81*AQ81 -> 1417500 | AT81: =M81*J81 -> 837 | AU81: =J81*155 -> 465 | AV81: =AT81-AU81 -> 372 | AW81: =AU81*AC81 -> 1627500 | AX81: =P81*J81 -> 744 | AY81: =J81*155 -> 465 | AZ81: =AX81-AY81 -> 279 | BA81: =AC81*AY81 -> 1627500 | BB81: =Q81*J81 -> 837 | BC81: =J81*174 -> 522 | BD81: =BB81-BC81 -> 315 | BE81: =BC81*AC81 -> 1827000 | BF81: =R81*J81 -> 375 | BG81: =J81*78 -> 234 | BH81: =BF81-BG81 -> 141 | BI81: =BG81*AC81 -> 819000 | BJ81: =S81*J81 -> 186 | BK81: =J81*39 -> 117 | BL81: =BJ81-BK81 -> 69 | BM81: =BK81*AC81 -> 409500 | BN81: =T81*J81 -> 837 | BO81: =J81*174 -> 522 | BP81: =BN81-BO81 -> 315 | BQ81: =BO81*AC81 -> 1827000 | BR81: =U81*J81 -> 558 | BS81: =J81*116 -> 348 | BT81: =BR81-BS81 -> 210 | BU81: =BS81*AC81 -> 1218000 | BV81: =V81*J81 -> 96 | BW81: =J81*20 -> 60 | BX81: =BV81-BW81 -> 36 | BY81: =BW81*AC81 -> 210000 | BZ81: =W81*J81 -> 36 | CA81: =J81*7 -> 21 | CB81: =BZ81-CA81 -> 15 | CC81: =CA81*AC81 -> 73500 | CD81: =X81*J81 -> 558 | CE81: =J81*115 -> 345 | CF81: =CD81-CE81 -> 213 | CG81: =CE81*AC81 -> 1207500 | CH81: =Y81*J81 -> 558 | CI81: =J81*115 -> 345 | CJ81: =CH81-CI81 -> 213 | CK81: =CI81*AC81 -> 1207500
B82: ='PLAN DE NECESIDADES'!B64 -> 36 | C82: ='PLAN DE NECESIDADES'!C64 -> 4299206 | D82: ='PLAN DE NECESIDADES'!D64 -> CANDADO: AALTO 60 MM ± 5 MM ANCHO 35 MM ± 5 MM, ESPECIFICACIONES SEGÚN NORMA TÉCNICA NO. NTMD-0356 A2 ÍTEM 3.1.1.15 | E82: ='PLAN DE NECESIDADES'!E64 -> UNIDAD | F82: ='PLAN DE NECESIDADES'!F64 -> 0 | G82: ='PLAN DE NECESIDADES'!H64 -> 46171501 | H82: ='PLAN DE NECESIDADES'!I64 -> 1448704 | I82: ='PLAN DE NECESIDADES'!J64 -> 5340-80-0011396 | J82: 1 | K82: 69 | L82: 217 | M82: 279 | N82: 217 | O82: 248 | P82: 248 | Q82: 279 | R82: 125 | S82: 62 | T82: 279 | U82: 186 | V82: 32 | W82: 12 | X82: 186 | Y82: 186 | Z82: =SUM(AD82,AH82,AL82,AP82,AT82,AX82,BB82,BF82,BJ82,BN82,BR82,BV82,BZ82,CD82,CH82) -> 2656 | AA82: =SUM(AE82,AI82,AM82,AQ82,AU82,AY82,BC82,BG82,BK82,BO82,BS82,BW82,CA82,CE82,CI82) -> 1635 | AB82: =SUM(AF82,AJ82,AN82,AR82,AV82,AZ82,BD82,BH82,BL82,BP82,BT82,BX82,CB82,CF82,CJ82) -> 1021 | AC82: 5400 | AD82: =K82*J82 -> 69 | AE82: =J82*43 -> 43 | AF82: =AD82-AE82 -> 26 | AG82: =AC82*AE82 -> 232200 | AH82: =L82*J82 -> 217 | AI82: =J82*135 -> 135 | AJ82: =AH82-AI82 -> 82 | AK82: =AC82*AI82 -> 729000 | AL82: =M82*J82 -> 279 | AM82: =J82*174 -> 174 | AN82: =AL82-AM82 -> 105 | AO82: =AC82*AM82 -> 939600 | AP82: =N82*J82 -> 217 | AQ82: =J82*135 -> 135 | AR82: =AP82-AQ82 -> 82 | AS82: =AC82*AQ82 -> 729000 | AT82: =M82*J82 -> 279 | AU82: =J82*154 -> 154 | AV82: =AT82-AU82 -> 125 | AW82: =AU82*AC82 -> 831600 | AX82: =P82*J82 -> 248 | AY82: =J82*154 -> 154 | AZ82: =AX82-AY82 -> 94 | BA82: =AC82*AY82 -> 831600 | BB82: =Q82*J82 -> 279 | BC82: =J82*174 -> 174 | BD82: =BB82-BC82 -> 105 | BE82: =BC82*AC82 -> 939600 | BF82: =R82*J82 -> 125 | BG82: =J82*77 -> 77 | BH82: =BF82-BG82 -> 48 | BI82: =BG82*AC82 -> 415800 | BJ82: =S82*J82 -> 62 | BK82: =J82*39 -> 39 | BL82: =BJ82-BK82 -> 23 | BM82: =BK82*AC82 -> 210600 | BN82: =T82*J82 -> 279 | BO82: =J82*174 -> 174 | BP82: =BN82-BO82 -> 105 | BQ82: =BO82*AC82 -> 939600 | BR82: =U82*J82 -> 186 | BS82: =J82*116 -> 116 | BT82: =BR82-BS82 -> 70 | BU82: =BS82*AC82 -> 626400 | BV82: =V82*J82 -> 32 | BW82: =J82*20 -> 20 | BX82: =BV82-BW82 -> 12 | BY82: =BW82*AC82 -> 108000 | BZ82: =W82*J82 -> 12 | CA82: =J82*8 -> 8 | CB82: =BZ82-CA82 -> 4 | CC82: =CA82*AC82 -> 43200 | CD82: =X82*J82 -> 186 | CE82: =J82*117 -> 117 | CF82: =CD82-CE82 -> 69 | CG82: =CE82*AC82 -> 631800 | CH82: =Y82*J82 -> 186 | CI82: =J82*115 -> 115 | CJ82: =CH82-CI82 -> 71 | CK82: =CI82*AC82 -> 621000
B83: ='PLAN DE NECESIDADES'!B65 -> 37 | C83: ='PLAN DE NECESIDADES'!C65 -> 4291502 | D83: ='PLAN DE NECESIDADES'!D65 -> CORTA UÑAS: 80 MM DE LONGITUD ESPECIFICACIONES SEGÚN NORMA TÉCNICA NO. NTMD-0356 A2 ÍTEM 3.1.1.17 | E83: ='PLAN DE NECESIDADES'!E65 -> UNIDAD | F83: ='PLAN DE NECESIDADES'!F65 -> 0 | G83: ='PLAN DE NECESIDADES'!H65 -> 53131621 | H83: ='PLAN DE NECESIDADES'!I65 -> 1315903 | I83: ='PLAN DE NECESIDADES'!J65 -> 8530-80-0011403 | J83: 1 | K83: 69 | L83: 217 | M83: 279 | N83: 217 | O83: 248 | P83: 248 | Q83: 279 | R83: 125 | S83: 62 | T83: 279 | U83: 186 | V83: 32 | W83: 12 | X83: 186 | Y83: 186 | Z83: =SUM(AD83,AH83,AL83,AP83,AT83,AX83,BB83,BF83,BJ83,BN83,BR83,BV83,BZ83,CD83,CH83) -> 2656 | AA83: =SUM(AE83,AI83,AM83,AQ83,AU83,AY83,BC83,BG83,BK83,BO83,BS83,BW83,CA83,CE83,CI83) -> 1634 | AB83: =SUM(AF83,AJ83,AN83,AR83,AV83,AZ83,BD83,BH83,BL83,BP83,BT83,BX83,CB83,CF83,CJ83) -> 1022 | AC83: 4100 | AD83: =K83*J83 -> 69 | AE83: =J83*42 -> 42 | AF83: =AD83-AE83 -> 27 | AG83: =AC83*AE83 -> 172200 | AH83: =L83*J83 -> 217 | AI83: =J83*135 -> 135 | AJ83: =AH83-AI83 -> 82 | AK83: =AC83*AI83 -> 553500 | AL83: =M83*J83 -> 279 | AM83: =J83*174 -> 174 | AN83: =AL83-AM83 -> 105 | AO83: =AC83*AM83 -> 713400 | AP83: =N83*J83 -> 217 | AQ83: =J83*135 -> 135 | AR83: =AP83-AQ83 -> 82 | AS83: =AC83*AQ83 -> 553500 | AT83: =M83*J83 -> 279 | AU83: =J83*154 -> 154 | AV83: =AT83-AU83 -> 125 | AW83: =AU83*AC83 -> 631400 | AX83: =P83*J83 -> 248 | AY83: =J83*154 -> 154 | AZ83: =AX83-AY83 -> 94 | BA83: =AC83*AY83 -> 631400 | BB83: =Q83*J83 -> 279 | BC83: =J83*174 -> 174 | BD83: =BB83-BC83 -> 105 | BE83: =BC83*AC83 -> 713400 | BF83: =R83*J83 -> 125 | BG83: =J83*78 -> 78 | BH83: =BF83-BG83 -> 47 | BI83: =BG83*AC83 -> 319800 | BJ83: =S83*J83 -> 62 | BK83: =J83*38 -> 38 | BL83: =BJ83-BK83 -> 24 | BM83: =BK83*AC83 -> 155800 | BN83: =T83*J83 -> 279 | BO83: =J83*174 -> 174 | BP83: =BN83-BO83 -> 105 | BQ83: =BO83*AC83 -> 713400 | BR83: =U83*J83 -> 186 | BS83: =J83*117 -> 117 | BT83: =BR83-BS83 -> 69 | BU83: =BS83*AC83 -> 479700 | BV83: =V83*J83 -> 32 | BW83: =J83*19 -> 19 | BX83: =BV83-BW83 -> 13 | BY83: =BW83*AC83 -> 77900 | BZ83: =W83*J83 -> 12 | CA83: =J83*9 -> 9 | CB83: =BZ83-CA83 -> 3 | CC83: =CA83*AC83 -> 36900 | CD83: =X83*J83 -> 186 | CE83: =J83*115 -> 115 | CF83: =CD83-CE83 -> 71 | CG83: =CE83*AC83 -> 471500 | CH83: =Y83*J83 -> 186 | CI83: =J83*116 -> 116 | CJ83: =CH83-CI83 -> 70 | CK83: =CI83*AC83 -> 475600
B84: ='PLAN DE NECESIDADES'!B66 -> 38 | C84: ='PLAN DE NECESIDADES'!C66 -> 4299904 | D84: ='PLAN DE NECESIDADES'!D66 -> PLACAS DE IDENTIFICACIÓN: DEBE CONTAR CON UN ESPESOR DE 1 MM. LOS EXTREMOS SERÁN EN SEMICÍRCULO Y UNO DE ELLOS TENDRÁ UNA PERFORACIÓN DE 4 MM ±0.5 MMDE DIÁMETRO PARA LAS CADENAS. LA CADENA LARGA TENDRÁ UNA LONGITUD DE 630MM ± 10MM, Y LA CORTA, 100 MM ± 5 MM., ESPECIFICACIONES SEGÚN NORMA TÉCNICA NO. NTMD-0356 A2 ÍTEMS 3.1.2.3 | E84: ='PLAN DE NECESIDADES'!E66 -> JUEGO | F84: ='PLAN DE NECESIDADES'!F66 -> 0 | G84: ='PLAN DE NECESIDADES'!H66 -> 60101717 | H84: ='PLAN DE NECESIDADES'!I66 -> 1108870 | I84: ='PLAN DE NECESIDADES'!J66 -> 8465-80-0011304 | J84: 1 | K84: 69 | L84: 217 | M84: 279 | N84: 217 | O84: 248 | P84: 248 | Q84: 279 | R84: 125 | S84: 62 | T84: 279 | U84: 186 | V84: 32 | W84: 12 | X84: 186 | Y84: 186 | Z84: =SUM(AD84,AH84,AL84,AP84,AT84,AX84,BB84,BF84,BJ84,BN84,BR84,BV84,BZ84,CD84,CH84) -> 2656 | AA84: =SUM(AE84,AI84,AM84,AQ84,AU84,AY84,BC84,BG84,BK84,BO84,BS84,BW84,CA84,CE84,CI84) -> 1629 | AB84: =SUM(AF84,AJ84,AN84,AR84,AV84,AZ84,BD84,BH84,BL84,BP84,BT84,BX84,CB84,CF84,CJ84) -> 1027 | AC84: 11300 | AD84: =K84*J84 -> 69 | AE84: =J84*42 -> 42 | AF84: =AD84-AE84 -> 27 | AG84: =AC84*AE84 -> 474600 | AH84: =L84*J84 -> 217 | AI84: =J84*135 -> 135 | AJ84: =AH84-AI84 -> 82 | AK84: =AC84*AI84 -> 1525500 | AL84: =M84*J84 -> 279 | AM84: =J84*173 -> 173 | AN84: =AL84-AM84 -> 106 | AO84: =AC84*AM84 -> 1954900 | AP84: =N84*J84 -> 217 | AQ84: =J84*135 -> 135 | AR84: =AP84-AQ84 -> 82 | AS84: =AC84*AQ84 -> 1525500 | AT84: =M84*J84 -> 279 | AU84: =J84*154 -> 154 | AV84: =AT84-AU84 -> 125 | AW84: =AU84*AC84 -> 1740200 | AX84: =P84*J84 -> 248 | AY84: =J84*154 -> 154 | AZ84: =AX84-AY84 -> 94 | BA84: =AC84*AY84 -> 1740200 | BB84: =Q84*J84 -> 279 | BC84: =J84*173 -> 173 | BD84: =BB84-BC84 -> 106 | BE84: =BC84*AC84 -> 1954900 | BF84: =R84*J84 -> 125 | BG84: =J84*78 -> 78 | BH84: =BF84-BG84 -> 47 | BI84: =BG84*AC84 -> 881400 | BJ84: =S84*J84 -> 62 | BK84: =J84*38 -> 38 | BL84: =BJ84-BK84 -> 24 | BM84: =BK84*AC84 -> 429400 | BN84: =T84*J84 -> 279 | BO84: =J84*173 -> 173 | BP84: =BN84-BO84 -> 106 | BQ84: =BO84*AC84 -> 1954900 | BR84: =U84*J84 -> 186 | BS84: =J84*115 -> 115 | BT84: =BR84-BS84 -> 71 | BU84: =BS84*AC84 -> 1299500 | BV84: =V84*J84 -> 32 | BW84: =J84*20 -> 20 | BX84: =BV84-BW84 -> 12 | BY84: =BW84*AC84 -> 226000 | BZ84: =W84*J84 -> 12 | CA84: =J84*7 -> 7 | CB84: =BZ84-CA84 -> 5 | CC84: =CA84*AC84 -> 79100 | CD84: =X84*J84 -> 186 | CE84: =J84*116 -> 116 | CF84: =CD84-CE84 -> 70 | CG84: =CE84*AC84 -> 1310800 | CH84: =Y84*J84 -> 186 | CI84: =J84*116 -> 116 | CJ84: =CH84-CI84 -> 70 | CK84: =CI84*AC84 -> 1310800
B85: VALOR TOTAL NECESIDAD | AD85: =SUM(AG81:AG84) -> 1341000 | AH85: =SUM(AK81:AK84) -> 4225500 | AL85: =SUM(AO81:AO84) -> 5434900 | AP85: =SUM(AS81:AS84) -> 4225500 | AT85: =SUM(AW81:AW84) -> 4830700 | AX85: =SUM(BA81:BA84) -> 4830700 | BB85: =SUM(BE81:BE84) -> 5434900 | BF85: =SUM(BI81:BI84) -> 2436000 | BJ85: =SUM(BM81:BM84) -> 1205300 | BN85: =SUM(BQ81:BQ84) -> 5434900 | BR85: =SUM(BU81:BU84) -> 3623600 | BV85: =SUM(BY81:BY84) -> 621900 | BZ85: =SUM(CC81:CC84) -> 232700 | CD85: =SUM(CG81:CG84) -> 3621600 | CH85: =SUM(CK81:CK84) -> 3614900
B86: PRESUPUESTO ASIGNADO | AD86: =SUMIFS(PRESUPUESTO!$G$159:$G$173,PRESUPUESTO!$E$159:$E$173,MÍNIMAS!AD79) -> 1344689.5 | AH86: =SUMIFS(PRESUPUESTO!$G$159:$G$173,PRESUPUESTO!$E$159:$E$173,MÍNIMAS!AH79) -> 4228950.9 | AL86: =SUMIFS(PRESUPUESTO!$G$159:$G$173,PRESUPUESTO!$E$159:$E$173,MÍNIMAS!AL79) -> 5437222.6 | AP86: =SUMIFS(PRESUPUESTO!$G$159:$G$173,PRESUPUESTO!$E$159:$E$173,MÍNIMAS!AP79) -> 4228950.9 | AT86: =SUMIFS(PRESUPUESTO!$G$159:$G$173,PRESUPUESTO!$E$159:$E$173,MÍNIMAS!AT79) -> 4833086.7 | AX86: =SUMIFS(PRESUPUESTO!$G$159:$G$173,PRESUPUESTO!$E$159:$E$173,MÍNIMAS!AX79) -> 4833086.7 | BB86: =SUMIFS(PRESUPUESTO!$G$159:$G$173,PRESUPUESTO!$E$159:$E$173,MÍNIMAS!BB79) -> 5437222.6 | BF86: =SUMIFS(PRESUPUESTO!$G$159:$G$173,PRESUPUESTO!$E$159:$E$173,MÍNIMAS!BF79) -> 2436031.6 | BJ86: =SUMIFS(PRESUPUESTO!$G$159:$G$173,PRESUPUESTO!$E$159:$E$173,MÍNIMAS!BJ79) -> 1208271.7 | BN86: =SUMIFS(PRESUPUESTO!$G$159:$G$173,PRESUPUESTO!$E$159:$E$173,MÍNIMAS!BN79) -> 5437222.6 | BR86: =SUMIFS(PRESUPUESTO!$G$159:$G$173,PRESUPUESTO!$E$159:$E$173,MÍNIMAS!BR79) -> 3624815 | BV86: =SUMIFS(PRESUPUESTO!$G$159:$G$173,PRESUPUESTO!$E$159:$E$173,MÍNIMAS!BV79) -> 623624.09 | BZ86: =SUMIFS(PRESUPUESTO!$G$159:$G$173,PRESUPUESTO!$E$159:$E$173,MÍNIMAS!BZ79) -> 233859.04 | CD86: =SUMIFS(PRESUPUESTO!$G$159:$G$173,PRESUPUESTO!$E$159:$E$173,MÍNIMAS!CD79) -> 3624815 | CH86: =SUMIFS(PRESUPUESTO!$G$159:$G$173,PRESUPUESTO!$E$159:$E$173,MÍNIMAS!CH79) -> 3624815 | CL86: =SUM(AD86:CK86) -> 51156664
B87: SALDO | AD87: =AD86-AD85 -> 3689.4537 | AH87: =AH86-AH85 -> 3450.8907 | AL87: =AL86-AL85 -> 2322.5737 | AP87: =AP86-AP85 -> 3450.8907 | AT87: =AT86-AT85 -> 2386.7322 | AX87: =AX86-AX85 -> 2386.7322 | BB87: =BB86-BB85 -> 2322.5737 | BF87: =BF86-BF85 -> 31.619048 | BJ87: =BJ86-BJ85 -> 2971.683 | BN87: =BN86-BN85 -> 2322.5737 | BR87: =BR86-BR85 -> 1215.0491 | BV87: =BV86-BV85 -> 1724.0945 | BZ87: =BZ86-BZ85 -> 1159.0354 | CD87: =CD86-CD85 -> 3215.0491 | CH87: =CH86-CH85 -> 9915.0491
AD89: =SUM(AD85,AD74,AD63,AD53,AD39,AD29,AD17) -> 11456500 | AH89: =SUM(AH85,AH74,AH63,AH53,AH39,AH29,AH17) -> 36070200 | AL89: =SUM(AL85,AL74,AL63,AL53,AL39,AL29,AL17) -> 46383600 | AP89: =SUM(AP85,AP74,AP63,AP53,AP39,AP29,AP17) -> 36068000 | AT89: =SUM(AT85,AT74,AT63,AT53,AT39,AT29,AT17) -> 41226700 | AX89: =SUM(AX85,AX74,AX63,AX53,AX39,AX29,AX17) -> 41228100 | BB89: =SUM(BB85,BB74,BB63,BB53,BB39,BB29,BB17) -> 46383800 | BF89: =SUM(BF85,BF74,BF63,BF53,BF39,BF29,BF17) -> 20776800 | BJ89: =SUM(BJ85,BJ74,BJ63,BJ53,BJ39,BJ29,BJ17) -> 10297000 | BN89: =SUM(BN85,BN74,BN63,BN53,BN39,BN29,BN17) -> 46381700 | BR89: =SUM(BR85,BR74,BR63,BR53,BR39,BR29,BR17) -> 30921400 | BV89: =SUM(BV85,BV74,BV63,BV53,BV39,BV29,BV17) -> 5309300 | BZ89: =SUM(BZ85,BZ74,BZ63,BZ53,BZ39,BZ29,BZ17) -> 1988800 | CD89: =SUM(CD85,CD74,CD63,CD53,CD39,CD29,CD17) -> 30919400 | CH89: =SUM(CH85,CH74,CH63,CH53,CH39,CH29,CH17) -> 30911900 | CL89: =SUM(AD89:CK89) -> 436323200
AD90: =SUM(AD86,AD75,AD64,AD54,AD40,AD30,AD18) -> 11472958 | AH90: =SUM(AH86,AH75,AH64,AH54,AH40,AH30,AH18) -> 36081623 | AL90: =SUM(AL86,AL75,AL64,AL54,AL40,AL30,AL18) -> 46390658 | AP90: =SUM(AP86,AP75,AP64,AP54,AP40,AP30,AP18) -> 36081623 | AT90: =SUM(AT86,AT75,AT64,AT54,AT40,AT30,AT18) -> 41236140 | AX90: =SUM(AX86,AX75,AX64,AX54,AX40,AX30,AX18) -> 41236140 | BB90: =SUM(BB86,BB75,BB64,BB54,BB40,BB30,BB18) -> 46390658 | BF90: =SUM(BF86,BF75,BF64,BF54,BF40,BF30,BF18) -> 20784345 | BJ90: =SUM(BJ86,BJ75,BJ64,BJ54,BJ40,BJ30,BJ18) -> 10309035 | BN90: =SUM(BN86,BN75,BN64,BN54,BN40,BN30,BN18) -> 46390658 | BR90: =SUM(BR86,BR75,BR64,BR54,BR40,BR30,BR18) -> 30927105 | BV90: =SUM(BV86,BV75,BV64,BV54,BV40,BV30,BV18) -> 5320792.3 | BZ90: =SUM(BZ86,BZ75,BZ64,BZ54,BZ40,BZ30,BZ18) -> 1995297.1 | CD90: =SUM(CD86,CD75,CD64,CD54,CD40,CD30,CD18) -> 30927105 | CH90: =SUM(CH86,CH75,CH64,CH54,CH40,CH30,CH18) -> 30927105 | CL90: =SUM(AD90:CK90) -> 4.3647124e+08
AD91: =SUM(AD87,AD76,AD65,AD55,AD41,AD31,AD19) -> 16458.414 | AH91: =SUM(AH87,AH76,AH65,AH55,AH41,AH31,AH19) -> 11422.837 | AL91: =SUM(AL87,AL76,AL65,AL55,AL41,AL31,AL19) -> 7057.9337 | AP91: =SUM(AP87,AP76,AP65,AP55,AP41,AP31,AP19) -> 13622.837 | AT91: =SUM(AT87,AT76,AT65,AT55,AT41,AT31,AT19) -> 9440.3855 | AX91: =SUM(AX87,AX76,AX65,AX55,AX41,AX31,AX19) -> 8040.3855 | BB91: =SUM(BB87,BB76,BB65,BB55,BB41,BB31,BB19) -> 6857.9337 | BF91: =SUM(BF87,BF76,BF65,BF55,BF41,BF31,BF19) -> 7544.9524 | BJ91: =SUM(BJ87,BJ76,BJ65,BJ55,BJ41,BJ31,BJ19) -> 12035.096 | BN91: =SUM(BN87,BN76,BN65,BN55,BN41,BN31,BN19) -> 8957.9337 | BR91: =SUM(BR87,BR76,BR65,BR55,BR41,BR31,BR19) -> 5705.2891 | BV91: =SUM(BV87,BV76,BV65,BV55,BV41,BV31,BV19) -> 11492.308 | BZ91: =SUM(BZ87,BZ76,BZ65,BZ55,BZ41,BZ31,BZ19) -> 6497.1154 | CD91: =SUM(CD87,CD76,CD65,CD55,CD41,CD31,CD19) -> 7705.2891 | CH91: =SUM(CH87,CH76,CH65,CH55,CH41,CH31,CH19) -> 15205.289 | CL91: =SUM(AD91:CK91) -> 148044

Sheet LIMITANTES
B2: ÍTEM | C2: CÓDIGO DANE | D2: DESCRIPCIÓN DEL BIEN Y/O SERVICIO | E2: UNIDAD MEDIDA | F2: NECESIDAD TOTAL | G2: PROYECTADO A ADQUIRIR | I2: LIMITACIÓN
G3: CANT. | H3: % | I3: CANT. | J3: %
B4: =MÍNIMAS!B2 -> A-02-02-01-002-007 ARTÍCULOS TEXTILES (EXCEPTO PRENDAS DE VESTIR)
B5: =MÍNIMAS!B5 -> 1 | C5: =MÍNIMAS!C5 -> 2791301 | D5: =MÍNIMAS!D5 -> PARCHE DE IDENTIFICACIÓN PERSONAL: ESPECIFICACIONES TÉCNICAS DE ACUERDO NORMA TÉCNICA KIT DE DOTACIÓN NO. NTMD-0356 - A2 | E5: =MÍNIMAS!E5 -> UNIDAD | F5: =MÍNIMAS!Z5 -> 10624 | G5: =MÍNIMAS!AA5 -> 5080 | H5: =G5/F5 -> 0.47816265 | I5: =MÍNIMAS!AB5 -> 5544 | J5: =I5/F5 -> 0.52183735
B6: =MÍNIMAS!B6 -> 2 | C6: =MÍNIMAS!C6 -> 2791301 | D6: =MÍNIMAS!D6 -> PARCHE DE EJÉRCITO: ESPECIFICACIONES TÉCNICAS DE ACUERDO A LA NORMA TÉCNICA KIT DE DOTACIÓN. NO. NTMD-0356 - A2. | E6: =MÍNIMAS!E6 -> UNIDAD | F6: =MÍNIMAS!Z6 -> 5312 | G6: =MÍNIMAS!AA6 -> 2538 | H6: =G6/F6 -> 0.47778614 | I6: =MÍNIMAS!AB6 -> 2774 | J6: =I6/F6 -> 0.52221386
B7: =MÍNIMAS!B7 -> 3 | C7: =MÍNIMAS!C7 -> 2791301 | D7: =MÍNIMAS!D7 -> PARCHES DE LA UNIDAD SUPERIOR Y SUBALTERNA: ESPECIFICACIONES TÉCNICAS DE ACUERDO A LA NORMA TÉCNICA KIT DE DOTACIÓN N°. NTMD-0356 - A2. | E7: =MÍNIMAS!E7 -> UNIDAD | F7: =MÍNIMAS!Z7 -> 10624 | G7: =MÍNIMAS!AA7 -> 5076 | H7: =G7/F7 -> 0.47778614 | I7: =MÍNIMAS!AB7 -> 5548 | J7: =I7/F7 -> 0.52221386
B8: =MÍNIMAS!B8 -> 4 | C8: =MÍNIMAS!C8 -> 2791301 | D8: =MÍNIMAS!D8 -> BANDERA DE IDENTIFICACIÓN COLOMBIA: PARA UNIFORME DE COMBATE CAMUFLADO TIPO SELVA "CAMALEÓN" ESPECIFICACIONES TÉCNICAS DE ACUERDO AL BOLETÍN N°.001 ESTANDARIZACIÓN DE LA BANDERA DE IDENTIFICACIÓN EMPLEADA EN EL UNIFORME Nº4 Y 4A DEL PATRÓN DE CAMUFLAJE TERRESTRE "CAMALEÓN". | E8: =MÍNIMAS!E8 -> UNIDAD | F8: =MÍNIMAS!Z8 -> 5312 | G8: =MÍNIMAS!AA8 -> 2536 | H8: =G8/F8 -> 0.47740964 | I8: =MÍNIMAS!AB8 -> 2776 | J8: =I8/F8 -> 0.52259036
B9: =MÍNIMAS!B9 -> 5 | C9: =MÍNIMAS!C9 -> 2791301 | D9: =MÍNIMAS!D9 -> PARCHE PARA IDENTIFICACIÓN GRUPO SANGUÍNEO: ESPECIFICACIONES TÉCNICAS DE ACUERDO A LA NORMA TÉCNICA KIT DE DOTACIÓN N°. NTMD-0356 - A2. | E9: =MÍNIMAS!E9 -> UNIDAD | F9: =MÍNIMAS!Z9 -> 5312 | G9: =MÍNIMAS!AA9 -> 2534 | H9: =G9/F9 -> 0.47703313 | I9: =MÍNIMAS!AB9 -> 2778 | J9: =I9/F9 -> 0.52296687
B10: =MÍNIMAS!B10 -> 6 | C10: =MÍNIMAS!C10 -> 2791301 | D10: =MÍNIMAS!D10 -> INSIGNIA DEL GRADO SOLDADO: ESPECIFICACIONES TÉCNICAS DE ACUERDO A LA NORMA TÉCNICA KIT DE DOTACIÓN N°. NTMD-0356 - A2. | E10: =MÍNIMAS!E10 -> JUEGO | F10: =MÍNIMAS!Z10 -> 5312 | G10: =MÍNIMAS!AA10 -> 2534 | H10: =G10/F10 -> 0.47703313 | I10: =MÍNIMAS!AB10 -> 2778 | J10: =I10/F10 -> 0.52296687
B11: =MÍNIMAS!B11 -> 7 | C11: =MÍNIMAS!C11 -> 2791301 | D11: =MÍNIMAS!D11 -> BRAZALETES TÁCTICOS X JUEGO DE 4: ESPECIFICACIONES TÉCNICAS DE ACUERDO A LA NORMA TÉCNICA KIT DE DOTACIÓN N°. NTMD-0356 - A2. | E11: =MÍNIMAS!E11 -> JUEGO | F11: =MÍNIMAS!Z11 -> 2656 | G11: =MÍNIMAS!AA11 -> 1260 | H11: =G11/F11 -> 0.47439759 | I11: =MÍNIMAS!AB11 -> 1396 | J11: =I11/F11 -> 0.52560241
B12: =MÍNIMAS!B12 -> 8 | C12: =MÍNIMAS!C12 -> 2791301 | D12: =MÍNIMAS!D12 -> OJOS DE GATO: ESPECIFICACIONES TÉCNICAS DE ACUERDO A LA NORMA TÉCNICA KIT DE DOTACIÓN N°. NTMD-0356 - A2. | E12: =MÍNIMAS!E12 -> UNIDAD | F12: =MÍNIMAS!Z12 -> 5312 | G12: =MÍNIMAS!AA12 -> 2534 | H12: =G12/F12 -> 0.47703313 | I12: =MÍNIMAS!AB12 -> 2778 | J12: =I12/F12 -> 0.52296687
B13: =MÍNIMAS!B13 -> 9 | C13: =MÍNIMAS!C13 -> 2792201 | D13: =MÍNIMAS!D13 -> LIGAS PARA BOTA MANGA PANTALÓN CAMUFLADO: ESPECIFICACIONES TÉCNICAS DE ACUERDO A LA NORMA TÉCNICA KIT DE DOTACIÓN N°. NTMD-0356 - A2. | E13: =MÍNIMAS!E13 -> PAR | F13: =MÍNIMAS!Z13 -> 2656 | G13: =MÍNIMAS!AA13 -> 1258 | H13: =G13/F13 -> 0.47364458 | I13: =MÍNIMAS!AB13 -> 1398 | J13: =I13/F13 -> 0.52635542
B14: =MÍNIMAS!B14 -> 10 | C14: =MÍNIMAS!C14 -> 2712007 | D14: =MÍNIMAS!D14 -> PAÑUELO: ESPECIFICACIONES TÉCNICAS DE ACUERDO A LA NORMA TÉCNICA KIT DE DOTACIÓN N°. NTMD-0356 - A2. | E14: =MÍNIMAS!E14 -> UNIDAD | F14: =MÍNIMAS!Z14 -> 5312 | G14: =MÍNIMAS!AA14 -> 2532 | H14: =G14/F14 -> 0.47665663 | I14: =MÍNIMAS!AB14 -> 2780 | J14: =I14/F14 -> 0.52334337
B15: =MÍNIMAS!B15 -> 11 | C15: =MÍNIMAS!C15 -> 2799701 | D15: =MÍNIMAS!D15 -> BOLSO PARA ÚTILES DE ASEO: ESPECIFICACIONES TÉCNICAS DE ACUERDO A LA NORMA TÉCNICA KIT DE DOTACIÓN N°. NTMD-0356 - A2. | E15: =MÍNIMAS!E15 -> UNIDAD | F15: =MÍNIMAS!Z15 -> 2656 | G15: =MÍNIMAS!AA15 -> 1262 | H15: =G15/F15 -> 0.4751506 | I15: =MÍNIMAS!AB15 -> 1394 | J15: =I15/F15 -> 0.5248494
B16: =MÍNIMAS!B16 -> 12 | C16: =MÍNIMAS!C16 -> 2732099 | D16: =MÍNIMAS!D16 -> MALLA PARA CABELLO COLOR NEGRO DE ACUERDO A ESPECIFICACIONES TÉCNICAS JEMPP-CEDE4-DIETE-ET-04937/INT-0 | E16: =MÍNIMAS!E16 -> UNIDAD | F16: =MÍNIMAS!Z16 -> 125 | G16: =MÍNIMAS!AA16 -> 58 | H16: =G16/F16 -> 0.464 | I16: =MÍNIMAS!AB16 -> 67 | J16: =I16/F16 -> 0.536
B17: =MÍNIMAS!B21 -> A-02-02-01-002-008 DOTACIÓN (PRENDAS DE VESTIR Y CALZADO)
B18: =MÍNIMAS!B24 -> 13 | C18: =MÍNIMAS!C24 -> 2821001 | D18: =MÍNIMAS!D24 -> CALCETÍN COLOR BLANCO PARA DEPORTES: EL CALCETÍN DEBE SER ELABORADO EN POLIAMIDA CON TEJIDO ACANALADO 3X1 PARA LA PARTE DE LA CAÑA Y PARA EL PIE, CON UN TEJIDO TIPO TERRY EN EL INTERIOR Y PUEDE SER EN FIBRA ANTIBACTERIAL DESDE LA PARTE ALTA DEL TALÓN, LA PLANTA DEL PIE, LA PUNTERA Y SU ANILLO. EL CALCETÍN LLEVA UNA BANDA ELÁSTICA TEJIDA EN EL CONTORNO DEL ARCO DE LA PLANTA Y EMPEINE PARA EVITAR QUE EL CALCETÍN SE DESLICE, ESPECIFICACIONES SEGÚN NORMA TÉCNICA NO. NTMD-0356 A2 DE ACUERDO A ÍTEM 3.1.2.7 | E18: =MÍNIMAS!E24 -> PAR | F18: =MÍNIMAS!Z24 -> 2656 | G18: =MÍNIMAS!AA24 -> 1957 | H18: =G18/F18 -> 0.73682229 | I18: =MÍNIMAS!AB24 -> 699 | J18: =I18/F18 -> 0.26317771
B19: =MÍNIMAS!B25 -> 14 | C19: =MÍNIMAS!C25 -> 2823601 | D19: =MÍNIMAS!D25 -> UNIFORME DE DEPORTES COMPLETO (CAMISETA Y PANTALONETA): DE ACUERDO A NORMA TÉCNICA NO. NTMD-0356 A2 DE ACUERDO A ÍTEM 3.1.2.7 FIGURA ILUSTRATIVA 37 | E19: =MÍNIMAS!E25 -> UNIDAD | F19: =MÍNIMAS!Z25 -> 2656 | G19: =MÍNIMAS!AA25 -> 1944 | H19: =G19/F19 -> 0.73192771 | I19: =MÍNIMAS!AB25 -> 712 | J19: =I19/F19 -> 0.26807229
B20: =MÍNIMAS!B26 -> 15 | C20: =MÍNIMAS!C26 -> 2819003 | D20: =MÍNIMAS!D26 -> CHANCLAS PARA BAÑO: PUEDEN ESTAR FABRICADAS EN CAUCHO, PVC (POLÍMERO DE CLORURO DE VINILO) O EN EVA (ETILENVINILACETATO), EN UNA SOLO PIEZA POR PROCESO DE INYECCIÓN CON MATERIALES NO RECICLADOS Y QUE NO GENEREN ALERGIAS O CUALQUIER OTRO TIPO DE ENFERMEDAD AL USUARIO POR SU USO NORMAL, SEGÚN NORMA TÉCNICA NO. NTMD-0356 A2 ÍTEM 3.1.1.20 | E20: =MÍNIMAS!E26 -> PAR | F20: =MÍNIMAS!Z26 -> 2656 | G20: =MÍNIMAS!AA26 -> 1961 | H20: =G20/F20 -> 0.73832831 | I20: =MÍNIMAS!AB26 -> 695 | J20: =I20/F20 -> 0.26167169
B21: =MÍNIMAS!B27 -> 16 | C21: =MÍNIMAS!C27 -> 2823603 | D21: =MÍNIMAS!D27 -> BICICLETERO NEGRO CORTO: DE ACUERDO A ESPECIFICACIONES TÉCNICAS ESPECIFICACIONES TÉCNICAS NO JEMPP-CEDE4-DIETE-ET05595/INT-0 | E21: =MÍNIMAS!E27 -> UNIDAD | F21: =MÍNIMAS!Z27 -> 125 | G21: =MÍNIMAS!AA27 -> 41 | H21: =G21/F21 -> 0.328 | I21: =MÍNIMAS!AB27 -> 84 | J21: =I21/F21 -> 0.672
B22: =MÍNIMAS!B28 -> 17 | C22: =MÍNIMAS!C28 -> 2822401 | D22: =MÍNIMAS!D28 -> JUEGO DE ROPA INTERIOR (TOP-CACHETERO) DE ACUERDO A ESPECIFICACIONES TÉCNICAS N° JEMPP-CEDE4-DIETE-ET05573/INT-01 | E22: =MÍNIMAS!E28 -> UNIDAD | F22: =MÍNIMAS!Z28 -> 125 | G22: =MÍNIMAS!AA28 -> 41 | H22: =G22/F22 -> 0.328 | I22: =MÍNIMAS!AB28 -> 84 | J22: =I22/F22 -> 0.672
B23: A-02-02-01-003-003 PRODUCTOS DE HORNOS DE COQUE; PRODUCTOS DE REFINACIÓN DE PETROLEO Y COMBUSTIBLE NUCLEAR
B24: =MÍNIMAS!B36 -> 18 | C24: =MÍNIMAS!C36 -> 3270109 | D24: =MÍNIMAS!D36 -> CUADERNO PARA ESCRITURA: DEBE SER COSIDO, GRAPADO O ARGOLLADO CON PASTA PLASTIFICADA DURA O BLANDA DE MÍNIMO 100 HOJAS DE COLOR BLANCO, ESPECIFICACIONES SEGÚN NORMA TÉCNICA N°. NTMD-0356 A2 ÍTEM 3.1.1.18 | E24: =MÍNIMAS!E36 -> UNIDAD | F24: =MÍNIMAS!Z36 -> 2656 | G24: =MÍNIMAS!AA36 -> 1443 | H24: =G24/F24 -> 0.54329819 | I24: =MÍNIMAS!AB36 -> 1213 | J24: =I24/F24 -> 0.45670181
B25: =MÍNIMAS!B37 -> 19 | C25: =MÍNIMAS!C37 -> 3219302 | D25: =MÍNIMAS!D37 -> PAPEL HIGIÉNICO TRIPLE HOJA: PRESENTACIÓN DE ROLLO TRIPLE HOJA CON UNA LONGITUD MÍNIMA DE 35 METROS, COLOR BLANCO, ABSORBENTE, RESISTENTE, SUAVE Y EMPACADO INDIVIDUALMENTE DE TAL MANERA QUE SUS CONDICIONES NO SE AFECTEN HASTA LLEGAR AL USUARIO FINA ESPECIFICACIONES SEGÚN NORMA TÉCNICA NO. NTMD-0356 A2 ÍTEM 3.1.1.10 | E25: =MÍNIMAS!E37 -> UNIDAD | F25: =MÍNIMAS!Z37 -> 5312 | G25: =MÍNIMAS!AA37 -> 2858 | H25: =G25/F25 -> 0.53802711 | I25: =MÍNIMAS!AB37 -> 2454 | J25: =I25/F25 -> 0.46197289
B26: =MÍNIMAS!B38 -> 20 | C26: =MÍNIMAS!C38 -> 3219308 | D26: =MÍNIMAS!D38 -> TOALLAS HIGIÉNICAS MUJER CON ALAS: ESPECIFICACIONES DE ACUERDO A NTC-3604 | E26: =MÍNIMAS!E38 -> PAQUETE | F26: =MÍNIMAS!Z38 -> 125 | G26: =MÍNIMAS!AA38 -> 34 | H26: =G26/F26 -> 0.272 | I26: =MÍNIMAS!AB38 -> 91 | J26: =I26/F26 -> 0.728
B27: =MÍNIMAS!B43 -> A-02-02-01-003-005 OTROS PRODUCTOS QUÍMICOS; FIBRAS ARTIFICIALES (O FIBRAS INDUSTRIALES HECHAS POR EL HOMBRE)
B28: =MÍNIMAS!B46 -> 21 | C28: =MÍNIMAS!C46 -> 3533301 | D28: =MÍNIMAS!D46 -> BETÚN: NEGRO 125 GRAMOS ESPECIFICACIONES SEGÚN NORMA TÉCNICA NO. NTMD-0356 A2 ÍTEM 3.1.1.14 | E28: =MÍNIMAS!E46 -> UNIDAD | F28: =MÍNIMAS!Z46 -> 2718 | G28: =MÍNIMAS!AA46 -> 1440 | H28: =G28/F28 -> 0.52980132 | I28: =MÍNIMAS!AB46 -> 1278 | J28: =I28/F28 -> 0.47019868
B29: =MÍNIMAS!B47 -> 22 | C29: =MÍNIMAS!C47 -> 3532315 | D29: =MÍNIMAS!D47 -> TALCOS PARA PIES : DE 85 GRAMOS ESPECIFICACIONES SEGÚN NORMA TÉCNICA NO. NTMD-0356 A2 ÍTEM 3.1.1.6 | E29: =MÍNIMAS!E47 -> UNIDAD | F29: =MÍNIMAS!Z47 -> 2718 | G29: =MÍNIMAS!AA47 -> 1439 | H29: =G29/F29 -> 0.52943341 | I29: =MÍNIMAS!AB47 -> 1279 | J29: =I29/F29 -> 0.47056659
B30: =MÍNIMAS!B48 -> 23 | C30: =MÍNIMAS!C48 -> 3532308 | D30: =MÍNIMAS!D48 -> CREMA DENTAL: DE 100 ML ESPECIFICACIONES SEGÚN NORMA TÉCNICA NO. NTMD-0356 A2 ÍTEM 3.1.1.3 | E30: =MÍNIMAS!E48 -> UNIDAD | F30: =MÍNIMAS!Z48 -> 2718 | G30: =MÍNIMAS!AA48 -> 1438 | H30: =G30/F30 -> 0.52906549 | I30: =MÍNIMAS!AB48 -> 1280 | J30: =I30/F30 -> 0.47093451
B31: =MÍNIMAS!B49 -> 24 | C31: =MÍNIMAS!C49 -> 3532324 | D31: =MÍNIMAS!D49 -> DESODORANTE ANTITRASPIRANTE: ESPECIFICACIONES TÉCNICAS DE ACUERDO A LA NORMA TÉCNICA KIT DE DOTACIÓN NO. NTMD-0356 A2 ÍTEM 3.1.1.7 | E31: =MÍNIMAS!E49 -> UNIDAD | F31: =MÍNIMAS!Z49 -> 2718 | G31: =MÍNIMAS!AA49 -> 1440 | H31: =G31/F31 -> 0.52980132 | I31: =MÍNIMAS!AB49 -> 1278 | J31: =I31/F31 -> 0.47019868
B32: =MÍNIMAS!B50 -> 25 | C32: =MÍNIMAS!C50 -> 3532324 | D32: =MÍNIMAS!D50 -> DESODORANTE ANTITRANSPIRANTE PARA MUJER: DE 80 GRAMOS, ESPECIFICACIONES SEGÚN NORMA TÉCNICA NO. NTMD-0356 A2 ÍTEM 3.1.1.7 | E32: =MÍNIMAS!E50 -> UNIDAD | F32: =MÍNIMAS!Z50 -> 125 | G32: =MÍNIMAS!AA50 -> 58 | H32: =G32/F32 -> 0.464 | I32: =MÍNIMAS!AB50 -> 67 | J32: =I32/F32 -> 0.536
B33: =MÍNIMAS!B51 -> 26 | C33: =MÍNIMAS!C51 -> 3532105 | D33: =MÍNIMAS!D51 -> JABÓN DE BAÑO ANTIBACTERIAL 130 GRAMOS: ESPECIFICACIONES SEGÚN NORMA TÉCNICA NO. NTMD-0356 A2 ÍTEM 3.1.1.8 | E33: =MÍNIMAS!E51 -> UNIDAD | F33: =MÍNIMAS!Z51 -> 5312 | G33: =MÍNIMAS!AA51 -> 2882 | H33: =G33/F33 -> 0.54254518 | I33: =MÍNIMAS!AB51 -> 2430 | J33: =I33/F33 -> 0.45745482
B34: =MÍNIMAS!B52 -> 27 | C34: =MÍNIMAS!C52 -> 3532101 | D34: =MÍNIMAS!D52 -> JABÓN PARA LAVAR ROPA: DE 300 GRAMOS, ESPECIFICACIONES SEGÚN NORMA TÉCNICA NO. NTMD-0356 A2 ÍTEM 3.1.1.13 | E34: =MÍNIMAS!E52 -> UNIDAD | F34: =MÍNIMAS!Z52 -> 2656 | G34: =MÍNIMAS!AA52 -> 1447 | H34: =G34/F34 -> 0.54480422 | I34: =MÍNIMAS!AB52 -> 1209 | J34: =I34/F34 -> 0.45519578
B35: =MÍNIMAS!B57 -> A-02-02-01-003-006 PRODUCTOS DE CAUCHO Y PLÁSTICO | C35: =#REF! -> #REF! | D35: =#REF! -> #REF! | E35: =#REF! -> #REF! | F35: =#REF! -> #REF! | G35: =SUM(MÍNIMAS!AE53,MÍNIMAS!AI53,MÍNIMAS!AM53,MÍNIMAS!AQ53,MÍNIMAS!AU53,MÍNIMAS!AY53,MÍNIMAS!BC53,MÍNIMAS!BG53,MÍNIMAS!BK53,MÍNIMAS!BO53,MÍNIMAS!BS53,MÍNIMAS!BW53,MÍNIMAS!CA53,MÍNIMAS!CE53,MÍNIMAS!CI53,MÍNIMAS!#REF!,MÍNIMAS!#REF!,MÍNIMAS!#REF!,MÍNIMAS!#REF!,MÍNIMAS!#REF!,MÍNIMAS!#REF!,MÍNIMAS!#REF!,MÍNIMAS!#REF!,MÍNIMAS!#REF!,MÍNIMAS!#REF!,MÍNIMAS!#REF!,MÍNIMAS!#REF!,MÍNIMAS!#REF!) -> #REF! | H35: =G35/F35 -> #REF! | I35: =SUM(MÍNIMAS!#REF!,MÍNIMAS!#REF!,MÍNIMAS!#REF!,MÍNIMAS!#REF!,MÍNIMAS!#REF!,MÍNIMAS!#REF!,MÍNIMAS!#REF!,MÍNIMAS!#REF!,MÍNIMAS!#REF!,MÍNIMAS!#REF!,MÍNIMAS!#REF!,MÍNIMAS!#REF!,MÍNIMAS!#REF!,MÍNIMAS!CJ53,MÍNIMAS!CF53,MÍNIMAS!CB53,MÍNIMAS!BX53,MÍNIMAS!BT53,MÍNIMAS!BP53,MÍNIMAS!BL53,MÍNIMAS!BH53,MÍNIMAS!BD53,MÍNIMAS!AZ53,MÍNIMAS!AV53,MÍNIMAS!AR53,MÍNIMAS!AN53,MÍNIMAS!AJ53,MÍNIMAS!AF53) -> #REF! | J35: =I35/F35 -> #REF!
B36: =MÍNIMAS!B60 -> 28 | C36: =MÍNIMAS!C60 -> 3699056 | D36: =MÍNIMAS!D60 -> PROTECTORES AUDITIVOS: DEBEN SER PRES MOLDEADOS DE TIPO TAPÓN, SE DEBEN AJUSTAR AL CANAL AUDITIVO DE CASI TODAS LAS PERSONAS. DEBEN LLEVAR TRIPLE REBORDE CON DISEÑO DE FÁCIL INSERCIÓN: ESPECIFICACIONES SEGÚN NORMA TÉCNICA NO. NTMD-0356 A2 ÍTEM 3.1.1.1 | E36: =MÍNIMAS!E60 -> UNIDAD | F36: =MÍNIMAS!Z60 -> 2656 | G36: =MÍNIMAS!AA60 -> 1805 | H36: =G36/F36 -> 0.67959337 | I36: =MÍNIMAS!AB60 -> 851 | J36: =I36/F36 -> 0.32040663
B37: =MÍNIMAS!B61 -> 29 | C37: =MÍNIMAS!C61 -> 3694006 | D37: =MÍNIMAS!D61 -> JABONERA: PLÁSTICA CAPACIDAD JABÓN 130 GRAMOS ESPECIFICACIONES SEGÚN NORMA TÉCNICA NO. NTMD-0356 A2 ÍTEM 3.1.1.9 | E37: =MÍNIMAS!E61 -> UNIDAD | F37: =MÍNIMAS!Z61 -> 2656 | G37: =MÍNIMAS!AA61 -> 1812 | H37: =G37/F37 -> 0.68222892 | I37: =MÍNIMAS!AB61 -> 844 | J37: =I37/F37 -> 0.31777108
B38: =MÍNIMAS!B62 -> 30 | C38: =MÍNIMAS!C62 -> 3649006 | D38: =MÍNIMAS!D62 -> PORTA CEPILLO DE DIENTES: ELABORADO EN PLÁSTICO ESPECIFICACIONES SEGÚN NORMA TÉCNICA NO. NTMD-0356 A2 ÍTEM 3.1.1.11 | E38: =MÍNIMAS!E62 -> UNIDAD | F38: =MÍNIMAS!Z62 -> 2656 | G38: =MÍNIMAS!AA62 -> 1807 | H38: =G38/F38 -> 0.68034639 | I38: =MÍNIMAS!AB62 -> 849 | J38: =I38/F38 -> 0.31965361
B39: =MÍNIMAS!B67 -> A-02-02-01-003-008 OTROS BIENES TRANSPORTABLES N.C.P. | C39: =#REF! -> #REF! | D39: =#REF! -> #REF! | E39: =#REF! -> #REF! | F39: =#REF! -> #REF! | G39: =SUM(MÍNIMAS!#REF!,MÍNIMAS!#REF!,MÍNIMAS!#REF!,MÍNIMAS!#REF!,MÍNIMAS!#REF!,MÍNIMAS!#REF!,MÍNIMAS!#REF!,MÍNIMAS!#REF!,MÍNIMAS!#REF!,MÍNIMAS!#REF!,MÍNIMAS!#REF!,MÍNIMAS!#REF!,MÍNIMAS!#REF!,MÍNIMAS!#REF!,MÍNIMAS!#REF!,MÍNIMAS!#REF!,MÍNIMAS!#REF!,MÍNIMAS!#REF!,MÍNIMAS!#REF!,MÍNIMAS!#REF!,MÍNIMAS!#REF!,MÍNIMAS!#REF!,MÍNIMAS!#REF!,MÍNIMAS!#REF!,MÍNIMAS!#REF!,MÍNIMAS!#REF!,MÍNIMAS!#REF!,MÍNIMAS!#REF!) -> #REF! | H39: =G39/F39 -> #REF! | I39: =SUM(MÍNIMAS!#REF!,MÍNIMAS!#REF!,MÍNIMAS!#REF!,MÍNIMAS!#REF!,MÍNIMAS!#REF!,MÍNIMAS!#REF!,MÍNIMAS!#REF!,MÍNIMAS!#REF!,MÍNIMAS!#REF!,MÍNIMAS!#REF!,MÍNIMAS!#REF!,MÍNIMAS!#REF!,MÍNIMAS!#REF!,MÍNIMAS!#REF!,MÍNIMAS!#REF!,MÍNIMAS!#REF!,MÍNIMAS!#REF!,MÍNIMAS!#REF!,MÍNIMAS!#REF!,MÍNIMAS!#REF!,MÍNIMAS!#REF!,MÍNIMAS!#REF!,MÍNIMAS!#REF!,MÍNIMAS!#REF!,MÍNIMAS!#REF!,MÍNIMAS!#REF!,MÍNIMAS!#REF!,MÍNIMAS!#REF!) -> #REF! | J39: =I39/F39 -> #REF!
B40: =MÍNIMAS!B70 -> 31 | C40: =MÍNIMAS!C70 -> 3899307 | D40: =MÍNIMAS!D70 -> CEPILLO DENTAL (DUREZA CERDAS MEDIA O SUAVE): DEBE ESTAR CONFORMADO POR UNA CABEZA QUE CONTENGA CONJUNTOS DE PENACHOS COMPUESTOS POR CERDAS UNIDAS FUERTEMENTE Y UN MANGO PARA SER OPERADO MANUALMENTE. SUS SUPERFICIES DEBEN TENER APARIENCIA UNIFORME ESPECIFICACIONES SEGÚN NORMA TÉCNICA N°. NTMD-0356 A2 ÍTEM 3.1.1.2 | E40: =MÍNIMAS!E70 -> UNIDAD | F40: =MÍNIMAS!Z70 -> 2656 | G40: =MÍNIMAS!AA70 -> 1532 | H40: =G40/F40 -> 0.57680723 | I40: =MÍNIMAS!AB70 -> 1124 | J40: =I40/F40 -> 0.42319277
B41: =MÍNIMAS!B71 -> 32 | C41: =MÍNIMAS!C71 -> 3899402 | D41: =MÍNIMAS!D71 -> PEINILLA: (LARGO: 120 MM ± 5 MM; ALTO: 28 MM ± 5 MM), ESPECIFICACIONES SEGÚN NORMA TÉCNICA NO. NTMD-0356 A2 ÍTEM 3.1.1.12 | E41: =MÍNIMAS!E71 -> UNIDAD | F41: =MÍNIMAS!Z71 -> 2656 | G41: =MÍNIMAS!AA71 -> 1529 | H41: =G41/F41 -> 0.57567771 | I41: =MÍNIMAS!AB71 -> 1127 | J41: =I41/F41 -> 0.42432229
B42: =MÍNIMAS!B72 -> 33 | C42: =MÍNIMAS!C72 -> 3899306 | D42: =MÍNIMAS!D72 -> CEPILLOS GRANDE Y PEQUEÑO PARA BRILLAR CALZADO: DEBE ESTAR CONFORMADO POR UN MANGO Y UNA BASE, SOBRE LA CUAL SE FIJAN LAS CERDAS, APTOS PARA LIMPIAR, LAVAR, BRILLAR O BARRER, ESPECIFICACIONES SEGÚN NORMA TÉCNICA NO. NTMD-0356 A2 ÍTEM 3.1.1.16 | E42: =MÍNIMAS!E72 -> UNIDAD | F42: =MÍNIMAS!Z72 -> 2656 | G42: =MÍNIMAS!AA72 -> 1525 | H42: =G42/F42 -> 0.57417169 | I42: =MÍNIMAS!AB72 -> 1131 | J42: =I42/F42 -> 0.42582831
B43: =MÍNIMAS!B73 -> 34 | C43: =MÍNIMAS!C73 -> 3891103 | D43: =MÍNIMAS!D73 -> LAPICERO: (14 CM DE LONGITUD Y 7 MM DE DIÁMETRO), ESPECIFICACIONES SEGÚN NORMA TÉCNICA NO. NTMD-0356 A2 ÍTEM 3.1.1.19 | E43: =MÍNIMAS!E73 -> UNIDAD | F43: =MÍNIMAS!Z73 -> 2656 | G43: =MÍNIMAS!AA73 -> 1525 | H43: =G43/F43 -> 0.57417169 | I43: =MÍNIMAS!AB73 -> 1131 | J43: =I43/F43 -> 0.42582831
B44: =MÍNIMAS!B78 -> A-02-02-01-004-002 PRODUCTOS METÁLICOS ELABORADOS (EXCEPTO MAQUINARIA Y EQUIPO) | C44: =#REF! -> #REF! | D44: =#REF! -> #REF! | E44: =#REF! -> #REF! | F44: =#REF! -> #REF! | G44: =SUM(MÍNIMAS!#REF!,MÍNIMAS!#REF!,MÍNIMAS!#REF!,MÍNIMAS!#REF!,MÍNIMAS!#REF!,MÍNIMAS!#REF!,MÍNIMAS!#REF!,MÍNIMAS!#REF!,MÍNIMAS!#REF!,MÍNIMAS!#REF!,MÍNIMAS!#REF!,MÍNIMAS!#REF!,MÍNIMAS!#REF!,MÍNIMAS!#REF!,MÍNIMAS!#REF!,MÍNIMAS!#REF!,MÍNIMAS!#REF!,MÍNIMAS!#REF!,MÍNIMAS!#REF!,MÍNIMAS!#REF!,MÍNIMAS!#REF!,MÍNIMAS!#REF!,MÍNIMAS!#REF!,MÍNIMAS!#REF!,MÍNIMAS!#REF!,MÍNIMAS!#REF!,MÍNIMAS!#REF!,MÍNIMAS!#REF!) -> #REF! | H44: =G44/F44 -> #REF! | I44: =SUM(MÍNIMAS!#REF!,MÍNIMAS!#REF!,MÍNIMAS!#REF!,MÍNIMAS!#REF!,MÍNIMAS!#REF!,MÍNIMAS!#REF!,MÍNIMAS!#REF!,MÍNIMAS!#REF!,MÍNIMAS!#REF!,MÍNIMAS!#REF!,MÍNIMAS!#REF!,MÍNIMAS!#REF!,MÍNIMAS!#REF!,MÍNIMAS!#REF!,MÍNIMAS!#REF!,MÍNIMAS!#REF!,MÍNIMAS!#REF!,MÍNIMAS!#REF!,MÍNIMAS!#REF!,MÍNIMAS!#REF!,MÍNIMAS!#REF!,MÍNIMAS!#REF!,MÍNIMAS!#REF!,MÍNIMAS!#REF!,MÍNIMAS!#REF!,MÍNIMAS!#REF!,MÍNIMAS!#REF!,MÍNIMAS!#REF!) -> #REF! | J44: =I44/F44 -> #REF!
B45: =MÍNIMAS!B81 -> 35 | C45: =MÍNIMAS!C81 -> 4291403 | D45: =MÍNIMAS!D81 -> MAQUINA PARA AFEITAR: DESECHABLE, MÍNIMO TRIPLE HOJA, DEBE TENER BANDA LUBRICANTE ESPECIFICACIONES SEGÚN NORMA TÉCNICA NO. NTMD-0356 A2 ÍTEM 3.1.1.4 | E45: =MÍNIMAS!E81 -> UNIDAD | F45: =MÍNIMAS!Z81 -> 7968 | G45: =MÍNIMAS!AA81 -> 4908 | H45: =G45/F45 -> 0.61596386 | I45: =MÍNIMAS!AB81 -> 3060 | J45: =I45/F45 -> 0.38403614
A46: + | B46: =MÍNIMAS!B82 -> 36 | C46: =MÍNIMAS!C82 -> 4299206 | D46: =MÍNIMAS!D82 -> CANDADO: AALTO 60 MM ± 5 MM ANCHO 35 MM ± 5 MM, ESPECIFICACIONES SEGÚN NORMA TÉCNICA NO. NTMD-0356 A2 ÍTEM 3.1.1.15 | E46: =MÍNIMAS!E82 -> UNIDAD | F46: =MÍNIMAS!Z82 -> 2656 | G46: =MÍNIMAS!AA82 -> 1635 | H46: =G46/F46 -> 0.61558735 | I46: =MÍNIMAS!AB82 -> 1021 | J46: =I46/F46 -> 0.38441265
B47: =MÍNIMAS!B83 -> 37 | C47: =MÍNIMAS!C83 -> 4291502 | D47: =MÍNIMAS!D83 -> CORTA UÑAS: 80 MM DE LONGITUD ESPECIFICACIONES SEGÚN NORMA TÉCNICA NO. NTMD-0356 A2 ÍTEM 3.1.1.17 | E47: =MÍNIMAS!E83 -> UNIDAD | F47: =MÍNIMAS!Z83 -> 2656 | G47: =MÍNIMAS!AA83 -> 1634 | H47: =G47/F47 -> 0.61521084 | I47: =MÍNIMAS!AB83 -> 1022 | J47: =I47/F47 -> 0.38478916
B48: =MÍNIMAS!B84 -> 38 | C48: =MÍNIMAS!C84 -> 4299904 | D48: =MÍNIMAS!D84 -> PLACAS DE IDENTIFICACIÓN: DEBE CONTAR CON UN ESPESOR DE 1 MM. LOS EXTREMOS SERÁN EN SEMICÍRCULO Y UNO DE ELLOS TENDRÁ UNA PERFORACIÓN DE 4 MM ±0.5 MMDE DIÁMETRO PARA LAS CADENAS. LA CADENA LARGA TENDRÁ UNA LONGITUD DE 630MM ± 10MM, Y LA CORTA, 100 MM ± 5 MM., ESPECIFICACIONES SEGÚN NORMA TÉCNICA NO. NTMD-0356 A2 ÍTEMS 3.1.2.3 | E48: =MÍNIMAS!E84 -> JUEGO | F48: =MÍNIMAS!Z84 -> 2656 | G48: =MÍNIMAS!AA84 -> 1629 | H48: =G48/F48 -> 0.61332831 | I48: =MÍNIMAS!AB84 -> 1027 | J48: =I48/F48 -> 0.38667169
